Workbook
Name CMO_Asset_Sale_Yr: Ingredients!$D$78
Name Pct_JV: Ingredients!$D$79
Name Ratio_Biomass: Ingredients!#REF!
Name Ratio_Biomass_Initial: Ingredients!#REF!
Name Ratio_Biomass_Test: Ingredients!#REF!
Name Selected_Option: #REF!
Name TaxLossOption: #REF!

Sheet Assumptions
B1: Series E Assumptions
B2: Updated on 05/10/2022
B4: Production Assumptions - Refer to "Ingredients" Tab
B6: 1 | C6: Production numbers based on a combination of CMOs, Project Pele, and Project Eureka
B7: =B6+1 -> 2 | C7: Investments into production capacity through 2026 include $150m for CMOs, $175m ($75m for acquisition and $100m for capacity expansion) for Project Eureka, and $377m (initial $280m with a $97m expansion) for Project Pele
B8: =B7+1 -> 3 | C8: Strain development continues to make strong strides. Currently at 50-55 g/l, expected to grow to 70g/l by 2026
C10: Project Pele
B11: =B8+1 -> 4 | C11: Own plant build expected to give us control on our own capacity in the US, expected to come online in 2nd half 2025
B12: =B11+1 -> 5 | C12: Assumed LGB capacity for plant includes an initial 6k MT with an expansion to 9k MT in 2026
B13: =B12+1 -> 6 | C13: Plan to have production from 8 fermentors by 2028 with a further $75m investment
B14: =B13+1 -> 7 | C14: Fully loaded cost of goods anticipated to be $12/kg in 2025 and $9/kg in 2026 based on estimates developed by operations team
B15: =B14+1 -> 8 | C15: In house project engineering team developing site selection, costing, headcount and FEED (front end engineering design)
B16: =B15+1 -> 9 | C16: 25% decrease in cost/kg expected to be driven by efficiencies in overheads plus increase in titer plus process optimization
B17: =B16+1 -> 10 | C17: Potential commodity price fluctuations expected to be hedged to protect pricing of raw ingredients (Corn, Glucose etc.)
B18: =B17+1 -> 11 | C18: Logistics costs will be minimal as sourcing locally. Estimated at 10-20c/kg and included in cost/kg calculation. Customer pick up anticipated with ex works inco terms with customers
C20: CMO Production
B21: =B18+1 -> 12 | C21: CMO reliance on capacity through 2024 but onus on improved production quantities via investment and building internal know-how
B22: =B21+1 -> 13 | C22: 2022 capacity locked in with goals set at CMO to produce proteins.
B23: =B22+1 -> 14 | C23: Evonik assumed to be increasing production capacity based on increasing in titer and process optimization
B24: =B23+1 -> 15 | C24: Olon assumed to be increasing production capacity based on increased in fermentation and DSP capacity over 2022-2024 plus increase in titer and process optimization
B25: =B24+1 -> 16 | C25: Investments totaling $150m (2022 and 2023) in Olon expected to drive Olon as strategic partner beyond 2025
B26: =B25+1 -> 17 | C26: PD owned equipment exclusivity beyond 2025 signed up with Olon to protect investment
C28: Project Eureka
B29: =B26+1 -> 18 | C29: Acquisition expected to be finalized by the end of 2022
B30: =B29+1 -> 19 | C30: Assuming 2 year construction period for LGB capacity expansion for a total capacity of 6k MT by 2026
B31: =B30+1 -> 20 | C31: Will continue to produce pharmaceutical-grade products at facilities
B33: Business P&L's
C35: Brand Business (refer to tabs "Finance & Exec Summary" & "Key Input Drivers")
B36: =B31+1 -> 21 | C36: Introduction of new brands is assumed to drive revenue growth of with introduction over multiple categories.
B37: =B36+1 -> 22 | C37: Anticipated Brand growth driven by conservative assumptions of entry into stores, regions and velocities on skus.
B38: =B37+1 -> 23 | C38: Brand business expected to drive a weighted c.60% of total annual revenue from 2021 to 2025, with bandings ranging from 52% to 70%
B39: =B38+1 -> 24 | C39: Anticipation to launch new brands national and international across multiple categories and sectors
B40: =B39+1 -> 25 | C40: Milk, Creamer, Yogurt and Sports Nutrition expected to contribute c.60% of total brand revenue by 2025
B41: =B40+1 -> 26 | C41: In house R&D accelerated development in food platforms in 2021. Expected to continue to provide offerings to develop market.
B42: =B41+1 -> 27 | C42: A combination of focused marketing and sampling for 2022 & 2023 expected to drive increased consumer awareness in animal free dairy across all categories
B43: =B42+1 -> 28 | C43: Other brand overheads to include new hires to support growth both national and international. 2021 accounts for 26 with potential increase to 164 in line growth projections and targets across all categories
B44: =B43+1 -> 29 | C44: GM % growth from 2021 to 2025 driven by assumed reduction in production cost (see assumption #9) and overheads rather than price increase to consumer to ensure competiveness within the market across all categories
B45: =B44+1 -> 30 | C45: Variance in EBITA in 21-23 primarly driven by marketing awareness expenditure with expectation return to normal levels from 2024 onwards
B46: =B45+1 -> 31 | C46: Revenue growth and profitability assumed to be realized 2024 onwards due to expansion of product portfolio, channels and market penetration in key categories
C48: B2B ingredients (refer to tabs "Finance & Exec Summary" & "Key Input Drivers")
B49: =B46+1 -> 32 | C49: B2B offerings driven by working with key significant players (ref #34) in the market GM % raising to 46% by 2025 as we gain efficiencies in production and increase offerings to the market
B50: =B49+1 -> 33 | C50: Key player updates: Starbucks expected to launch in test market in 2021 while Kraft willing to back cream cheese market offering
B51: =B50+1 -> 34 | C51: Fats, Protein Sweetners and LAA/Infant Proteins expected to come online in 2023 and 2024 as R&D develop proteins
B52: =B51+1 -> 35 | C52: Nick's and Graeter's launched in 2021 and have been successful in market placements along with DTC sales'
B53: =B52+1 -> 36 | C53: Overheads include significant spends in R&D, manufacturing, admin and marketing ($400m across 2021 to 2025)
B54: =B53+1 -> 37 | C54: From 2021- 2025 expansion of globalized resourcing network across in US, Europe and Asia in line with target expansion in associated markets
B55: =B54+1 -> 38 | C55: B2B business assumptions based on ingredient sales to market players and average prices to be premium plus vs. dairy market. Expected to be slight premium to dairy market by 2025
B56: =B55+1 -> 39 | C56: For B2B portfolio vs brand in order to increase sales and cost competiveness an assumed target price of $10/kg is required to drive volume to the market
B57: =B56+1 -> 40 | C57: Milk Proteins means all commodity protein (LGB, Casein)
C59: Scaleable Bio-Foundry (refer to tabs "Finance & Exec Summary" & "Key Input Drivers")
B60: =B57+1 -> 41 | C60: For SBF P&L, revenue growth based on expansion of operations into pharma and biotech sectors based attractiveness of technologies used and expansion of production capacity
B61: =B60+1 -> 42 | C61: In comparsion to other P&L's, SBF expected to maintain 20% EBITA margins as we pass on all costs of production to customer base w/margin. Based on insight, limited risk with this strategy
B62: =B61+1 -> 43 | C62: Customers expected to include pharmaceutical companies such as BMS. Biotech companies include Clara Foods, Solugen, ADM and Geltor who are existing customers than can be further developed
B63: =B62+1 -> 44 | C63: Currently SBF are working with all of these customers and they have expressed desire to grow with us as we look for expansion
B64: =B63+1 -> 45 | C64: Potential to licence our IP on animal free milk protein to new companies who are developing in this area. No specific revenue projections included in this analysis.
C66: Working Capital Assumptions (refer to tab "Detailed BS & CF")
B67: =B64+1 -> 46 | C67: Stock at 45 days holding
B68: =B67+1 -> 47 | C68: Debtors at 22 days holding
B69: =B68+1 -> 48 | C69: Creditors at 40 days holding
C71: Other Casflow assumptions (refer to tabs "Detailed BS & CF", "Cash Projections" and "Debt capital projections")
B72: =B69+1 -> 49 | C72: Debt financing to support production expansions at varing rates and durations as outlined on the "debt capital projections" tab
B73: =B72+1 -> 50 | C73: Assumed total series D investment $300m for 2021
B74: =B73+1 -> 51 | C74: Further raise in 2024 of $400m anticipated based on analysis completed and assumptions outlined above

Sheet Presentation
C4: Revenue | D4: 2022 | E4: 2023 | F4: 2024 | G4: 2025 | H4: 2026 | I4: 2027 | J4: 2028 | K4: 2029 | L4: 2030 | M4: 2031
C5: Ingredients | D5: ='PD Global'!#REF!/1000 -> #REF! | E5: ='PD Global'!C24/1000 -> 9.3728638 | F5: ='PD Global'!D24/1000 -> 20.764603 | G5: ='PD Global'!E24/1000 -> 62.4257 | H5: ='PD Global'!F24/1000 -> 218.96346 | I5: ='PD Global'!G24/1000 -> 435.91955 | J5: ='PD Global'!H24/1000 -> 487.45343 | K5: ='PD Global'!I24/1000 -> 523.77685 | L5: ='PD Global'!J24/1000 -> 539.39329 | M5: ='PD Global'!K24/1000 -> 542.42754
C6: TUC | D6: ='PD Global'!#REF!/1000 -> #REF! | E6: ='PD Global'!C35/1000 -> 10.768 | F6: ='PD Global'!D35/1000 -> 3.8782 | G6: ='PD Global'!E35/1000 -> 1.6893638 | H6: ='PD Global'!F35/1000 -> 0 | I6: ='PD Global'!G35/1000 -> 0 | J6: ='PD Global'!H35/1000 -> 0 | K6: ='PD Global'!I35/1000 -> 0 | L6: ='PD Global'!J35/1000 -> 0 | M6: ='PD Global'!K35/1000 -> 0
C7: TUC Intl | D7: =('PD Global'!#REF! + 'PD Global'!#REF!) / 1000 -> #REF! | E7: =('PD Global'!C37 + 'PD Global'!C36) / 1000 -> 0 | F7: =('PD Global'!D37 + 'PD Global'!D36) / 1000 -> 0 | G7: =('PD Global'!E37 + 'PD Global'!E36) / 1000 -> 0 | H7: =('PD Global'!F37 + 'PD Global'!F36) / 1000 -> 0 | I7: =('PD Global'!G37 + 'PD Global'!G36) / 1000 -> 0 | J7: =('PD Global'!H37 + 'PD Global'!H36) / 1000 -> 0 | K7: =('PD Global'!I37 + 'PD Global'!I36) / 1000 -> 0 | L7: =('PD Global'!J37 + 'PD Global'!J36) / 1000 -> 0 | M7: =('PD Global'!K37 + 'PD Global'!K36) / 1000 -> 0
C8: Nth Bio | D8: ='PD Global'!#REF! / 1000 -> #REF! | E8: ='PD Global'!C38 / 1000 -> 5.4 | F8: ='PD Global'!D38 / 1000 -> 12.924 | G8: ='PD Global'!E38 / 1000 -> 22.31005 | H8: ='PD Global'!F38 / 1000 -> 43.807395 | I8: ='PD Global'!G38 / 1000 -> 46.072765 | J8: ='PD Global'!H38 / 1000 -> 48.773903 | K8: ='PD Global'!I38 / 1000 -> 51.414348 | L8: ='PD Global'!J38 / 1000 -> 54.547341 | M8: ='PD Global'!K38 / 1000 -> 57.690665
D9: =SUM(D5:D8) -> #REF! | E9: =SUM(E5:E8) -> 25.540864 | F9: =SUM(F5:F8) -> 37.566803 | G9: =SUM(G5:G8) -> 86.425114 | H9: =SUM(H5:H8) -> 262.77085 | I9: =SUM(I5:I8) -> 481.99232 | J9: =SUM(J5:J8) -> 536.22733 | K9: =SUM(K5:K8) -> 575.1912 | ... M9: =SUM(M5:M8) -> 600.1182
C35: LGB Volume | D35: =D4 -> 2022 | E35: =E4 -> 2023 | F35: =F4 -> 2024 | G35: =G4 -> 2025 | H35: =H4 -> 2026 | I35: =I4 -> 2027 | J35: =J4 -> 2028 | K35: =K4 -> 2029 | ... M35: =M4 -> 2031
C36: Pele | D36: =Ingredients!D9+Ingredients!O9 -> 0 | E36: =Ingredients!E9+Ingredients!P9 -> 0 | F36: =Ingredients!F9+Ingredients!Q9 -> 0 | G36: =Ingredients!G9+Ingredients!R9 -> 2519.286 | H36: =Ingredients!H9+Ingredients!S9 -> 7197.96 | I36: =Ingredients!I9+Ingredients!T9 -> 10197.96 | J36: =Ingredients!J9+Ingredients!U9 -> 12197.96 | K36: =Ingredients!K9+Ingredients!V9 -> 12197.96 | ... M36: =Ingredients!M9+Ingredients!X9 -> 12197.96
C37: Diego | D37: =Ingredients!D13+Ingredients!O13 -> 0 | E37: =Ingredients!E13+Ingredients!P13 -> 0 | F37: =Ingredients!F13+Ingredients!Q13 -> 0 | G37: =Ingredients!G13+Ingredients!R13 -> 0 | H37: =Ingredients!H13+Ingredients!S13 -> 2687.2384 | I37: =Ingredients!I13+Ingredients!T13 -> 7677.824 | J37: =Ingredients!J13+Ingredients!U13 -> 7677.824 | K37: =Ingredients!K13+Ingredients!V13 -> 7677.824 | ... M37: =Ingredients!M13+Ingredients!X13 -> 7677.824
C38: Vege | D38: =Ingredients!D17+Ingredients!O17 -> 0 | E38: =Ingredients!E17+Ingredients!P17 -> 0 | F38: =Ingredients!F17+Ingredients!Q17 -> 0 | G38: =Ingredients!G17+Ingredients!R17 -> 0 | H38: =Ingredients!H17+Ingredients!S17 -> 2687.2384 | I38: =Ingredients!I17+Ingredients!T17 -> 7677.824 | J38: =Ingredients!J17+Ingredients!U17 -> 7677.824 | K38: =Ingredients!K17+Ingredients!V17 -> 7677.824 | ... M38: =Ingredients!M17+Ingredients!X17 -> 7677.824
C39: SBL | D39: =Ingredients!D30+Ingredients!O30 -> 0 | E39: =Ingredients!E30+Ingredients!P30 -> 230 | F39: =Ingredients!F30+Ingredients!Q30 -> 890 | G39: =Ingredients!G30+Ingredients!R30 -> 1020 | H39: =Ingredients!H30+Ingredients!S30 -> 1020 | I39: =Ingredients!I30+Ingredients!T30 -> 0 | J39: =Ingredients!J30+Ingredients!U30 -> 0 | K39: =Ingredients!K30+Ingredients!V30 -> 0 | ... M39: =Ingredients!M30+Ingredients!X30 -> 0
C40: CMOs | D40: =Ingredients!D22+Ingredients!D26+Ingredients!O22+Ingredients!O26 -> 0 | E40: =Ingredients!E22+Ingredients!E26+Ingredients!P22+Ingredients!P26 -> 314 | F40: =Ingredients!F22+Ingredients!F26+Ingredients!Q22+Ingredients!Q26 -> 418 | G40: =Ingredients!G22+Ingredients!G26+Ingredients!R22+Ingredients!R26 -> 300 | H40: =Ingredients!H22+Ingredients!H26+Ingredients!S22+Ingredients!S26 -> 300 | I40: =Ingredients!I22+Ingredients!I26+Ingredients!T22+Ingredients!T26 -> 0 | J40: =Ingredients!J22+Ingredients!J26+Ingredients!U22+Ingredients!U26 -> 0 | K40: =Ingredients!K22+Ingredients!K26+Ingredients!V22+Ingredients!V26 -> 0 | ... M40: =Ingredients!M22+Ingredients!M26+Ingredients!X22+Ingredients!X26 -> 0
D41: =SUM(D36:D40) -> 0 | E41: =SUM(E36:E40) -> 544 | F41: =SUM(F36:F40) -> 1308 | G41: =SUM(G36:G40) -> 3839.286 | H41: =SUM(H36:H40) -> 13892.437 | I41: =SUM(I36:I40) -> 25553.608 | J41: =SUM(J36:J40) -> 27553.608 | K41: =SUM(K36:K40) -> 27553.608 | ... M41: =SUM(M36:M40) -> 27553.608

Sheet PD Global
B1: PD Global
B5: (in 000's) | C5: 2023 | D5: =C5+1 -> 2024 | E5: =D5+1 -> 2025 | F5: =E5+1 -> 2026 | G5: =F5+1 -> 2027 | H5: =G5+1 -> 2028 | I5: =H5+1 -> 2029 | J5: =I5+1 -> 2030 | K5: =J5+1 -> 2031 | M5: Comments
B7: Ingredient Production Volume (in MT)
B8: LGB | C8: =SUM(C9:C10) -> 544 | D8: =SUM(D9:D10) -> 1308 | E8: =SUM(E9:E10) -> 3839.286 | F8: =SUM(F9:F10) -> 13892.437 | G8: =SUM(G9:G10) -> 25553.608 | H8: =SUM(H9:H10) -> 27553.608 | I8: =SUM(I9:I10) -> 27553.608 | J8: =SUM(J9:J10) -> 27553.608 | K8: =SUM(K9:K10) -> 27553.608
B9: LGB Grade A | C9: =_xlfn.XLOOKUP(C$5, Ingredients!$D$5:$M$5, Ingredients!$D$38:$M$38, 0) -> 544 | D9: =_xlfn.XLOOKUP(D$5, Ingredients!$D$5:$M$5, Ingredients!$D$38:$M$38, 0) -> 1308 | E9: =_xlfn.XLOOKUP(E$5, Ingredients!$D$5:$M$5, Ingredients!$D$38:$M$38, 0) -> 1949.8215 | F9: =_xlfn.XLOOKUP(F$5, Ingredients!$D$5:$M$5, Ingredients!$D$38:$M$38, 0) -> 3791.2996 | G9: =_xlfn.XLOOKUP(G$5, Ingredients!$D$5:$M$5, Ingredients!$D$38:$M$38, 0) -> 4468.946 | H9: =_xlfn.XLOOKUP(H$5, Ingredients!$D$5:$M$5, Ingredients!$D$38:$M$38, 0) -> 4968.946 | I9: =_xlfn.XLOOKUP(I$5, Ingredients!$D$5:$M$5, Ingredients!$D$38:$M$38, 0) -> 4968.946 | J9: =_xlfn.XLOOKUP(J$5, Ingredients!$D$5:$M$5, Ingredients!$D$38:$M$38, 0) -> 4968.946 | K9: =_xlfn.XLOOKUP(K$5, Ingredients!$D$5:$M$5, Ingredients!$D$38:$M$38, 0) -> 4968.946
B10: LGB Grade B | C10: =_xlfn.XLOOKUP(C$5, Ingredients!$O$5:$X$5, Ingredients!$O$38:$X$38, 0) -> 0 | D10: =_xlfn.XLOOKUP(D$5, Ingredients!$O$5:$X$5, Ingredients!$O$38:$X$38, 0) -> 0 | E10: =_xlfn.XLOOKUP(E$5, Ingredients!$O$5:$X$5, Ingredients!$O$38:$X$38, 0) -> 1889.4645 | F10: =_xlfn.XLOOKUP(F$5, Ingredients!$O$5:$X$5, Ingredients!$O$38:$X$38, 0) -> 10101.137 | G10: =_xlfn.XLOOKUP(G$5, Ingredients!$O$5:$X$5, Ingredients!$O$38:$X$38, 0) -> 21084.662 | H10: =_xlfn.XLOOKUP(H$5, Ingredients!$O$5:$X$5, Ingredients!$O$38:$X$38, 0) -> 22584.662 | I10: =_xlfn.XLOOKUP(I$5, Ingredients!$O$5:$X$5, Ingredients!$O$38:$X$38, 0) -> 22584.662 | J10: =_xlfn.XLOOKUP(J$5, Ingredients!$O$5:$X$5, Ingredients!$O$38:$X$38, 0) -> 22584.662 | K10: =_xlfn.XLOOKUP(K$5, Ingredients!$O$5:$X$5, Ingredients!$O$38:$X$38, 0) -> 22584.662
B11: Biomass | C11: =_xlfn.XLOOKUP(C$5, Ingredients!$Z$5:$AI$5, Ingredients!$Z$38:$AI$38, 0) -> 0 | D11: =_xlfn.XLOOKUP(D$5, Ingredients!$Z$5:$AI$5, Ingredients!$Z$38:$AI$38, 0) -> 0 | E11: =_xlfn.XLOOKUP(E$5, Ingredients!$Z$5:$AI$5, Ingredients!$Z$38:$AI$38, 0) -> 4282.7862 | F11: =_xlfn.XLOOKUP(F$5, Ingredients!$Z$5:$AI$5, Ingredients!$Z$38:$AI$38, 0) -> 21373.143 | G11: =_xlfn.XLOOKUP(G$5, Ingredients!$Z$5:$AI$5, Ingredients!$Z$38:$AI$38, 0) -> 43441.134 | H11: =_xlfn.XLOOKUP(H$5, Ingredients!$Z$5:$AI$5, Ingredients!$Z$38:$AI$38, 0) -> 46841.134 | I11: =_xlfn.XLOOKUP(I$5, Ingredients!$Z$5:$AI$5, Ingredients!$Z$38:$AI$38, 0) -> 46841.134 | J11: =_xlfn.XLOOKUP(J$5, Ingredients!$Z$5:$AI$5, Ingredients!$Z$38:$AI$38, 0) -> 46841.134 | K11: =_xlfn.XLOOKUP(K$5, Ingredients!$Z$5:$AI$5, Ingredients!$Z$38:$AI$38, 0) -> 46841.134
B12: Brazzein | C12: =_xlfn.XLOOKUP(C$5, Ingredients!$AK$5:$AT$5, Ingredients!$AK$38:$AT$38, 0) -> 0 | D12: =_xlfn.XLOOKUP(D$5, Ingredients!$AK$5:$AT$5, Ingredients!$AK$38:$AT$38, 0) -> 0 | E12: =_xlfn.XLOOKUP(E$5, Ingredients!$AK$5:$AT$5, Ingredients!$AK$38:$AT$38, 0) -> 0.7 | F12: =_xlfn.XLOOKUP(F$5, Ingredients!$AK$5:$AT$5, Ingredients!$AK$38:$AT$38, 0) -> 4 | G12: =_xlfn.XLOOKUP(G$5, Ingredients!$AK$5:$AT$5, Ingredients!$AK$38:$AT$38, 0) -> 20 | H12: =_xlfn.XLOOKUP(H$5, Ingredients!$AK$5:$AT$5, Ingredients!$AK$38:$AT$38, 0) -> 30 | I12: =_xlfn.XLOOKUP(I$5, Ingredients!$AK$5:$AT$5, Ingredients!$AK$38:$AT$38, 0) -> 45 | J12: =_xlfn.XLOOKUP(J$5, Ingredients!$AK$5:$AT$5, Ingredients!$AK$38:$AT$38, 0) -> 67.5 | K12: =_xlfn.XLOOKUP(K$5, Ingredients!$AK$5:$AT$5, Ingredients!$AK$38:$AT$38, 0) -> 70.875
B13: LAA | C13: =_xlfn.XLOOKUP(C$5, Ingredients!$AV$5:$BE$5, Ingredients!$AV$38:$BE$38, 0) -> 0 | D13: =_xlfn.XLOOKUP(D$5, Ingredients!$AV$5:$BE$5, Ingredients!$AV$38:$BE$38, 0) -> 0 | E13: =_xlfn.XLOOKUP(E$5, Ingredients!$AV$5:$BE$5, Ingredients!$AV$38:$BE$38, 0) -> 0 | F13: =_xlfn.XLOOKUP(F$5, Ingredients!$AV$5:$BE$5, Ingredients!$AV$38:$BE$38, 0) -> 0 | G13: =_xlfn.XLOOKUP(G$5, Ingredients!$AV$5:$BE$5, Ingredients!$AV$38:$BE$38, 0) -> 400 | H13: =_xlfn.XLOOKUP(H$5, Ingredients!$AV$5:$BE$5, Ingredients!$AV$38:$BE$38, 0) -> 1150 | I13: =_xlfn.XLOOKUP(I$5, Ingredients!$AV$5:$BE$5, Ingredients!$AV$38:$BE$38, 0) -> 1750 | J13: =_xlfn.XLOOKUP(J$5, Ingredients!$AV$5:$BE$5, Ingredients!$AV$38:$BE$38, 0) -> 2050 | K13: =_xlfn.XLOOKUP(K$5, Ingredients!$AV$5:$BE$5, Ingredients!$AV$38:$BE$38, 0) -> 2152.5
B15: Ingredient Sales Volume (in MT)
B16: LGB | C16: =SUM(C17:C18) -> 437.57534 | D16: =SUM(D17:D18) -> 1122.411 | E16: =SUM(E17:E18) -> 3550.2488 | F16: =SUM(F17:F18) -> 13348.163 | G16: =SUM(G17:G18) -> 25471.784 | H16: =SUM(H17:H18) -> 27471.416 | I16: =SUM(I17:I18) -> 27553.608 | J16: =SUM(J17:J18) -> 27553.608 | K16: =SUM(K17:K18) -> 27553.608
B17: LGB Grade A | C17: =_xlfn.XLOOKUP(C$5, Ingredients!$D$5:$M$5, Ingredients!$D$42:$M$42, 0) -> 437.57534 | D17: =_xlfn.XLOOKUP(D$5, Ingredients!$D$5:$M$5, Ingredients!$D$42:$M$42, 0) -> 1122.411 | E17: =_xlfn.XLOOKUP(E$5, Ingredients!$D$5:$M$5, Ingredients!$D$42:$M$42, 0) -> 1896.0827 | F17: =_xlfn.XLOOKUP(F$5, Ingredients!$D$5:$M$5, Ingredients!$D$42:$M$42, 0) -> 3728.3688 | G17: =_xlfn.XLOOKUP(G$5, Ingredients!$D$5:$M$5, Ingredients!$D$42:$M$42, 0) -> 4616.974 | H17: =_xlfn.XLOOKUP(H$5, Ingredients!$D$5:$M$5, Ingredients!$D$42:$M$42, 0) -> 4948.3981 | I17: =_xlfn.XLOOKUP(I$5, Ingredients!$D$5:$M$5, Ingredients!$D$42:$M$42, 0) -> 4968.946 | J17: =_xlfn.XLOOKUP(J$5, Ingredients!$D$5:$M$5, Ingredients!$D$42:$M$42, 0) -> 4968.946 | K17: =_xlfn.XLOOKUP(K$5, Ingredients!$D$5:$M$5, Ingredients!$D$42:$M$42, 0) -> 4968.946
B18: LGB Grade B | C18: =_xlfn.XLOOKUP(C$5, Ingredients!$O$5:$X$5, Ingredients!$O$42:$X$42, 0) -> 0 | D18: =_xlfn.XLOOKUP(D$5, Ingredients!$O$5:$X$5, Ingredients!$O$42:$X$42, 0) -> 0 | E18: =_xlfn.XLOOKUP(E$5, Ingredients!$O$5:$X$5, Ingredients!$O$42:$X$42, 0) -> 1654.166 | F18: =_xlfn.XLOOKUP(F$5, Ingredients!$O$5:$X$5, Ingredients!$O$42:$X$42, 0) -> 9619.7942 | G18: =_xlfn.XLOOKUP(G$5, Ingredients!$O$5:$X$5, Ingredients!$O$42:$X$42, 0) -> 20854.811 | H18: =_xlfn.XLOOKUP(H$5, Ingredients!$O$5:$X$5, Ingredients!$O$42:$X$42, 0) -> 22523.018 | I18: =_xlfn.XLOOKUP(I$5, Ingredients!$O$5:$X$5, Ingredients!$O$42:$X$42, 0) -> 22584.662 | J18: =_xlfn.XLOOKUP(J$5, Ingredients!$O$5:$X$5, Ingredients!$O$42:$X$42, 0) -> 22584.662 | K18: =_xlfn.XLOOKUP(K$5, Ingredients!$O$5:$X$5, Ingredients!$O$42:$X$42, 0) -> 22584.662
B19: Biomass | C19: =_xlfn.XLOOKUP(C$5, Ingredients!$Z$5:$AI$5, Ingredients!$Z$42:$AI$42, 0) -> 0 | D19: =_xlfn.XLOOKUP(D$5, Ingredients!$Z$5:$AI$5, Ingredients!$Z$42:$AI$42, 0) -> 0 | E19: =_xlfn.XLOOKUP(E$5, Ingredients!$Z$5:$AI$5, Ingredients!$Z$42:$AI$42, 0) -> 4165.4496 | F19: =_xlfn.XLOOKUP(F$5, Ingredients!$Z$5:$AI$5, Ingredients!$Z$42:$AI$42, 0) -> 20904.914 | G19: =_xlfn.XLOOKUP(G$5, Ingredients!$Z$5:$AI$5, Ingredients!$Z$42:$AI$42, 0) -> 42836.531 | H19: =_xlfn.XLOOKUP(H$5, Ingredients!$Z$5:$AI$5, Ingredients!$Z$42:$AI$42, 0) -> 46747.983 | I19: =_xlfn.XLOOKUP(I$5, Ingredients!$Z$5:$AI$5, Ingredients!$Z$42:$AI$42, 0) -> 46841.134 | J19: =_xlfn.XLOOKUP(J$5, Ingredients!$Z$5:$AI$5, Ingredients!$Z$42:$AI$42, 0) -> 46841.134 | K19: =_xlfn.XLOOKUP(K$5, Ingredients!$Z$5:$AI$5, Ingredients!$Z$42:$AI$42, 0) -> 46841.134
B20: Brazzein | C20: =_xlfn.XLOOKUP(C$5, Ingredients!$AK$5:$AT$5, Ingredients!$AK$42:$AT$42, 0) -> 0 | D20: =_xlfn.XLOOKUP(D$5, Ingredients!$AK$5:$AT$5, Ingredients!$AK$42:$AT$42, 0) -> 0 | E20: =_xlfn.XLOOKUP(E$5, Ingredients!$AK$5:$AT$5, Ingredients!$AK$42:$AT$42, 0) -> 0.58493151 | F20: =_xlfn.XLOOKUP(F$5, Ingredients!$AK$5:$AT$5, Ingredients!$AK$42:$AT$42, 0) -> 3.5671233 | G20: =_xlfn.XLOOKUP(G$5, Ingredients!$AK$5:$AT$5, Ingredients!$AK$42:$AT$42, 0) -> 19.726027 | H20: =_xlfn.XLOOKUP(H$5, Ingredients!$AK$5:$AT$5, Ingredients!$AK$42:$AT$42, 0) -> 29.589041 | I20: =_xlfn.XLOOKUP(I$5, Ingredients!$AK$5:$AT$5, Ingredients!$AK$42:$AT$42, 0) -> 44.383562 | J20: =_xlfn.XLOOKUP(J$5, Ingredients!$AK$5:$AT$5, Ingredients!$AK$42:$AT$42, 0) -> 66.575342 | K20: =_xlfn.XLOOKUP(K$5, Ingredients!$AK$5:$AT$5, Ingredients!$AK$42:$AT$42, 0) -> 70.736301
B21: LAA | C21: =_xlfn.XLOOKUP(C$5, Ingredients!$AV$5:$BE$5, Ingredients!$AV$42:$BE$42, 0) -> 0 | D21: =_xlfn.XLOOKUP(D$5, Ingredients!$AV$5:$BE$5, Ingredients!$AV$42:$BE$42, 0) -> 0 | E21: =_xlfn.XLOOKUP(E$5, Ingredients!$AV$5:$BE$5, Ingredients!$AV$42:$BE$42, 0) -> 0 | F21: =_xlfn.XLOOKUP(F$5, Ingredients!$AV$5:$BE$5, Ingredients!$AV$42:$BE$42, 0) -> 0 | G21: =_xlfn.XLOOKUP(G$5, Ingredients!$AV$5:$BE$5, Ingredients!$AV$42:$BE$42, 0) -> 383.56164 | H21: =_xlfn.XLOOKUP(H$5, Ingredients!$AV$5:$BE$5, Ingredients!$AV$42:$BE$42, 0) -> 1119.1781 | I21: =_xlfn.XLOOKUP(I$5, Ingredients!$AV$5:$BE$5, Ingredients!$AV$42:$BE$42, 0) -> 1725.3425 | J21: =_xlfn.XLOOKUP(J$5, Ingredients!$AV$5:$BE$5, Ingredients!$AV$42:$BE$42, 0) -> 2037.6712 | K21: =_xlfn.XLOOKUP(K$5, Ingredients!$AV$5:$BE$5, Ingredients!$AV$42:$BE$42, 0) -> 2148.2877
B23: Net Revenue
B24: B2B Global | C24: =SUM(C25:C29) -> 9372.8638 | D24: =SUM(D25:D29) -> 20764.603 | E24: =SUM(E25:E29) -> 62425.7 | F24: =SUM(F25:F29) -> 218963.46 | G24: =SUM(G25:G29) -> 435919.55 | H24: =SUM(H25:H29) -> 487453.43 | I24: =SUM(I25:I29) -> 523776.85 | J24: =SUM(J25:J29) -> 539393.29 | K24: =SUM(K25:K29) -> 542427.54
B25: LGB Grade A | C25: =_xlfn.XLOOKUP(C$5, Ingredients!$D$5:$M$5, Ingredients!$D$51:$M$51, 0) -> 9372.8638 | D25: =_xlfn.XLOOKUP(D$5, Ingredients!$D$5:$M$5, Ingredients!$D$51:$M$51, 0) -> 20764.603 | E25: =_xlfn.XLOOKUP(E$5, Ingredients!$D$5:$M$5, Ingredients!$D$51:$M$51, 0) -> 32328.211 | F25: =_xlfn.XLOOKUP(F$5, Ingredients!$D$5:$M$5, Ingredients!$D$51:$M$51, 0) -> 57416.879 | G25: =_xlfn.XLOOKUP(G$5, Ingredients!$D$5:$M$5, Ingredients!$D$51:$M$51, 0) -> 71101.399 | H25: =_xlfn.XLOOKUP(H$5, Ingredients!$D$5:$M$5, Ingredients!$D$51:$M$51, 0) -> 70762.092 | I25: =_xlfn.XLOOKUP(I$5, Ingredients!$D$5:$M$5, Ingredients!$D$51:$M$51, 0) -> 71055.928 | J25: =_xlfn.XLOOKUP(J$5, Ingredients!$D$5:$M$5, Ingredients!$D$51:$M$51, 0) -> 71055.928 | K25: =_xlfn.XLOOKUP(K$5, Ingredients!$D$5:$M$5, Ingredients!$D$51:$M$51, 0) -> 71055.928
B26: LGB Grade B | C26: =_xlfn.XLOOKUP(C$5, Ingredients!$O$5:$X$5, Ingredients!$O$51:$X$51, 0) -> 0 | D26: =_xlfn.XLOOKUP(D$5, Ingredients!$O$5:$X$5, Ingredients!$O$51:$X$51, 0) -> 0 | E26: =_xlfn.XLOOKUP(E$5, Ingredients!$O$5:$X$5, Ingredients!$O$51:$X$51, 0) -> 25639.574 | F26: =_xlfn.XLOOKUP(F$5, Ingredients!$O$5:$X$5, Ingredients!$O$51:$X$51, 0) -> 134677.12 | G26: =_xlfn.XLOOKUP(G$5, Ingredients!$O$5:$X$5, Ingredients!$O$51:$X$51, 0) -> 284373.22 | H26: =_xlfn.XLOOKUP(H$5, Ingredients!$O$5:$X$5, Ingredients!$O$51:$X$51, 0) -> 292799.24 | I26: =_xlfn.XLOOKUP(I$5, Ingredients!$O$5:$X$5, Ingredients!$O$51:$X$51, 0) -> 293600.61 | J26: =_xlfn.XLOOKUP(J$5, Ingredients!$O$5:$X$5, Ingredients!$O$51:$X$51, 0) -> 293600.61 | K26: =_xlfn.XLOOKUP(K$5, Ingredients!$O$5:$X$5, Ingredients!$O$51:$X$51, 0) -> 293600.61
B27: Biomass | C27: =_xlfn.XLOOKUP(C$5, Ingredients!$Z$5:$AI$5, Ingredients!$Z$51:$AI$51, 0) -> 0 | D27: =_xlfn.XLOOKUP(D$5, Ingredients!$Z$5:$AI$5, Ingredients!$Z$51:$AI$51, 0) -> 0 | E27: =_xlfn.XLOOKUP(E$5, Ingredients!$Z$5:$AI$5, Ingredients!$Z$51:$AI$51, 0) -> 4165.4496 | F27: =_xlfn.XLOOKUP(F$5, Ingredients!$Z$5:$AI$5, Ingredients!$Z$51:$AI$51, 0) -> 25085.896 | G27: =_xlfn.XLOOKUP(G$5, Ingredients!$Z$5:$AI$5, Ingredients!$Z$51:$AI$51, 0) -> 51403.837 | H27: =_xlfn.XLOOKUP(H$5, Ingredients!$Z$5:$AI$5, Ingredients!$Z$51:$AI$51, 0) -> 56097.579 | I27: =_xlfn.XLOOKUP(I$5, Ingredients!$Z$5:$AI$5, Ingredients!$Z$51:$AI$51, 0) -> 56209.36 | J27: =_xlfn.XLOOKUP(J$5, Ingredients!$Z$5:$AI$5, Ingredients!$Z$51:$AI$51, 0) -> 56209.36 | K27: =_xlfn.XLOOKUP(K$5, Ingredients!$Z$5:$AI$5, Ingredients!$Z$51:$AI$51, 0) -> 56209.36
B28: Brazzein | C28: =_xlfn.XLOOKUP(C$5, Ingredients!$AK$5:$AT$5, Ingredients!$AK$51:$AT$51, 0) -> 0 | D28: =_xlfn.XLOOKUP(D$5, Ingredients!$AK$5:$AT$5, Ingredients!$AK$51:$AT$51, 0) -> 0 | E28: =_xlfn.XLOOKUP(E$5, Ingredients!$AK$5:$AT$5, Ingredients!$AK$51:$AT$51, 0) -> 292.46575 | F28: =_xlfn.XLOOKUP(F$5, Ingredients!$AK$5:$AT$5, Ingredients!$AK$51:$AT$51, 0) -> 1783.5616 | G28: =_xlfn.XLOOKUP(G$5, Ingredients!$AK$5:$AT$5, Ingredients!$AK$51:$AT$51, 0) -> 9863.0137 | H28: =_xlfn.XLOOKUP(H$5, Ingredients!$AK$5:$AT$5, Ingredients!$AK$51:$AT$51, 0) -> 11835.616 | I28: =_xlfn.XLOOKUP(I$5, Ingredients!$AK$5:$AT$5, Ingredients!$AK$51:$AT$51, 0) -> 16643.836 | J28: =_xlfn.XLOOKUP(J$5, Ingredients!$AK$5:$AT$5, Ingredients!$AK$51:$AT$51, 0) -> 16643.836 | K28: =_xlfn.XLOOKUP(K$5, Ingredients!$AK$5:$AT$5, Ingredients!$AK$51:$AT$51, 0) -> 14147.26
B29: LAA | C29: =_xlfn.XLOOKUP(C$5, Ingredients!$AV$5:$BE$5, Ingredients!$AV$51:$BE$51, 0) -> 0 | D29: =_xlfn.XLOOKUP(D$5, Ingredients!$AV$5:$BE$5, Ingredients!$AV$51:$BE$51, 0) -> 0 | E29: =_xlfn.XLOOKUP(E$5, Ingredients!$AV$5:$BE$5, Ingredients!$AV$51:$BE$51, 0) -> 0 | F29: =_xlfn.XLOOKUP(F$5, Ingredients!$AV$5:$BE$5, Ingredients!$AV$51:$BE$51, 0) -> 0 | G29: =_xlfn.XLOOKUP(G$5, Ingredients!$AV$5:$BE$5, Ingredients!$AV$51:$BE$51, 0) -> 19178.082 | H29: =_xlfn.XLOOKUP(H$5, Ingredients!$AV$5:$BE$5, Ingredients!$AV$51:$BE$51, 0) -> 55958.904 | I29: =_xlfn.XLOOKUP(I$5, Ingredients!$AV$5:$BE$5, Ingredients!$AV$51:$BE$51, 0) -> 86267.123 | J29: =_xlfn.XLOOKUP(J$5, Ingredients!$AV$5:$BE$5, Ingredients!$AV$51:$BE$51, 0) -> 101883.56 | K29: =_xlfn.XLOOKUP(K$5, Ingredients!$AV$5:$BE$5, Ingredients!$AV$51:$BE$51, 0) -> 107414.38
B30: SBL (Excl. LGB) | C30: =SUM(C31:C33) -> 45058.8 | D30: =SUM(D31:D33) -> 53496.34 | E30: =SUM(E31:E33) -> 57842.947 | F30: =SUM(F31:F33) -> 62604.154 | G30: =SUM(G31:G33) -> 67821.02 | H30: =SUM(H31:H33) -> 70812.913 | I30: =SUM(I31:I33) -> 74082.131 | J30: =SUM(J31:J33) -> 73597.857 | K30: =SUM(K31:K33) -> 74029.793
B31: Pharma (India) | C31: =_xlfn.XLOOKUP(C$5, Ingredients!$BG$5:$BP$5, Ingredients!$BG$51:$BP$51,0) + _xlfn.XLOOKUP(C$5, Ingredients!$BR$5:$CA$5, Ingredients!$BR$51:$CA$51, 0) -> 12292 | D31: =_xlfn.XLOOKUP(D$5, Ingredients!$BG$5:$BP$5, Ingredients!$BG$51:$BP$51,0) + _xlfn.XLOOKUP(D$5, Ingredients!$BR$5:$CA$5, Ingredients!$BR$51:$CA$51, 0) -> 12537.84 | E31: =_xlfn.XLOOKUP(E$5, Ingredients!$BG$5:$BP$5, Ingredients!$BG$51:$BP$51,0) + _xlfn.XLOOKUP(E$5, Ingredients!$BR$5:$CA$5, Ingredients!$BR$51:$CA$51, 0) -> 12788.597 | F31: =_xlfn.XLOOKUP(F$5, Ingredients!$BG$5:$BP$5, Ingredients!$BG$51:$BP$51,0) + _xlfn.XLOOKUP(F$5, Ingredients!$BR$5:$CA$5, Ingredients!$BR$51:$CA$51, 0) -> 13044.369 | G31: =_xlfn.XLOOKUP(G$5, Ingredients!$BG$5:$BP$5, Ingredients!$BG$51:$BP$51,0) + _xlfn.XLOOKUP(G$5, Ingredients!$BR$5:$CA$5, Ingredients!$BR$51:$CA$51, 0) -> 13305.256 | H31: =_xlfn.XLOOKUP(H$5, Ingredients!$BG$5:$BP$5, Ingredients!$BG$51:$BP$51,0) + _xlfn.XLOOKUP(H$5, Ingredients!$BR$5:$CA$5, Ingredients!$BR$51:$CA$51, 0) -> 13571.361 | I31: =_xlfn.XLOOKUP(I$5, Ingredients!$BG$5:$BP$5, Ingredients!$BG$51:$BP$51,0) + _xlfn.XLOOKUP(I$5, Ingredients!$BR$5:$CA$5, Ingredients!$BR$51:$CA$51, 0) -> 13978.502 | J31: =_xlfn.XLOOKUP(J$5, Ingredients!$BG$5:$BP$5, Ingredients!$BG$51:$BP$51,0) + _xlfn.XLOOKUP(J$5, Ingredients!$BR$5:$CA$5, Ingredients!$BR$51:$CA$51, 0) -> 14397.857 | K31: =_xlfn.XLOOKUP(K$5, Ingredients!$BG$5:$BP$5, Ingredients!$BG$51:$BP$51,0) + _xlfn.XLOOKUP(K$5, Ingredients!$BR$5:$CA$5, Ingredients!$BR$51:$CA$51, 0) -> 14829.793
B32: Gelatin | C32: =_xlfn.XLOOKUP(C$5, Ingredients!$CC$5:$CL$5, Ingredients!$CC$51:$CL$51, 0) -> 27650 | D32: =_xlfn.XLOOKUP(D$5, Ingredients!$CC$5:$CL$5, Ingredients!$CC$51:$CL$51, 0) -> 34562.5 | E32: =_xlfn.XLOOKUP(E$5, Ingredients!$CC$5:$CL$5, Ingredients!$CC$51:$CL$51, 0) -> 38018.75 | F32: =_xlfn.XLOOKUP(F$5, Ingredients!$CC$5:$CL$5, Ingredients!$CC$51:$CL$51, 0) -> 41820.625 | G32: =_xlfn.XLOOKUP(G$5, Ingredients!$CC$5:$CL$5, Ingredients!$CC$51:$CL$51, 0) -> 46002.688 | H32: =_xlfn.XLOOKUP(H$5, Ingredients!$CC$5:$CL$5, Ingredients!$CC$51:$CL$51, 0) -> 48302.822 | I32: =_xlfn.XLOOKUP(I$5, Ingredients!$CC$5:$CL$5, Ingredients!$CC$51:$CL$51, 0) -> 50717.963 | J32: =_xlfn.XLOOKUP(J$5, Ingredients!$CC$5:$CL$5, Ingredients!$CC$51:$CL$51, 0) -> 49770 | K32: =_xlfn.XLOOKUP(K$5, Ingredients!$CC$5:$CL$5, Ingredients!$CC$51:$CL$51, 0) -> 49770
B33: DCP | C33: =_xlfn.XLOOKUP(C$5, Ingredients!$CN$5:$CW$5, Ingredients!$CN$51:$CW$51, 0) -> 5116.8 | D33: =_xlfn.XLOOKUP(D$5, Ingredients!$CN$5:$CW$5, Ingredients!$CN$51:$CW$51, 0) -> 6396 | E33: =_xlfn.XLOOKUP(E$5, Ingredients!$CN$5:$CW$5, Ingredients!$CN$51:$CW$51, 0) -> 7035.6 | F33: =_xlfn.XLOOKUP(F$5, Ingredients!$CN$5:$CW$5, Ingredients!$CN$51:$CW$51, 0) -> 7739.16 | G33: =_xlfn.XLOOKUP(G$5, Ingredients!$CN$5:$CW$5, Ingredients!$CN$51:$CW$51, 0) -> 8513.076 | H33: =_xlfn.XLOOKUP(H$5, Ingredients!$CN$5:$CW$5, Ingredients!$CN$51:$CW$51, 0) -> 8938.7298 | I33: =_xlfn.XLOOKUP(I$5, Ingredients!$CN$5:$CW$5, Ingredients!$CN$51:$CW$51, 0) -> 9385.6663 | J33: =_xlfn.XLOOKUP(J$5, Ingredients!$CN$5:$CW$5, Ingredients!$CN$51:$CW$51, 0) -> 9430 | K33: =_xlfn.XLOOKUP(K$5, Ingredients!$CN$5:$CW$5, Ingredients!$CN$51:$CW$51, 0) -> 9430
B34: TUC Global | C34: =SUM(C35:C37) -> 10768 | D34: =SUM(D35:D37) -> 3878.2 | E34: =SUM(E35:E37) -> 1689.3638 | F34: =SUM(F35:F37) -> 0 | G34: =SUM(G35:G37) -> 0 | H34: =SUM(H35:H37) -> 0 | I34: =SUM(I35:I37) -> 0 | J34: =SUM(J35:J37) -> 0 | K34: =SUM(K35:K37) -> 0
B35: TUC | C35: =_xlfn.XLOOKUP(C$5, 'TUC North America'!$D$3:$L$3, 'TUC North America'!$D$38:$L$38, 0) -> 10768 | D35: =_xlfn.XLOOKUP(D$5, 'TUC North America'!$D$3:$L$3, 'TUC North America'!$D$38:$L$38, 0) -> 3878.2 | E35: =_xlfn.XLOOKUP(E$5, 'TUC North America'!$D$3:$L$3, 'TUC North America'!$D$38:$L$38, 0) -> 1689.3638 | F35: =_xlfn.XLOOKUP(F$5, 'TUC North America'!$D$3:$L$3, 'TUC North America'!$D$38:$L$38, 0) -> 0 | G35: =_xlfn.XLOOKUP(G$5, 'TUC North America'!$D$3:$L$3, 'TUC North America'!$D$38:$L$38, 0) -> 0 | H35: =_xlfn.XLOOKUP(H$5, 'TUC North America'!$D$3:$L$3, 'TUC North America'!$D$38:$L$38, 0) -> 0 | I35: =_xlfn.XLOOKUP(I$5, 'TUC North America'!$D$3:$L$3, 'TUC North America'!$D$38:$L$38, 0) -> 0 | J35: =_xlfn.XLOOKUP(J$5, 'TUC North America'!$D$3:$L$3, 'TUC North America'!$D$38:$L$38, 0) -> 0 | K35: =_xlfn.XLOOKUP(K$5, 'TUC North America'!$D$3:$L$3, 'TUC North America'!$D$38:$L$38, 0) -> 0
B36: TUC International (Excl. JV) | C36: =_xlfn.XLOOKUP(C$5, 'TUC International'!$E$3:$M$3, 'TUC International'!$E$54:$M$54, 0) -> 0 | D36: =_xlfn.XLOOKUP(D$5, 'TUC International'!$E$3:$M$3, 'TUC International'!$E$54:$M$54, 0) -> 0 | E36: =_xlfn.XLOOKUP(E$5, 'TUC International'!$E$3:$M$3, 'TUC International'!$E$54:$M$54, 0) -> 0 | F36: =_xlfn.XLOOKUP(F$5, 'TUC International'!$E$3:$M$3, 'TUC International'!$E$54:$M$54, 0) -> 0 | G36: =_xlfn.XLOOKUP(G$5, 'TUC International'!$E$3:$M$3, 'TUC International'!$E$54:$M$54, 0) -> 0 | H36: =_xlfn.XLOOKUP(H$5, 'TUC International'!$E$3:$M$3, 'TUC International'!$E$54:$M$54, 0) -> 0 | I36: =_xlfn.XLOOKUP(I$5, 'TUC International'!$E$3:$M$3, 'TUC International'!$E$54:$M$54, 0) -> 0 | J36: =_xlfn.XLOOKUP(J$5, 'TUC International'!$E$3:$M$3, 'TUC International'!$E$54:$M$54, 0) -> 0 | K36: =_xlfn.XLOOKUP(K$5, 'TUC International'!$E$3:$M$3, 'TUC International'!$E$54:$M$54, 0) -> 0
B37: TUC JV
B38: nth Bio | C38: =SUM(C39:C47) -> 5400 | D38: =SUM(D39:D47) -> 12924 | E38: =SUM(E39:E47) -> 22310.05 | F38: =SUM(F39:F47) -> 43807.395 | G38: =SUM(G39:G47) -> 46072.765 | H38: =SUM(H39:H47) -> 48773.903 | I38: =SUM(I39:I47) -> 51414.348 | J38: =SUM(J39:J47) -> 54547.341 | K38: =SUM(K39:K47) -> 57690.665
B39: SLC Pilot | C39: =_xlfn.XLOOKUP(C$5, 'Nth Bio'!$C$3:$L$3, 'Nth Bio'!$C6:$L6, 0) -> 800 | D39: =_xlfn.XLOOKUP(D$5, 'Nth Bio'!$C$3:$L$3, 'Nth Bio'!$C6:$L6, 0) -> 1600 | E39: =_xlfn.XLOOKUP(E$5, 'Nth Bio'!$C$3:$L$3, 'Nth Bio'!$C6:$L6, 0) -> 2600 | F39: =_xlfn.XLOOKUP(F$5, 'Nth Bio'!$C$3:$L$3, 'Nth Bio'!$C6:$L6, 0) -> 3600 | G39: =_xlfn.XLOOKUP(G$5, 'Nth Bio'!$C$3:$L$3, 'Nth Bio'!$C6:$L6, 0) -> 3780 | H39: =_xlfn.XLOOKUP(H$5, 'Nth Bio'!$C$3:$L$3, 'Nth Bio'!$C6:$L6, 0) -> 3969 | I39: =_xlfn.XLOOKUP(I$5, 'Nth Bio'!$C$3:$L$3, 'Nth Bio'!$C6:$L6, 0) -> 4167.45 | J39: =_xlfn.XLOOKUP(J$5, 'Nth Bio'!$C$3:$L$3, 'Nth Bio'!$C6:$L6, 0) -> 4375.8225 | K39: =_xlfn.XLOOKUP(K$5, 'Nth Bio'!$C$3:$L$3, 'Nth Bio'!$C6:$L6, 0) -> 4594.6136
B40: SBL Pilot | C40: =_xlfn.XLOOKUP(C$5, 'Nth Bio'!$C$3:$L$3, 'Nth Bio'!$C7:$L7, 0) -> 0 | D40: =_xlfn.XLOOKUP(D$5, 'Nth Bio'!$C$3:$L$3, 'Nth Bio'!$C7:$L7, 0) -> 400 | E40: =_xlfn.XLOOKUP(E$5, 'Nth Bio'!$C$3:$L$3, 'Nth Bio'!$C7:$L7, 0) -> 1400 | F40: =_xlfn.XLOOKUP(F$5, 'Nth Bio'!$C$3:$L$3, 'Nth Bio'!$C7:$L7, 0) -> 4800 | G40: =_xlfn.XLOOKUP(G$5, 'Nth Bio'!$C$3:$L$3, 'Nth Bio'!$C7:$L7, 0) -> 5040 | H40: =_xlfn.XLOOKUP(H$5, 'Nth Bio'!$C$3:$L$3, 'Nth Bio'!$C7:$L7, 0) -> 5292 | I40: =_xlfn.XLOOKUP(I$5, 'Nth Bio'!$C$3:$L$3, 'Nth Bio'!$C7:$L7, 0) -> 5556.6 | J40: =_xlfn.XLOOKUP(J$5, 'Nth Bio'!$C$3:$L$3, 'Nth Bio'!$C7:$L7, 0) -> 5834.43 | K40: =_xlfn.XLOOKUP(K$5, 'Nth Bio'!$C$3:$L$3, 'Nth Bio'!$C7:$L7, 0) -> 6126.1515
B41: Pharma Initiative (Sri/Bonney) | C41: =_xlfn.XLOOKUP(C$5, 'Nth Bio Revenue & COGS'!$E$3:$M$3, 'Nth Bio Revenue & COGS'!$E$23:$M$23, 0) -> 0 | D41: =_xlfn.XLOOKUP(D$5, 'Nth Bio Revenue & COGS'!$E$3:$M$3, 'Nth Bio Revenue & COGS'!$E$23:$M$23, 0) -> 0 | E41: =_xlfn.XLOOKUP(E$5, 'Nth Bio Revenue & COGS'!$E$3:$M$3, 'Nth Bio Revenue & COGS'!$E$23:$M$23, 0) -> 3000 | F41: =_xlfn.XLOOKUP(F$5, 'Nth Bio Revenue & COGS'!$E$3:$M$3, 'Nth Bio Revenue & COGS'!$E$23:$M$23, 0) -> 15000 | G41: =_xlfn.XLOOKUP(G$5, 'Nth Bio Revenue & COGS'!$E$3:$M$3, 'Nth Bio Revenue & COGS'!$E$23:$M$23, 0) -> 15750 | H41: =_xlfn.XLOOKUP(H$5, 'Nth Bio Revenue & COGS'!$E$3:$M$3, 'Nth Bio Revenue & COGS'!$E$23:$M$23, 0) -> 16537.5 | I41: =_xlfn.XLOOKUP(I$5, 'Nth Bio Revenue & COGS'!$E$3:$M$3, 'Nth Bio Revenue & COGS'!$E$23:$M$23, 0) -> 17364.375 | J41: =_xlfn.XLOOKUP(J$5, 'Nth Bio Revenue & COGS'!$E$3:$M$3, 'Nth Bio Revenue & COGS'!$E$23:$M$23, 0) -> 18232.594 | K41: =_xlfn.XLOOKUP(K$5, 'Nth Bio Revenue & COGS'!$E$3:$M$3, 'Nth Bio Revenue & COGS'!$E$23:$M$23, 0) -> 19144.223
B42: SLC Ferm Farm | C42: =_xlfn.XLOOKUP(C$5, 'Nth Bio'!$C$3:$L$3, 'Nth Bio'!$C8:$L8, 0) -> 500 | D42: =_xlfn.XLOOKUP(D$5, 'Nth Bio'!$C$3:$L$3, 'Nth Bio'!$C8:$L8, 0) -> 1816 | E42: =_xlfn.XLOOKUP(E$5, 'Nth Bio'!$C$3:$L$3, 'Nth Bio'!$C8:$L8, 0) -> 2763.6 | F42: =_xlfn.XLOOKUP(F$5, 'Nth Bio'!$C$3:$L$3, 'Nth Bio'!$C8:$L8, 0) -> 3801.42 | G42: =_xlfn.XLOOKUP(G$5, 'Nth Bio'!$C$3:$L$3, 'Nth Bio'!$C8:$L8, 0) -> 3991.491 | H42: =_xlfn.XLOOKUP(H$5, 'Nth Bio'!$C$3:$L$3, 'Nth Bio'!$C8:$L8, 0) -> 4191.0656 | I42: =_xlfn.XLOOKUP(I$5, 'Nth Bio'!$C$3:$L$3, 'Nth Bio'!$C8:$L8, 0) -> 4400.6188 | J42: =_xlfn.XLOOKUP(J$5, 'Nth Bio'!$C$3:$L$3, 'Nth Bio'!$C8:$L8, 0) -> 4620.6498 | K42: =_xlfn.XLOOKUP(K$5, 'Nth Bio'!$C$3:$L$3, 'Nth Bio'!$C8:$L8, 0) -> 4851.6823
B43: India Ferm Farm | C43: =_xlfn.XLOOKUP(C$5, 'Nth Bio'!$C$3:$L$3, 'Nth Bio'!$C9:$L9, 0) -> 0 | D43: =_xlfn.XLOOKUP(D$5, 'Nth Bio'!$C$3:$L$3, 'Nth Bio'!$C9:$L9, 0) -> 408 | E43: =_xlfn.XLOOKUP(E$5, 'Nth Bio'!$C$3:$L$3, 'Nth Bio'!$C9:$L9, 0) -> 1285.2 | F43: =_xlfn.XLOOKUP(F$5, 'Nth Bio'!$C$3:$L$3, 'Nth Bio'!$C9:$L9, 0) -> 2249.1 | G43: =_xlfn.XLOOKUP(G$5, 'Nth Bio'!$C$3:$L$3, 'Nth Bio'!$C9:$L9, 0) -> 2361.555 | H43: =_xlfn.XLOOKUP(H$5, 'Nth Bio'!$C$3:$L$3, 'Nth Bio'!$C9:$L9, 0) -> 2479.6328 | I43: =_xlfn.XLOOKUP(I$5, 'Nth Bio'!$C$3:$L$3, 'Nth Bio'!$C9:$L9, 0) -> 2603.6144 | J43: =_xlfn.XLOOKUP(J$5, 'Nth Bio'!$C$3:$L$3, 'Nth Bio'!$C9:$L9, 0) -> 2733.7951 | K43: =_xlfn.XLOOKUP(K$5, 'Nth Bio'!$C$3:$L$3, 'Nth Bio'!$C9:$L9, 0) -> 2870.4849
B44: S2S/uHTS | C44: =_xlfn.XLOOKUP(C$5, 'Nth Bio'!$C$3:$L$3, 'Nth Bio'!$C10:$L10, 0) -> 4100 | D44: =_xlfn.XLOOKUP(D$5, 'Nth Bio'!$C$3:$L$3, 'Nth Bio'!$C10:$L10, 0) -> 4500 | E44: =_xlfn.XLOOKUP(E$5, 'Nth Bio'!$C$3:$L$3, 'Nth Bio'!$C10:$L10, 0) -> 6300 | F44: =_xlfn.XLOOKUP(F$5, 'Nth Bio'!$C$3:$L$3, 'Nth Bio'!$C10:$L10, 0) -> 8268.75 | G44: =_xlfn.XLOOKUP(G$5, 'Nth Bio'!$C$3:$L$3, 'Nth Bio'!$C10:$L10, 0) -> 8682.1875 | H44: =_xlfn.XLOOKUP(H$5, 'Nth Bio'!$C$3:$L$3, 'Nth Bio'!$C10:$L10, 0) -> 9116.2969 | I44: =_xlfn.XLOOKUP(I$5, 'Nth Bio'!$C$3:$L$3, 'Nth Bio'!$C10:$L10, 0) -> 9572.1117 | J44: =_xlfn.XLOOKUP(J$5, 'Nth Bio'!$C$3:$L$3, 'Nth Bio'!$C10:$L10, 0) -> 10050.717 | K44: =_xlfn.XLOOKUP(K$5, 'Nth Bio'!$C$3:$L$3, 'Nth Bio'!$C10:$L10, 0) -> 10553.253
B45: License | C45: =_xlfn.XLOOKUP(C$5, 'Nth Bio'!$C$3:$L$3, 'Nth Bio'!$C11:$L11, 0) -> 0 | D45: =_xlfn.XLOOKUP(D$5, 'Nth Bio'!$C$3:$L$3, 'Nth Bio'!$C11:$L11, 0) -> 2625 | E45: =_xlfn.XLOOKUP(E$5, 'Nth Bio'!$C$3:$L$3, 'Nth Bio'!$C11:$L11, 0) -> 2756.25 | F45: =_xlfn.XLOOKUP(F$5, 'Nth Bio'!$C$3:$L$3, 'Nth Bio'!$C11:$L11, 0) -> 2894.0625 | G45: =_xlfn.XLOOKUP(G$5, 'Nth Bio'!$C$3:$L$3, 'Nth Bio'!$C11:$L11, 0) -> 3038.7656 | H45: =_xlfn.XLOOKUP(H$5, 'Nth Bio'!$C$3:$L$3, 'Nth Bio'!$C11:$L11, 0) -> 3190.7039 | I45: =_xlfn.XLOOKUP(I$5, 'Nth Bio'!$C$3:$L$3, 'Nth Bio'!$C11:$L11, 0) -> 3350.2391 | J45: =_xlfn.XLOOKUP(J$5, 'Nth Bio'!$C$3:$L$3, 'Nth Bio'!$C11:$L11, 0) -> 3517.7511 | K45: =_xlfn.XLOOKUP(K$5, 'Nth Bio'!$C$3:$L$3, 'Nth Bio'!$C11:$L11, 0) -> 3693.6386
B46: Milestone | C46: =_xlfn.XLOOKUP(C$5, 'Nth Bio'!$C$3:$L$3, 'Nth Bio'!$C12:$L12, 0) -> 0 | D46: =_xlfn.XLOOKUP(D$5, 'Nth Bio'!$C$3:$L$3, 'Nth Bio'!$C12:$L12, 0) -> 1575 | E46: =_xlfn.XLOOKUP(E$5, 'Nth Bio'!$C$3:$L$3, 'Nth Bio'!$C12:$L12, 0) -> 2205 | F46: =_xlfn.XLOOKUP(F$5, 'Nth Bio'!$C$3:$L$3, 'Nth Bio'!$C12:$L12, 0) -> 2894.0625 | G46: =_xlfn.XLOOKUP(G$5, 'Nth Bio'!$C$3:$L$3, 'Nth Bio'!$C12:$L12, 0) -> 3038.7656 | H46: =_xlfn.XLOOKUP(H$5, 'Nth Bio'!$C$3:$L$3, 'Nth Bio'!$C12:$L12, 0) -> 3190.7039 | I46: =_xlfn.XLOOKUP(I$5, 'Nth Bio'!$C$3:$L$3, 'Nth Bio'!$C12:$L12, 0) -> 3350.2391 | J46: =_xlfn.XLOOKUP(J$5, 'Nth Bio'!$C$3:$L$3, 'Nth Bio'!$C12:$L12, 0) -> 3517.7511 | K46: =_xlfn.XLOOKUP(K$5, 'Nth Bio'!$C$3:$L$3, 'Nth Bio'!$C12:$L12, 0) -> 3693.6386
B47: Licensing | C47: =_xlfn.XLOOKUP(C$5, 'Nth Bio'!$C$3:$L$3, 'Nth Bio'!$C13:$L13, 0) -> 0 | D47: =_xlfn.XLOOKUP(D$5, 'Nth Bio'!$C$3:$L$3, 'Nth Bio'!$C13:$L13, 0) -> 0 | E47: =_xlfn.XLOOKUP(E$5, 'Nth Bio'!$C$3:$L$3, 'Nth Bio'!$C13:$L13, 0) -> 0 | F47: =_xlfn.XLOOKUP(F$5, 'Nth Bio'!$C$3:$L$3, 'Nth Bio'!$C13:$L13, 0) -> 300 | G47: =_xlfn.XLOOKUP(G$5, 'Nth Bio'!$C$3:$L$3, 'Nth Bio'!$C13:$L13, 0) -> 390 | H47: =_xlfn.XLOOKUP(H$5, 'Nth Bio'!$C$3:$L$3, 'Nth Bio'!$C13:$L13, 0) -> 807 | I47: =_xlfn.XLOOKUP(I$5, 'Nth Bio'!$C$3:$L$3, 'Nth Bio'!$C13:$L13, 0) -> 1049.1 | J47: =_xlfn.XLOOKUP(J$5, 'Nth Bio'!$C$3:$L$3, 'Nth Bio'!$C13:$L13, 0) -> 1663.83 | K47: =_xlfn.XLOOKUP(K$5, 'Nth Bio'!$C$3:$L$3, 'Nth Bio'!$C13:$L13, 0) -> 2162.979
B48: Total | C48: =C24+C30+C35+C36+C37+C38 -> 70599.664 | D48: =D24+D30+D35+D36+D37+D38 -> 91063.143 | E48: =E24+E30+E35+E36+E37+E38 -> 144268.06 | F48: =F24+F30+F35+F36+F37+F38 -> 325375 | G48: =G24+G30+G35+G36+G37+G38 -> 549813.34 | H48: =H24+H30+H35+H36+H37+H38 -> 607040.24 | I48: =I24+I30+I35+I36+I37+I38 -> 649273.33 | J48: =J24+J30+J35+J36+J37+J38 -> 667538.49 | K48: =K24+K30+K35+K36+K37+K38 -> 674148
B49: =$B$24 -> B2B Global | C49: =C24/C$48 -> 0.13276074 | D49: =D24/D$48 -> 0.22802423 | E49: =E24/E$48 -> 0.43270631 | F49: =F24/F$48 -> 0.67295721 | G49: =G24/G$48 -> 0.79285009 | H49: =H24/H$48 -> 0.80300018 | I49: =I24/I$48 -> 0.80671241 | J49: =J24/J$48 -> 0.80803324 | K49: =K24/K$48 -> 0.80461196
B50: =$B$35 -> TUC | C50: =C35/C$48 -> 0.15252197 | D50: =D35/D$48 -> 0.042588032 | E50: =E35/E$48 -> 0.011709895 | F50: =F35/F$48 -> 0 | G50: =G35/G$48 -> 0 | H50: =H35/H$48 -> 0 | I50: =I35/I$48 -> 0 | J50: =J35/J$48 -> 0 | K50: =K35/K$48 -> 0
B51: =$B$36 -> TUC International (Excl. JV) | C51: =C36/C$48 -> 0 | D51: =D36/D$48 -> 0 | E51: =E36/E$48 -> 0 | F51: =F36/F$48 -> 0 | G51: =G36/G$48 -> 0 | H51: =H36/H$48 -> 0 | I51: =I36/I$48 -> 0 | J51: =J36/J$48 -> 0 | K51: =K36/K$48 -> 0
B52: =$B$37 -> TUC JV | C52: =C37/C$48 -> 0 | D52: =D37/D$48 -> 0 | E52: =E37/E$48 -> 0 | F52: =F37/F$48 -> 0 | G52: =G37/G$48 -> 0 | H52: =H37/H$48 -> 0 | I52: =I37/I$48 -> 0 | J52: =J37/J$48 -> 0 | K52: =K37/K$48 -> 0
B53: =$B$38 -> nth Bio | C53: =C38/C$48 -> 0.076487616 | D53: =D38/D$48 -> 0.1419235 | E53: =E38/E$48 -> 0.15464303 | F53: =F38/F$48 -> 0.13463663 | G53: =G38/G$48 -> 0.083797103 | H53: =H38/H$48 -> 0.080347067 | I53: =I38/I$48 -> 0.079187525 | J53: =J38/J$48 -> 0.08171415 | K53: =K38/K$48 -> 0.085575668
B55: COGS
B56: =$B$24 -> B2B Global | C56: =SUM(C57:C61) -> 48245.716 | D56: =SUM(D57:D61) -> 61577.826 | E56: =SUM(E57:E61) -> 79852.892 | F56: =SUM(F57:F61) -> 169454.62 | G56: =SUM(G57:G61) -> 263272.99 | H56: =SUM(H57:H61) -> 305803.88 | I56: =SUM(I57:I61) -> 326660.05 | J56: =SUM(J57:J61) -> 339521.27 | K56: =SUM(K57:K61) -> 341354.88
B57: =$B$25 -> LGB Grade A | C57: =_xlfn.XLOOKUP(C$5, Ingredients!$D$5:$M$5, Ingredients!$D$52:$M$52, 0) + _xlfn.XLOOKUP(C$5, Ingredients!$C$5:$M$5, Ingredients!$C$73:$M$73, 0) -> 48245.716 | D57: =_xlfn.XLOOKUP(D$5, Ingredients!$D$5:$M$5, Ingredients!$D$52:$M$52, 0) + _xlfn.XLOOKUP(D$5, Ingredients!$C$5:$M$5, Ingredients!$C$73:$M$73, 0) -> 61577.826 | E57: =_xlfn.XLOOKUP(E$5, Ingredients!$D$5:$M$5, Ingredients!$D$52:$M$52, 0) + _xlfn.XLOOKUP(E$5, Ingredients!$C$5:$M$5, Ingredients!$C$73:$M$73, 0) -> 62065.058 | F57: =_xlfn.XLOOKUP(F$5, Ingredients!$D$5:$M$5, Ingredients!$D$52:$M$52, 0) + _xlfn.XLOOKUP(F$5, Ingredients!$C$5:$M$5, Ingredients!$C$73:$M$73, 0) -> 74790.725 | G57: =_xlfn.XLOOKUP(G$5, Ingredients!$D$5:$M$5, Ingredients!$D$52:$M$52, 0) + _xlfn.XLOOKUP(G$5, Ingredients!$C$5:$M$5, Ingredients!$C$73:$M$73, 0) -> 56580.877 | H57: =_xlfn.XLOOKUP(H$5, Ingredients!$D$5:$M$5, Ingredients!$D$52:$M$52, 0) + _xlfn.XLOOKUP(H$5, Ingredients!$C$5:$M$5, Ingredients!$C$73:$M$73, 0) -> 59778.663 | I57: =_xlfn.XLOOKUP(I$5, Ingredients!$D$5:$M$5, Ingredients!$D$52:$M$52, 0) + _xlfn.XLOOKUP(I$5, Ingredients!$C$5:$M$5, Ingredients!$C$73:$M$73, 0) -> 59639.664 | J57: =_xlfn.XLOOKUP(J$5, Ingredients!$D$5:$M$5, Ingredients!$D$52:$M$52, 0) + _xlfn.XLOOKUP(J$5, Ingredients!$C$5:$M$5, Ingredients!$C$73:$M$73, 0) -> 59338.093 | K57: =_xlfn.XLOOKUP(K$5, Ingredients!$D$5:$M$5, Ingredients!$D$52:$M$52, 0) + _xlfn.XLOOKUP(K$5, Ingredients!$C$5:$M$5, Ingredients!$C$73:$M$73, 0) -> 59396.464
B58: =$B$26 -> LGB Grade B | C58: =_xlfn.XLOOKUP(C$5, Ingredients!$O$5:$X$5, Ingredients!$O$52:$X$52, 0) -> 0 | D58: =_xlfn.XLOOKUP(D$5, Ingredients!$O$5:$X$5, Ingredients!$O$52:$X$52, 0) -> 0 | E58: =_xlfn.XLOOKUP(E$5, Ingredients!$O$5:$X$5, Ingredients!$O$52:$X$52, 0) -> 16412.351 | F58: =_xlfn.XLOOKUP(F$5, Ingredients!$O$5:$X$5, Ingredients!$O$52:$X$52, 0) -> 85198.064 | G58: =_xlfn.XLOOKUP(G$5, Ingredients!$O$5:$X$5, Ingredients!$O$52:$X$52, 0) -> 176331.53 | H58: =_xlfn.XLOOKUP(H$5, Ingredients!$O$5:$X$5, Ingredients!$O$52:$X$52, 0) -> 185816.94 | I58: =_xlfn.XLOOKUP(I$5, Ingredients!$O$5:$X$5, Ingredients!$O$52:$X$52, 0) -> 184306.25 | J58: =_xlfn.XLOOKUP(J$5, Ingredients!$O$5:$X$5, Ingredients!$O$52:$X$52, 0) -> 182480.01 | K58: =_xlfn.XLOOKUP(K$5, Ingredients!$O$5:$X$5, Ingredients!$O$52:$X$52, 0) -> 180829.61
B59: =$B$27 -> Biomass | C59: =_xlfn.XLOOKUP(C$5, Ingredients!$Z$5:$AI$5, Ingredients!$Z$52:$AI$52, 0) -> 0 | D59: =_xlfn.XLOOKUP(D$5, Ingredients!$Z$5:$AI$5, Ingredients!$Z$52:$AI$52, 0) -> 0 | E59: =_xlfn.XLOOKUP(E$5, Ingredients!$Z$5:$AI$5, Ingredients!$Z$52:$AI$52, 0) -> 1083.0169 | F59: =_xlfn.XLOOKUP(F$5, Ingredients!$Z$5:$AI$5, Ingredients!$Z$52:$AI$52, 0) -> 8038.9766 | G59: =_xlfn.XLOOKUP(G$5, Ingredients!$Z$5:$AI$5, Ingredients!$Z$52:$AI$52, 0) -> 16405.619 | H59: =_xlfn.XLOOKUP(H$5, Ingredients!$Z$5:$AI$5, Ingredients!$Z$52:$AI$52, 0) -> 17499.9 | I59: =_xlfn.XLOOKUP(I$5, Ingredients!$Z$5:$AI$5, Ingredients!$Z$52:$AI$52, 0) -> 17534.77 | J59: =_xlfn.XLOOKUP(J$5, Ingredients!$Z$5:$AI$5, Ingredients!$Z$52:$AI$52, 0) -> 17534.77 | K59: =_xlfn.XLOOKUP(K$5, Ingredients!$Z$5:$AI$5, Ingredients!$Z$52:$AI$52, 0) -> 17534.77
B60: =$B$28 -> Brazzein | C60: =_xlfn.XLOOKUP(C$5, Ingredients!$AK$5:$AT$5, Ingredients!$AK$52:$AT$52, 0) -> 0 | D60: =_xlfn.XLOOKUP(D$5, Ingredients!$AK$5:$AT$5, Ingredients!$AK$52:$AT$52, 0) -> 0 | E60: =_xlfn.XLOOKUP(E$5, Ingredients!$AK$5:$AT$5, Ingredients!$AK$52:$AT$52, 0) -> 292.46575 | F60: =_xlfn.XLOOKUP(F$5, Ingredients!$AK$5:$AT$5, Ingredients!$AK$52:$AT$52, 0) -> 1426.8493 | G60: =_xlfn.XLOOKUP(G$5, Ingredients!$AK$5:$AT$5, Ingredients!$AK$52:$AT$52, 0) -> 4096.5859 | H60: =_xlfn.XLOOKUP(H$5, Ingredients!$AK$5:$AT$5, Ingredients!$AK$52:$AT$52, 0) -> 5811.9587 | I60: =_xlfn.XLOOKUP(I$5, Ingredients!$AK$5:$AT$5, Ingredients!$AK$52:$AT$52, 0) -> 8334.2163 | J60: =_xlfn.XLOOKUP(J$5, Ingredients!$AK$5:$AT$5, Ingredients!$AK$52:$AT$52, 0) -> 12047.099 | K60: =_xlfn.XLOOKUP(K$5, Ingredients!$AK$5:$AT$5, Ingredients!$AK$52:$AT$52, 0) -> 12751.54
B61: =$B$29 -> LAA | C61: =_xlfn.XLOOKUP(C$5, Ingredients!$AV$5:$BE$5, Ingredients!$AV$52:$BE$52, 0) -> 0 | D61: =_xlfn.XLOOKUP(D$5, Ingredients!$AV$5:$BE$5, Ingredients!$AV$52:$BE$52, 0) -> 0 | E61: =_xlfn.XLOOKUP(E$5, Ingredients!$AV$5:$BE$5, Ingredients!$AV$52:$BE$52, 0) -> 0 | F61: =_xlfn.XLOOKUP(F$5, Ingredients!$AV$5:$BE$5, Ingredients!$AV$52:$BE$52, 0) -> 0 | G61: =_xlfn.XLOOKUP(G$5, Ingredients!$AV$5:$BE$5, Ingredients!$AV$52:$BE$52, 0) -> 9858.382 | H61: =_xlfn.XLOOKUP(H$5, Ingredients!$AV$5:$BE$5, Ingredients!$AV$52:$BE$52, 0) -> 36896.423 | I61: =_xlfn.XLOOKUP(I$5, Ingredients!$AV$5:$BE$5, Ingredients!$AV$52:$BE$52, 0) -> 56845.149 | J61: =_xlfn.XLOOKUP(J$5, Ingredients!$AV$5:$BE$5, Ingredients!$AV$52:$BE$52, 0) -> 68121.3 | K61: =_xlfn.XLOOKUP(K$5, Ingredients!$AV$5:$BE$5, Ingredients!$AV$52:$BE$52, 0) -> 70842.489
B62: =$B$30 -> SBL (Excl. LGB) | C62: =SUM(C63:C65) -> 35447.95 | D62: =SUM(D63:D65) -> 41040.777 | E62: =SUM(E63:E65) -> 43970.072 | F62: =SUM(F63:F65) -> 47172.948 | G62: =SUM(G63:G65) -> 50676.28 | H62: =SUM(H63:H65) -> 52732.763 | I62: =SUM(I63:I65) -> 54949.806 | J62: =SUM(J63:J65) -> 54724.114 | K62: =SUM(K63:K65) -> 55096.86
B63: =$B$31 -> Pharma (India) | C63: =_xlfn.XLOOKUP(C$5, Ingredients!$BG$5:$BP$5, Ingredients!$BG$52:$BP$52, 0) + _xlfn.XLOOKUP(C$5, Ingredients!BR$5:CA$5, Ingredients!$BR$52:$CA$52, 0) -> 11125.35 | D63: =_xlfn.XLOOKUP(D$5, Ingredients!$BG$5:$BP$5, Ingredients!$BG$52:$BP$52, 0) + _xlfn.XLOOKUP(D$5, Ingredients!BS$5:CB$5, Ingredients!$BR$52:$CA$52, 0) -> 11289.387 | E63: =_xlfn.XLOOKUP(E$5, Ingredients!$BG$5:$BP$5, Ingredients!$BG$52:$BP$52, 0) + _xlfn.XLOOKUP(E$5, Ingredients!BT$5:CC$5, Ingredients!$BR$52:$CA$52, 0) -> 11457.175 | F63: =_xlfn.XLOOKUP(F$5, Ingredients!$BG$5:$BP$5, Ingredients!$BG$52:$BP$52, 0) + _xlfn.XLOOKUP(F$5, Ingredients!BU$5:CD$5, Ingredients!$BR$52:$CA$52, 0) -> 11628.803 | G63: =_xlfn.XLOOKUP(G$5, Ingredients!$BG$5:$BP$5, Ingredients!$BG$52:$BP$52, 0) + _xlfn.XLOOKUP(G$5, Ingredients!BV$5:CE$5, Ingredients!$BR$52:$CA$52, 0) -> 11804.363 | H63: =_xlfn.XLOOKUP(H$5, Ingredients!$BG$5:$BP$5, Ingredients!$BG$52:$BP$52, 0) + _xlfn.XLOOKUP(H$5, Ingredients!BW$5:CF$5, Ingredients!$BR$52:$CA$52, 0) -> 11983.947 | I63: =_xlfn.XLOOKUP(I$5, Ingredients!$BG$5:$BP$5, Ingredients!$BG$52:$BP$52, 0) + _xlfn.XLOOKUP(I$5, Ingredients!BX$5:CG$5, Ingredients!$BR$52:$CA$52, 0) -> 12232.248 | J63: =_xlfn.XLOOKUP(J$5, Ingredients!$BG$5:$BP$5, Ingredients!$BG$52:$BP$52, 0) + _xlfn.XLOOKUP(J$5, Ingredients!BY$5:CH$5, Ingredients!$BR$52:$CA$52, 0) -> 12487.998 | K63: =_xlfn.XLOOKUP(K$5, Ingredients!$BG$5:$BP$5, Ingredients!$BG$52:$BP$52, 0) + _xlfn.XLOOKUP(K$5, Ingredients!BZ$5:CI$5, Ingredients!$BR$52:$CA$52, 0) -> 12751.421
B64: =$B$32 -> Gelatin | C64: =_xlfn.XLOOKUP(C$5, Ingredients!$CC$5:$CL$5, Ingredients!$CC$52:$CL$52, 0) -> 20953 | D64: =_xlfn.XLOOKUP(D$5, Ingredients!$CC$5:$CL$5, Ingredients!$CC$52:$CL$52, 0) -> 25539.39 | E64: =_xlfn.XLOOKUP(E$5, Ingredients!$CC$5:$CL$5, Ingredients!$CC$52:$CL$52, 0) -> 27879.697 | F64: =_xlfn.XLOOKUP(F$5, Ingredients!$CC$5:$CL$5, Ingredients!$CC$52:$CL$52, 0) -> 30447.625 | G64: =_xlfn.XLOOKUP(G$5, Ingredients!$CC$5:$CL$5, Ingredients!$CC$52:$CL$52, 0) -> 33265.745 | H64: =_xlfn.XLOOKUP(H$5, Ingredients!$CC$5:$CL$5, Ingredients!$CC$52:$CL$52, 0) -> 34862.335 | I64: =_xlfn.XLOOKUP(I$5, Ingredients!$CC$5:$CL$5, Ingredients!$CC$52:$CL$52, 0) -> 36536.753 | J64: =_xlfn.XLOOKUP(J$5, Ingredients!$CC$5:$CL$5, Ingredients!$CC$52:$CL$52, 0) -> 36026.116 | K64: =_xlfn.XLOOKUP(K$5, Ingredients!$CC$5:$CL$5, Ingredients!$CC$52:$CL$52, 0) -> 36135.44
B65: =$B$33 -> DCP | C65: =_xlfn.XLOOKUP(C$5, Ingredients!$CN$5:$CW$5, Ingredients!$CN$52:$CW$52, 0) -> 3369.6 | D65: =_xlfn.XLOOKUP(D$5, Ingredients!$CN$5:$CW$5, Ingredients!$CN$52:$CW$52, 0) -> 4212 | E65: =_xlfn.XLOOKUP(E$5, Ingredients!$CN$5:$CW$5, Ingredients!$CN$52:$CW$52, 0) -> 4633.2 | F65: =_xlfn.XLOOKUP(F$5, Ingredients!$CN$5:$CW$5, Ingredients!$CN$52:$CW$52, 0) -> 5096.52 | G65: =_xlfn.XLOOKUP(G$5, Ingredients!$CN$5:$CW$5, Ingredients!$CN$52:$CW$52, 0) -> 5606.172 | H65: =_xlfn.XLOOKUP(H$5, Ingredients!$CN$5:$CW$5, Ingredients!$CN$52:$CW$52, 0) -> 5886.4806 | I65: =_xlfn.XLOOKUP(I$5, Ingredients!$CN$5:$CW$5, Ingredients!$CN$52:$CW$52, 0) -> 6180.8046 | J65: =_xlfn.XLOOKUP(J$5, Ingredients!$CN$5:$CW$5, Ingredients!$CN$52:$CW$52, 0) -> 6210 | K65: =_xlfn.XLOOKUP(K$5, Ingredients!$CN$5:$CW$5, Ingredients!$CN$52:$CW$52, 0) -> 6210
B66: =$B$34 -> TUC Global | C66: =SUM(C67:C69) -> 10366 | D66: =SUM(D67:D69) -> 3322.11 | E66: =SUM(E67:E69) -> 1022.6401 | F66: =SUM(F67:F69) -> 0 | G66: =SUM(G67:G69) -> 0 | H66: =SUM(H67:H69) -> 0 | I66: =SUM(I67:I69) -> 0 | J66: =SUM(J67:J69) -> 0 | K66: =SUM(K67:K69) -> 0
B67: =$B$35 -> TUC | C67: =_xlfn.XLOOKUP(C$5, 'TUC North America'!$D$3:$L$3, 'TUC North America'!$D$41:$L$41, 0) -> 10366 | D67: =_xlfn.XLOOKUP(D$5, 'TUC North America'!$D$3:$L$3, 'TUC North America'!$D$41:$L$41, 0) -> 3322.11 | E67: =_xlfn.XLOOKUP(E$5, 'TUC North America'!$D$3:$L$3, 'TUC North America'!$D$41:$L$41, 0) -> 1022.6401 | F67: =_xlfn.XLOOKUP(F$5, 'TUC North America'!$D$3:$L$3, 'TUC North America'!$D$41:$L$41, 0) -> 0 | G67: =_xlfn.XLOOKUP(G$5, 'TUC North America'!$D$3:$L$3, 'TUC North America'!$D$41:$L$41, 0) -> 0 | H67: =_xlfn.XLOOKUP(H$5, 'TUC North America'!$D$3:$L$3, 'TUC North America'!$D$41:$L$41, 0) -> 0 | I67: =_xlfn.XLOOKUP(I$5, 'TUC North America'!$D$3:$L$3, 'TUC North America'!$D$41:$L$41, 0) -> 0 | J67: =_xlfn.XLOOKUP(J$5, 'TUC North America'!$D$3:$L$3, 'TUC North America'!$D$41:$L$41, 0) -> 0 | K67: =_xlfn.XLOOKUP(K$5, 'TUC North America'!$D$3:$L$3, 'TUC North America'!$D$41:$L$41, 0) -> 0
B68: =$B$36 -> TUC International (Excl. JV) | C68: =_xlfn.XLOOKUP(C$5, 'TUC International'!$E$3:$M$3, 'TUC International'!$E$57:$M$57, 0) -> 0 | D68: =_xlfn.XLOOKUP(D$5, 'TUC International'!$E$3:$M$3, 'TUC International'!$E$57:$M$57, 0) -> 0 | E68: =_xlfn.XLOOKUP(E$5, 'TUC International'!$E$3:$M$3, 'TUC International'!$E$57:$M$57, 0) -> 0 | F68: =_xlfn.XLOOKUP(F$5, 'TUC International'!$E$3:$M$3, 'TUC International'!$E$57:$M$57, 0) -> 0 | G68: =_xlfn.XLOOKUP(G$5, 'TUC International'!$E$3:$M$3, 'TUC International'!$E$57:$M$57, 0) -> 0 | H68: =_xlfn.XLOOKUP(H$5, 'TUC International'!$E$3:$M$3, 'TUC International'!$E$57:$M$57, 0) -> 0 | I68: =_xlfn.XLOOKUP(I$5, 'TUC International'!$E$3:$M$3, 'TUC International'!$E$57:$M$57, 0) -> 0 | J68: =_xlfn.XLOOKUP(J$5, 'TUC International'!$E$3:$M$3, 'TUC International'!$E$57:$M$57, 0) -> 0 | K68: =_xlfn.XLOOKUP(K$5, 'TUC International'!$E$3:$M$3, 'TUC International'!$E$57:$M$57, 0) -> 0
B69: =$B$37 -> TUC JV
B70: =$B$38 -> nth Bio | C70: =SUM(C71:C79) -> 2510 | D70: =SUM(D71:D79) -> 2780.6345 | E70: =SUM(E71:E79) -> 4947.1427 | F70: =SUM(F71:F79) -> 11873.097 | G70: =SUM(G71:G79) -> 12232.755 | H70: =SUM(H71:H79) -> 12593.783 | I70: =SUM(I71:I79) -> 12955.069 | J70: =SUM(J71:J79) -> 13315.362 | K70: =SUM(K71:K79) -> 13981.13
B71: =$B$39 -> SLC Pilot | C71: =_xlfn.XLOOKUP(C$5, 'Nth Bio'!$C$3:$L$3, 'Nth Bio'!$C17:$L17, 0) -> 440 | D71: =_xlfn.XLOOKUP(D$5, 'Nth Bio'!$C$3:$L$3, 'Nth Bio'!$C17:$L17, 0) -> 800 | E71: =_xlfn.XLOOKUP(E$5, 'Nth Bio'!$C$3:$L$3, 'Nth Bio'!$C17:$L17, 0) -> 1300 | F71: =_xlfn.XLOOKUP(F$5, 'Nth Bio'!$C$3:$L$3, 'Nth Bio'!$C17:$L17, 0) -> 1800 | G71: =_xlfn.XLOOKUP(G$5, 'Nth Bio'!$C$3:$L$3, 'Nth Bio'!$C17:$L17, 0) -> 1890 | H71: =_xlfn.XLOOKUP(H$5, 'Nth Bio'!$C$3:$L$3, 'Nth Bio'!$C17:$L17, 0) -> 1984.5 | I71: =_xlfn.XLOOKUP(I$5, 'Nth Bio'!$C$3:$L$3, 'Nth Bio'!$C17:$L17, 0) -> 2083.725 | J71: =_xlfn.XLOOKUP(J$5, 'Nth Bio'!$C$3:$L$3, 'Nth Bio'!$C17:$L17, 0) -> 2187.9113 | K71: =_xlfn.XLOOKUP(K$5, 'Nth Bio'!$C$3:$L$3, 'Nth Bio'!$C17:$L17, 0) -> 2297.3068
B72: =$B$40 -> SBL Pilot | C72: =_xlfn.XLOOKUP(C$5, 'Nth Bio'!$C$3:$L$3, 'Nth Bio'!$C18:$L18, 0) -> 0 | D72: =_xlfn.XLOOKUP(D$5, 'Nth Bio'!$C$3:$L$3, 'Nth Bio'!$C18:$L18, 0) -> 160 | E72: =_xlfn.XLOOKUP(E$5, 'Nth Bio'!$C$3:$L$3, 'Nth Bio'!$C18:$L18, 0) -> 560 | F72: =_xlfn.XLOOKUP(F$5, 'Nth Bio'!$C$3:$L$3, 'Nth Bio'!$C18:$L18, 0) -> 1920 | G72: =_xlfn.XLOOKUP(G$5, 'Nth Bio'!$C$3:$L$3, 'Nth Bio'!$C18:$L18, 0) -> 2016 | H72: =_xlfn.XLOOKUP(H$5, 'Nth Bio'!$C$3:$L$3, 'Nth Bio'!$C18:$L18, 0) -> 2116.8 | I72: =_xlfn.XLOOKUP(I$5, 'Nth Bio'!$C$3:$L$3, 'Nth Bio'!$C18:$L18, 0) -> 2222.64 | J72: =_xlfn.XLOOKUP(J$5, 'Nth Bio'!$C$3:$L$3, 'Nth Bio'!$C18:$L18, 0) -> 2333.772 | K72: =_xlfn.XLOOKUP(K$5, 'Nth Bio'!$C$3:$L$3, 'Nth Bio'!$C18:$L18, 0) -> 2450.4606
B73: =$B$41 -> Pharma Initiative (Sri/Bonney) | C73: =_xlfn.XLOOKUP(C$5, 'Nth Bio Revenue & COGS'!$E$3:$M$3, 'Nth Bio Revenue & COGS'!$E$70:$M$70, 0) -> 0 | D73: =_xlfn.XLOOKUP(D$5, 'Nth Bio Revenue & COGS'!$E$3:$M$3, 'Nth Bio Revenue & COGS'!$E$70:$M$70, 0) -> 0 | E73: =_xlfn.XLOOKUP(E$5, 'Nth Bio Revenue & COGS'!$E$3:$M$3, 'Nth Bio Revenue & COGS'!$E$70:$M$70, 0) -> 815.16 | F73: =_xlfn.XLOOKUP(F$5, 'Nth Bio Revenue & COGS'!$E$3:$M$3, 'Nth Bio Revenue & COGS'!$E$70:$M$70, 0) -> 3857.316 | G73: =_xlfn.XLOOKUP(G$5, 'Nth Bio Revenue & COGS'!$E$3:$M$3, 'Nth Bio Revenue & COGS'!$E$70:$M$70, 0) -> 3816.1854 | H73: =_xlfn.XLOOKUP(H$5, 'Nth Bio Revenue & COGS'!$E$3:$M$3, 'Nth Bio Revenue & COGS'!$E$70:$M$70, 0) -> 3756.3846 | I73: =_xlfn.XLOOKUP(I$5, 'Nth Bio Revenue & COGS'!$E$3:$M$3, 'Nth Bio Revenue & COGS'!$E$70:$M$70, 0) -> 3675.8004 | J73: =_xlfn.XLOOKUP(J$5, 'Nth Bio Revenue & COGS'!$E$3:$M$3, 'Nth Bio Revenue & COGS'!$E$70:$M$70, 0) -> 3572.1304 | K73: =_xlfn.XLOOKUP(K$5, 'Nth Bio Revenue & COGS'!$E$3:$M$3, 'Nth Bio Revenue & COGS'!$E$70:$M$70, 0) -> 3750.7369
B74: =$B$42 -> SLC Ferm Farm | C74: =_xlfn.XLOOKUP(C$5, 'Nth Bio'!$C$3:$L$3, 'Nth Bio'!$C19:$L19, 0) -> 225 | D74: =_xlfn.XLOOKUP(D$5, 'Nth Bio'!$C$3:$L$3, 'Nth Bio'!$C19:$L19, 0) -> 726.4 | E74: =_xlfn.XLOOKUP(E$5, 'Nth Bio'!$C$3:$L$3, 'Nth Bio'!$C19:$L19, 0) -> 829.08 | F74: =_xlfn.XLOOKUP(F$5, 'Nth Bio'!$C$3:$L$3, 'Nth Bio'!$C19:$L19, 0) -> 1140.426 | G74: =_xlfn.XLOOKUP(G$5, 'Nth Bio'!$C$3:$L$3, 'Nth Bio'!$C19:$L19, 0) -> 1197.4473 | H74: =_xlfn.XLOOKUP(H$5, 'Nth Bio'!$C$3:$L$3, 'Nth Bio'!$C19:$L19, 0) -> 1257.3197 | I74: =_xlfn.XLOOKUP(I$5, 'Nth Bio'!$C$3:$L$3, 'Nth Bio'!$C19:$L19, 0) -> 1320.1856 | J74: =_xlfn.XLOOKUP(J$5, 'Nth Bio'!$C$3:$L$3, 'Nth Bio'!$C19:$L19, 0) -> 1386.1949 | K74: =_xlfn.XLOOKUP(K$5, 'Nth Bio'!$C$3:$L$3, 'Nth Bio'!$C19:$L19, 0) -> 1455.5047
B75: =$B$43 -> India Ferm Farm | C75: =_xlfn.XLOOKUP(C$5, 'Nth Bio'!$C$3:$L$3, 'Nth Bio'!$C20:$L20, 0) -> 0 | D75: =_xlfn.XLOOKUP(D$5, 'Nth Bio'!$C$3:$L$3, 'Nth Bio'!$C20:$L20, 0) -> 163.2 | E75: =_xlfn.XLOOKUP(E$5, 'Nth Bio'!$C$3:$L$3, 'Nth Bio'!$C20:$L20, 0) -> 385.56 | F75: =_xlfn.XLOOKUP(F$5, 'Nth Bio'!$C$3:$L$3, 'Nth Bio'!$C20:$L20, 0) -> 674.73 | G75: =_xlfn.XLOOKUP(G$5, 'Nth Bio'!$C$3:$L$3, 'Nth Bio'!$C20:$L20, 0) -> 708.4665 | H75: =_xlfn.XLOOKUP(H$5, 'Nth Bio'!$C$3:$L$3, 'Nth Bio'!$C20:$L20, 0) -> 743.88983 | I75: =_xlfn.XLOOKUP(I$5, 'Nth Bio'!$C$3:$L$3, 'Nth Bio'!$C20:$L20, 0) -> 781.08432 | J75: =_xlfn.XLOOKUP(J$5, 'Nth Bio'!$C$3:$L$3, 'Nth Bio'!$C20:$L20, 0) -> 820.13853 | K75: =_xlfn.XLOOKUP(K$5, 'Nth Bio'!$C$3:$L$3, 'Nth Bio'!$C20:$L20, 0) -> 861.14546
B76: =$B$44 -> S2S/uHTS | C76: =_xlfn.XLOOKUP(C$5, 'Nth Bio'!$C$3:$L$3, 'Nth Bio'!$C21:$L21, 0) -> 1845 | D76: =_xlfn.XLOOKUP(D$5, 'Nth Bio'!$C$3:$L$3, 'Nth Bio'!$C21:$L21, 0) -> 931.03448 | E76: =_xlfn.XLOOKUP(E$5, 'Nth Bio'!$C$3:$L$3, 'Nth Bio'!$C21:$L21, 0) -> 1057.3427 | F76: =_xlfn.XLOOKUP(F$5, 'Nth Bio'!$C$3:$L$3, 'Nth Bio'!$C21:$L21, 0) -> 2480.625 | G76: =_xlfn.XLOOKUP(G$5, 'Nth Bio'!$C$3:$L$3, 'Nth Bio'!$C21:$L21, 0) -> 2604.6563 | H76: =_xlfn.XLOOKUP(H$5, 'Nth Bio'!$C$3:$L$3, 'Nth Bio'!$C21:$L21, 0) -> 2734.8891 | I76: =_xlfn.XLOOKUP(I$5, 'Nth Bio'!$C$3:$L$3, 'Nth Bio'!$C21:$L21, 0) -> 2871.6335 | J76: =_xlfn.XLOOKUP(J$5, 'Nth Bio'!$C$3:$L$3, 'Nth Bio'!$C21:$L21, 0) -> 3015.2152 | K76: =_xlfn.XLOOKUP(K$5, 'Nth Bio'!$C$3:$L$3, 'Nth Bio'!$C21:$L21, 0) -> 3165.976
B77: =$B$45 -> License | C77: =_xlfn.XLOOKUP(C$5, 'Nth Bio'!$C$3:$L$3, 'Nth Bio'!$C22:$L22, 0) -> 0 | D77: =_xlfn.XLOOKUP(D$5, 'Nth Bio'!$C$3:$L$3, 'Nth Bio'!$C22:$L22, 0) -> 0 | E77: =_xlfn.XLOOKUP(E$5, 'Nth Bio'!$C$3:$L$3, 'Nth Bio'!$C22:$L22, 0) -> 0 | F77: =_xlfn.XLOOKUP(F$5, 'Nth Bio'!$C$3:$L$3, 'Nth Bio'!$C22:$L22, 0) -> 0 | G77: =_xlfn.XLOOKUP(G$5, 'Nth Bio'!$C$3:$L$3, 'Nth Bio'!$C22:$L22, 0) -> 0 | H77: =_xlfn.XLOOKUP(H$5, 'Nth Bio'!$C$3:$L$3, 'Nth Bio'!$C22:$L22, 0) -> 0 | I77: =_xlfn.XLOOKUP(I$5, 'Nth Bio'!$C$3:$L$3, 'Nth Bio'!$C22:$L22, 0) -> 0 | J77: =_xlfn.XLOOKUP(J$5, 'Nth Bio'!$C$3:$L$3, 'Nth Bio'!$C22:$L22, 0) -> 0 | K77: =_xlfn.XLOOKUP(K$5, 'Nth Bio'!$C$3:$L$3, 'Nth Bio'!$C22:$L22, 0) -> 0
B78: =$B$46 -> Milestone | C78: =_xlfn.XLOOKUP(C$5, 'Nth Bio'!$C$3:$L$3, 'Nth Bio'!$C23:$L23, 0) -> 0 | D78: =_xlfn.XLOOKUP(D$5, 'Nth Bio'!$C$3:$L$3, 'Nth Bio'!$C23:$L23, 0) -> 0 | E78: =_xlfn.XLOOKUP(E$5, 'Nth Bio'!$C$3:$L$3, 'Nth Bio'!$C23:$L23, 0) -> 0 | F78: =_xlfn.XLOOKUP(F$5, 'Nth Bio'!$C$3:$L$3, 'Nth Bio'!$C23:$L23, 0) -> 0 | G78: =_xlfn.XLOOKUP(G$5, 'Nth Bio'!$C$3:$L$3, 'Nth Bio'!$C23:$L23, 0) -> 0 | H78: =_xlfn.XLOOKUP(H$5, 'Nth Bio'!$C$3:$L$3, 'Nth Bio'!$C23:$L23, 0) -> 0 | I78: =_xlfn.XLOOKUP(I$5, 'Nth Bio'!$C$3:$L$3, 'Nth Bio'!$C23:$L23, 0) -> 0 | J78: =_xlfn.XLOOKUP(J$5, 'Nth Bio'!$C$3:$L$3, 'Nth Bio'!$C23:$L23, 0) -> 0 | K78: =_xlfn.XLOOKUP(K$5, 'Nth Bio'!$C$3:$L$3, 'Nth Bio'!$C23:$L23, 0) -> 0
B79: =$B$47 -> Licensing | C79: =_xlfn.XLOOKUP(C$5, 'Nth Bio'!$C$3:$L$3, 'Nth Bio'!$C24:$L24, 0) -> 0 | D79: =_xlfn.XLOOKUP(D$5, 'Nth Bio'!$C$3:$L$3, 'Nth Bio'!$C24:$L24, 0) -> 0 | E79: =_xlfn.XLOOKUP(E$5, 'Nth Bio'!$C$3:$L$3, 'Nth Bio'!$C24:$L24, 0) -> 0 | F79: =_xlfn.XLOOKUP(F$5, 'Nth Bio'!$C$3:$L$3, 'Nth Bio'!$C24:$L24, 0) -> 0 | G79: =_xlfn.XLOOKUP(G$5, 'Nth Bio'!$C$3:$L$3, 'Nth Bio'!$C24:$L24, 0) -> 0 | H79: =_xlfn.XLOOKUP(H$5, 'Nth Bio'!$C$3:$L$3, 'Nth Bio'!$C24:$L24, 0) -> 0 | I79: =_xlfn.XLOOKUP(I$5, 'Nth Bio'!$C$3:$L$3, 'Nth Bio'!$C24:$L24, 0) -> 0 | J79: =_xlfn.XLOOKUP(J$5, 'Nth Bio'!$C$3:$L$3, 'Nth Bio'!$C24:$L24, 0) -> 0 | K79: =_xlfn.XLOOKUP(K$5, 'Nth Bio'!$C$3:$L$3, 'Nth Bio'!$C24:$L24, 0) -> 0
B80: =$B$48 -> Total | C80: =C56+C62+C66+C70 -> 96569.666 | D80: =D56+D62+D66+D70 -> 108721.35 | E80: =E56+E62+E66+E70 -> 129792.75 | F80: =F56+F62+F66+F70 -> 228500.66 | G80: =G56+G62+G66+G70 -> 326182.03 | H80: =H56+H62+H66+H70 -> 371130.43 | I80: =I56+I62+I66+I70 -> 394564.93 | J80: =J56+J62+J66+J70 -> 407560.74 | K80: =K56+K62+K66+K70 -> 410432.87
B82: Margin
B83: =$B$24 -> B2B Global | C83: =C24-C56 -> -38872.852 | D83: =D24-D56 -> -40813.224 | E83: =E24-E56 -> -17427.192 | F83: =F24-F56 -> 49508.84 | G83: =G24-G56 -> 172646.56 | H83: =H24-H56 -> 181649.55 | I83: =I24-I56 -> 197116.8 | J83: =J24-J56 -> 199872.02 | K83: =K24-K56 -> 201072.66
B84: =$B$25 -> LGB Grade A | C84: =C25-C57 -> -38872.852 | D84: =D25-D57 -> -40813.224 | E84: =E25-E57 -> -29736.847 | F84: =F25-F57 -> -17373.846 | G84: =G25-G57 -> 14520.522 | H84: =H25-H57 -> 10983.429 | I84: =I25-I57 -> 11416.264 | J84: =J25-J57 -> 11717.835 | K84: =K25-K57 -> 11659.464
B85: =$B$26 -> LGB Grade B | C85: =C26-C58 -> 0 | D85: =D26-D58 -> 0 | E85: =E26-E58 -> 9227.2223 | F85: =F26-F58 -> 49479.054 | G85: =G26-G58 -> 108041.69 | H85: =H26-H58 -> 106982.3 | I85: =I26-I58 -> 109294.35 | J85: =J26-J58 -> 111120.6 | K85: =K26-K58 -> 112770.99
B86: =$B$27 -> Biomass | C86: =C27-C59 -> 0 | D86: =D27-D59 -> 0 | E86: =E27-E59 -> 3082.4327 | F86: =F27-F59 -> 17046.92 | G86: =G27-G59 -> 34998.219 | H86: =H27-H59 -> 38597.68 | I86: =I27-I59 -> 38674.59 | J86: =J27-J59 -> 38674.59 | K86: =K27-K59 -> 38674.59
B87: =$B$28 -> Brazzein | C87: =C28-C60 -> 0 | D87: =D28-D60 -> 0 | E87: =E28-E60 -> 0 | F87: =F28-F60 -> 356.71233 | G87: =G28-G60 -> 5766.4278 | H87: =H28-H60 -> 6023.6577 | I87: =I28-I60 -> 8309.6194 | J87: =J28-J60 -> 4596.737 | K87: =K28-K60 -> 1395.7202
B88: =$B$29 -> LAA | C88: =C29-C61 -> 0 | D88: =D29-D61 -> 0 | E88: =E29-E61 -> 0 | F88: =F29-F61 -> 0 | G88: =G29-G61 -> 9319.7002 | H88: =H29-H61 -> 19062.481 | I88: =I29-I61 -> 29421.974 | J88: =J29-J61 -> 33762.262 | K88: =K29-K61 -> 36571.894
B89: =$B$30 -> SBL (Excl. LGB) | C89: =C30-C62 -> 9610.85 | D89: =D30-D62 -> 12455.563 | E89: =E30-E62 -> 13872.875 | F89: =F30-F62 -> 15431.206 | G89: =G30-G62 -> 17144.74 | H89: =H30-H62 -> 18080.15 | I89: =I30-I62 -> 19132.326 | J89: =J30-J62 -> 18873.743 | K89: =K30-K62 -> 18932.933
B90: =$B$31 -> Pharma (India) | C90: =C31-C63 -> 1166.65 | D90: =D31-D63 -> 1248.453 | E90: =E31-E63 -> 1331.4218 | F90: =F31-F63 -> 1415.5656 | G90: =G31-G63 -> 1500.8935 | H90: =H31-H63 -> 1587.414 | I90: =I31-I63 -> 1746.2539 | J90: =J31-J63 -> 1909.859 | K90: =K31-K63 -> 2078.3723
B91: =$B$32 -> Gelatin | C91: =C32-C64 -> 6697 | D91: =D32-D64 -> 9023.11 | E91: =E32-E64 -> 10139.053 | F91: =F32-F64 -> 11373 | G91: =G32-G64 -> 12736.942 | H91: =H32-H64 -> 13440.487 | I91: =I32-I64 -> 14181.21 | J91: =J32-J64 -> 13743.884 | K91: =K32-K64 -> 13634.56
B92: =$B$33 -> DCP | C92: =C33-C65 -> 1747.2 | D92: =D33-D65 -> 2184 | E92: =E33-E65 -> 2402.4 | F92: =F33-F65 -> 2642.64 | G92: =G33-G65 -> 2906.904 | H92: =H33-H65 -> 3052.2492 | I92: =I33-I65 -> 3204.8617 | J92: =J33-J65 -> 3220 | K92: =K33-K65 -> 3220
B93: =$B$34 -> TUC Global | C93: =C34-C66 -> 402 | D93: =D34-D66 -> 556.09 | E93: =E34-E66 -> 666.72366 | F93: =F34-F66 -> 0 | G93: =G34-G66 -> 0 | H93: =H34-H66 -> 0 | I93: =I34-I66 -> 0 | J93: =J34-J66 -> 0 | K93: =K34-K66 -> 0
B94: =$B$35 -> TUC | C94: =C35-C67 -> 402 | D94: =D35-D67 -> 556.09 | E94: =E35-E67 -> 666.72366 | F94: =F35-F67 -> 0 | G94: =G35-G67 -> 0 | H94: =H35-H67 -> 0 | I94: =I35-I67 -> 0 | J94: =J35-J67 -> 0 | K94: =K35-K67 -> 0
B95: =$B$36 -> TUC International (Excl. JV) | C95: ='TUC International'!E57 -> 0 | D95: ='TUC International'!F57 -> 0 | E95: ='TUC International'!G57 -> 0 | F95: ='TUC International'!H57 -> 0 | G95: ='TUC International'!I57 -> 0 | H95: ='TUC International'!J57 -> 0 | I95: ='TUC International'!K57 -> 0 | J95: ='TUC International'!L57 -> 0 | K95: ='TUC International'!M57 -> 0
B96: =$B$37 -> TUC JV | C96: =C37-C69 -> 0 | D96: =D37-D69 -> 0 | E96: =E37-E69 -> 0 | F96: =F37-F69 -> 0 | G96: =G37-G69 -> 0 | H96: =H37-H69 -> 0 | I96: =I37-I69 -> 0 | J96: =J37-J69 -> 0 | K96: =K37-K69 -> 0
B97: =$B$38 -> nth Bio | C97: =C38-C70 -> 2890 | D97: =D38-D70 -> 10143.366 | E97: =E38-E70 -> 17362.907 | F97: =F38-F70 -> 31934.298 | G97: =G38-G70 -> 33840.009 | H97: =H38-H70 -> 36180.12 | I97: =I38-I70 -> 38459.279 | J97: =J38-J70 -> 41231.978 | K97: =K38-K70 -> 43709.535
B98: =$B$39 -> SLC Pilot | C98: =C39-C71 -> 360 | D98: =D39-D71 -> 800 | E98: =E39-E71 -> 1300 | F98: =F39-F71 -> 1800 | G98: =G39-G71 -> 1890 | H98: =H39-H71 -> 1984.5 | I98: =I39-I71 -> 2083.725 | J98: =J39-J71 -> 2187.9113 | K98: =K39-K71 -> 2297.3068
B99: =$B$40 -> SBL Pilot | C99: =C40-C72 -> 0 | D99: =D40-D72 -> 240 | E99: =E40-E72 -> 840 | F99: =F40-F72 -> 2880 | G99: =G40-G72 -> 3024 | H99: =H40-H72 -> 3175.2 | I99: =I40-I72 -> 3333.96 | J99: =J40-J72 -> 3500.658 | K99: =K40-K72 -> 3675.6909
B100: =$B$41 -> Pharma Initiative (Sri/Bonney) | C100: =C41-C73 -> 0 | D100: =D41-D73 -> 0 | E100: =E41-E73 -> 2184.84 | F100: =F41-F73 -> 11142.684 | G100: =G41-G73 -> 11933.815 | H100: =H41-H73 -> 12781.115 | I100: =I41-I73 -> 13688.575 | J100: =J41-J73 -> 14660.463 | K100: =K41-K73 -> 15393.487
B101: =$B$42 -> SLC Ferm Farm | C101: =C42-C74 -> 275 | D101: =D42-D74 -> 1089.6 | E101: =E42-E74 -> 1934.52 | F101: =F42-F74 -> 2660.994 | G101: =G42-G74 -> 2794.0437 | H101: =H42-H74 -> 2933.7459 | I101: =I42-I74 -> 3080.4332 | J101: =J42-J74 -> 3234.4548 | K101: =K42-K74 -> 3396.1776
B102: =$B$43 -> India Ferm Farm | C102: =C43-C75 -> 0 | D102: =D43-D75 -> 244.8 | E102: =E43-E75 -> 899.64 | F102: =F43-F75 -> 1574.37 | G102: =G43-G75 -> 1653.0885 | H102: =H43-H75 -> 1735.7429 | I102: =I43-I75 -> 1822.5301 | J102: =J43-J75 -> 1913.6566 | K102: =K43-K75 -> 2009.3394
B103: =$B$44 -> S2S/uHTS | C103: =C44-C76 -> 2255 | D103: =D44-D76 -> 3568.9655 | E103: =E44-E76 -> 5242.6573 | F103: =F44-F76 -> 5788.125 | G103: =G44-G76 -> 6077.5312 | H103: =H44-H76 -> 6381.4078 | I103: =I44-I76 -> 6700.4782 | J103: =J44-J76 -> 7035.5021 | K103: =K44-K76 -> 7387.2772
B104: =$B$45 -> License | C104: =C45-C77 -> 0 | D104: =D45-D77 -> 2625 | E104: =E45-E77 -> 2756.25 | F104: =F45-F77 -> 2894.0625 | G104: =G45-G77 -> 3038.7656 | H104: =H45-H77 -> 3190.7039 | I104: =I45-I77 -> 3350.2391 | J104: =J45-J77 -> 3517.7511 | K104: =K45-K77 -> 3693.6386
B105: =$B$46 -> Milestone | C105: =C46-C78 -> 0 | D105: =D46-D78 -> 1575 | E105: =E46-E78 -> 2205 | F105: =F46-F78 -> 2894.0625 | G105: =G46-G78 -> 3038.7656 | H105: =H46-H78 -> 3190.7039 | I105: =I46-I78 -> 3350.2391 | J105: =J46-J78 -> 3517.7511 | K105: =K46-K78 -> 3693.6386
B106: =$B$47 -> Licensing | C106: =C47-C79 -> 0 | D106: =D47-D79 -> 0 | E106: =E47-E79 -> 0 | F106: =F47-F79 -> 300 | G106: =G47-G79 -> 390 | H106: =H47-H79 -> 807 | I106: =I47-I79 -> 1049.1 | J106: =J47-J79 -> 1663.83 | K106: =K47-K79 -> 2162.979
B107: =$B$48 -> Total | C107: =C48-C80 -> -25970.002 | D107: =D48-D80 -> -17658.205 | E107: =E48-E80 -> 14475.314 | F107: =F48-F80 -> 96874.344 | G107: =G48-G80 -> 223631.31 | H107: =H48-H80 -> 235909.82 | I107: =I48-I80 -> 254708.41 | J107: =J48-J80 -> 259977.75 | K107: =K48-K80 -> 263715.13
B108: Global Margin % | C108: =C107/C48 -> -0.36784881 | D108: =D107/D48 -> -0.19391166 | E108: =IFERROR(IF(E107 < 0, "", E107/E48), 0 ) -> 0.10033623 | F108: =IFERROR(IF(F107 < 0, "", F107/F48), 0 ) -> 0.29773136 | G108: =IFERROR(IF(G107 < 0, "", G107/G48), 0 ) -> 0.40674042 | H108: =IFERROR(IF(H107 < 0, "", H107/H48), 0 ) -> 0.38862303 | I108: =IFERROR(IF(I107 < 0, "", I107/I48), 0 ) -> 0.39229765 | J108: =IFERROR(IF(J107 < 0, "", J107/J48), 0 ) -> 0.38945731 | K108: =IFERROR(IF(K107 < 0, "", K107/K48), 0 ) -> 0.39118284
...

Sheet Unit Economies
B1: Perfect Day Group
B2: Unit Economics
B4: =Ingredients!$D$3 -> 0 | J4: =Ingredients!$AK$3 -> Brazzein | R4: LAA
B26: ('$m) | C26: ='PD Global'!#REF! -> #REF! | D26: ='PD Global'!C5 -> 2023 | E26: ='PD Global'!D5 -> 2024 | F26: ='PD Global'!E5 -> 2025 | G26: ='PD Global'!F5 -> 2026 | H26: =$C$26&" - "&$G$26 -> #REF! | J26: =$B26 -> ('$m) | K26: =$C26 -> #REF! | L26: =$D26 -> 2023 | M26: =$E26 -> 2024 | N26: =$F26 -> 2025 | O26: =$G26 -> 2026 | P26: =$H26 -> #REF! | R26: =$B$26 -> ('$m) | S26: =$C$26 -> #REF! | T26: =$D$26 -> 2023 | U26: =$E$26 -> 2024 | V26: =$F$26 -> 2025 | W26: =$G$26 -> 2026 | X26: =$H$26 -> #REF!
B27: =B4&" Sales Volume (MT)" -> 0 Sales Volume (MT) | C27: =Ingredients!D$42 -> 0 | D27: =Ingredients!E$42 -> 437.57534 | E27: =Ingredients!F$42 -> 1122.411 | F27: =Ingredients!G$42 -> 1896.0827 | G27: =Ingredients!H$42 -> 3728.3688 | H27: =SUM(C27:G27) -> 7184.4378 | J27: =J4&" Sales Volume (MT)" -> Brazzein Sales Volume (MT) | K27: =Ingredients!AK$42 -> 0 | L27: =Ingredients!AL$42 -> 0 | M27: =Ingredients!AM$42 -> 0 | N27: =Ingredients!AN$42 -> 0.58493151 | O27: =Ingredients!AO$42 -> 3.5671233 | P27: =SUM(K27:O27) -> 4.1520548 | R27: =R4&" Sales Volume (MT)" -> LAA Sales Volume (MT) | S27: =Ingredients!AV$42 -> 0 | T27: =Ingredients!AW$42 -> 0 | U27: =Ingredients!AX$42 -> 0 | V27: =Ingredients!AY$42 -> 0 | W27: =Ingredients!AZ$42 -> 0 | X27: =SUM(S27:W27) -> 0
B28: Rev per Kg | C28: =Ingredients!D48 -> 0 | D28: =Ingredients!E48 -> 21.42 | E28: =Ingredients!F48 -> 18.5 | F28: =Ingredients!G48 -> 17.05 | G28: =Ingredients!H48 -> 15.4 | H28: =AVERAGE(C28:G28) -> 14.474 | J28: =$B$28 -> Rev per Kg | K28: =Ingredients!AK$48 -> 0 | L28: =Ingredients!AL$48 -> 0 | M28: =Ingredients!AM$48 -> 0 | N28: =Ingredients!AN$48 -> 500 | O28: =Ingredients!AO$48 -> 500 | P28: =AVERAGE(K28:O28) -> 200 | R28: =$B$28 -> Rev per Kg | S28: =Ingredients!AV$48 -> 0 | T28: =Ingredients!AW$48 -> 0 | U28: =Ingredients!AX$48 -> 0 | V28: =Ingredients!AY$48 -> 0 | W28: =Ingredients!AZ$48 -> 0 | X28: =AVERAGE(S28:W28) -> 0
B29: Cost per Kg | C29: =Ingredients!D49 -> 0 | D29: =Ingredients!E49 -> 81.694853 | E29: =Ingredients!F49 -> 42.91208 | F29: =Ingredients!G49 -> 26.10822 | G29: =Ingredients!H49 -> 16.782702 | H29: =AVERAGE(C29:G29) -> 33.499571 | J29: =$B$29 -> Cost per Kg | K29: =Ingredients!AK$49 -> 0 | L29: =Ingredients!AL$49 -> 0 | M29: =Ingredients!AM$49 -> 0 | N29: =Ingredients!AN$49 -> 500 | O29: =Ingredients!AO$49 -> 400 | P29: =AVERAGE(K29:O29) -> 180 | R29: =$B$29 -> Cost per Kg | S29: =Ingredients!AV$49 -> 0 | T29: =Ingredients!AW$49 -> 0 | U29: =Ingredients!AX$49 -> 0 | V29: =Ingredients!AY$49 -> 0 | W29: =Ingredients!AZ$49 -> 0 | X29: =AVERAGE(S29:W29) -> 0
B31: Cost per unit decreases as we build scale. Average cost per Kg in 2021 at $68 reducing to $7 in 2025 driven by oncoming capacity with key JV plant builds in Asia
B32: along with US capacity coming on in 2024 and 2025 with key partners
B34: =Ingredients!$BG$3 -> Masar Lovo | J34: =Ingredients!$CC$3 -> Gelatin (India) | R34: =Ingredients!$CN$3 -> DCP (India)
B56: =$B$26 -> ('$m) | C56: =$C$26 -> #REF! | D56: =$D$26 -> 2023 | E56: =$E$26 -> 2024 | F56: =$F$26 -> 2025 | G56: =$G$26 -> 2026 | H56: =$H$26 -> #REF! | J56: =$B$26 -> ('$m) | K56: =$C$26 -> #REF! | L56: =$D$26 -> 2023 | M56: =$E$26 -> 2024 | N56: =$F$26 -> 2025 | O56: =$G$26 -> 2026 | P56: =$H$26 -> #REF! | R56: =$B$26 -> ('$m) | S56: =$C$26 -> #REF! | T56: =$D$26 -> 2023 | U56: =$E$26 -> 2024 | V56: =$F$26 -> 2025 | W56: =$G$26 -> 2026 | X56: =$H$26 -> #REF!
B57: =B34&" Sales Volume (MT)" -> Masar Lovo Sales Volume (MT) | C57: =Ingredients!BG$42 -> 0 | D57: =Ingredients!BH$42 -> 196 | E57: =Ingredients!BI$42 -> 199.92 | F57: =Ingredients!BJ$42 -> 203.9184 | G57: =Ingredients!BK$42 -> 207.99677 | H57: =SUM(C57:G57) -> 807.83517 | J57: =J34&" Sales Volume (MT)" -> Gelatin (India) Sales Volume (MT) | K57: =Ingredients!CC$42 -> 0 | L57: =Ingredients!CD$42 -> 3500 | M57: =Ingredients!CE$42 -> 4375 | N57: =Ingredients!CF$42 -> 4812.5 | O57: =Ingredients!CG$42 -> 5293.75 | P57: =SUM(K57:O57) -> 17981.25 | R57: =R34&" Sales Volume (MT)" -> DCP (India) Sales Volume (MT) | S57: =Ingredients!CN$42 -> 0 | T57: =Ingredients!CO$42 -> 12480 | U57: =Ingredients!CP$42 -> 15600 | V57: =Ingredients!CQ$42 -> 17160 | W57: =Ingredients!CR$42 -> 18876 | X57: =SUM(S57:W57) -> 64116
B58: =$B$28 -> Rev per Kg | C58: =Ingredients!BG$48 -> 0 | D58: =Ingredients!BH$48 -> 45.918367 | E58: =Ingredients!BI$48 -> 45.918367 | F58: =Ingredients!BJ$48 -> 45.918367 | G58: =Ingredients!BK$48 -> 45.918367 | H58: =AVERAGE(C58:G58) -> 36.734694 | J58: =$B$28 -> Rev per Kg | K58: =Ingredients!CC$48 -> 0 | L58: =Ingredients!CD$48 -> 7.9 | M58: =Ingredients!CE$48 -> 7.9 | N58: =Ingredients!CF$48 -> 7.9 | O58: =Ingredients!CG$48 -> 7.9 | P58: =AVERAGE(K58:O58) -> 6.32 | R58: =$B$28 -> Rev per Kg | S58: =Ingredients!CN$48 -> 0 | T58: =Ingredients!CO$48 -> 0.41 | U58: =Ingredients!CP$48 -> 0.41 | V58: =Ingredients!CQ$48 -> 0.41 | W58: =Ingredients!CR$48 -> 0.41 | X58: =AVERAGE(S58:W58) -> 0.328
B59: =$B$29 -> Cost per Kg | C59: =Ingredients!BG$49 -> 0 | D59: =Ingredients!BH$49 -> 29.85 | E59: =Ingredients!BI$49 -> 29.85 | F59: =Ingredients!BJ$49 -> 29.85 | G59: =Ingredients!BK$49 -> 29.85 | H59: =AVERAGE(C59:G59) -> 23.88 | J59: =$B$29 -> Cost per Kg | K59: =Ingredients!CC$49 -> 0 | L59: =Ingredients!CD$49 -> 5.14 | M59: =Ingredients!CE$49 -> 5.14 | N59: =Ingredients!CF$49 -> 5.14 | O59: =Ingredients!CG$49 -> 5.14 | P59: =AVERAGE(K59:O59) -> 4.112 | R59: =$B$29 -> Cost per Kg | S59: =Ingredients!CN$49 -> 0 | T59: =Ingredients!CO$49 -> 0.27 | U59: =Ingredients!CP$49 -> 0.27 | V59: =Ingredients!CQ$49 -> 0.27 | W59: =Ingredients!CR$49 -> 0.27 | X59: =AVERAGE(S59:W59) -> 0.216

Sheet WPI Historical Prices
B1: WPI Historical Prices
D3: 2016 | F3: 2017 | J3: 2018 | N3: 2019 | R3: 2020 | V3: 2021 | Z3: 2022 | AD3: 2023
D4: Q3 | E4: Q4 | F4: Q1 | G4: Q2 | H4: Q3 | I4: Q4 | J4: Q1 | K4: Q2 | L4: Q3 | M4: Q4 | N4: Q1 | O4: Q2 | P4: Q3 | Q4: Q4 | R4: Q1 | S4: Q2 | T4: Q3 | U4: Q4 | V4: Q1 | W4: Q2 | X4: Q3 | Y4: Q4 | Z4: Q1 | AA4: Q2 | AB4: Q3 | AC4: Q4 | AD4: Q1
C5: Standard WPI ($/kg) | D5: 9.4772 | E5: 9.6976 | F5: 9.6976 | G5: 9.4772 | H5: 9.1466 | I5: 8.7058 | J5: 7.6038 | K5: 6.2814 | L5: 6.061 | M5: 5.8406 | N5: 6.9426 | O5: 7.8242 | P5: 7.8242 | Q5: 6.7222 | R5: 6.612 | S5: 7.0528 | T5: 6.2814 | U5: 5.51 | V5: 6.061 | W5: 8.3752 | X5: 12.0118 | Y5: 14.5464 | Z5: 16.9708 | AA5: 17.4116 | AB5: 13.224 | AC5: 11.9016 | AD5: 7.714
C6: Instant WPI ($/kg) | D6: 9.6976 | E6: 9.918 | F6: 9.918 | G6: 9.6976 | H6: 9.367 | I6: 8.9262 | J6: 7.8242 | K6: 6.5018 | L6: 6.2814 | M6: 6.061 | N6: 7.163 | O6: 8.0446 | P6: 8.0446 | Q6: 6.9426 | R6: 6.8324 | S6: 7.2732 | T6: 6.5018 | U6: 5.7304 | V6: 6.2814 | W6: 8.5956 | X6: 12.2322 | Y6: 14.7668 | Z6: 17.1912 | AA6: 17.632 | AB6: 13.4444 | AC6: 12.122 | AD6: 7.714

Sheet Balance Sheet
B1: Perfect Day Group
B2: Balance Sheet
B4: (in Millions) | E4: Series E
B5: Perfect Day Consolidated | E5: 2022 | F5: =+E5+1 -> 2023 | G5: =+F5+1 -> 2024 | H5: =+G5+1 -> 2025 | I5: =+H5+1 -> 2026 | J5: =+I5+1 -> 2027 | K5: =+J5+1 -> 2028 | L5: =+K5+1 -> 2029 | M5: =+L5+1 -> 2030 | N5: =+M5+1 -> 2031
B6: Assets
C7: Current Assets
D8: Cash & Equivalents | E8: =E$57 - SUM(E$28, E$33, E$35, E$9, E$10, E$11, E$12) -> 175.2 | F8: =F$57 - SUM(F$28, F$33, F$35, F$9, F$10, F$11, F$12) -> 482.41312 | G8: =G$57 - SUM(G$28, G$33, G$35, G$9, G$10, G$11, G$12) -> 300.04098 | H8: =H$57 - SUM(H$28, H$33, H$35, H$9, H$10, H$11, H$12) -> 81.799464 | I8: =I$57 - SUM(I$28, I$33, I$35, I$9, I$10, I$11, I$12) -> 84.23392 | J8: =J$57 - SUM(J$28, J$33, J$35, J$9, J$10, J$11, J$12) -> 87.71153 | K8: =K$57 - SUM(K$28, K$33, K$35, K$9, K$10, K$11, K$12) -> 162.60034 | L8: =L$57 - SUM(L$28, L$33, L$35, L$9, L$10, L$11, L$12) -> 205.44967 | ... N8: =N$57 - SUM(N$28, N$33, N$35, N$9, N$10, N$11, N$12) -> 452.01108
D9: A/R | E9: 8.1 | F9: =F$76 -> 7.7369495 | G9: =G$76 -> 8.7320822 | H9: =H$76 -> 11.857649 | I9: =I$76 -> 26.743151 | J9: =J$76 -> 45.190137 | K9: =K$76 -> 49.893719 | L9: =L$76 -> 53.364931 | M9: =M$76 -> 54.866177 | N9: =N$76 -> 55.409424
D10: Inventory | E10: 12.2 | F10: =F71 -> 5.9878296 | G10: =G71 -> 6.9091885 | H10: =H71 -> 8.8305662 | I10: =I71 -> 13.775537 | J10: =J71 -> 12.97391 | K10: =K71 -> 14.770147 | L10: =L71 -> 15.706343 | M10: =M71 -> 16.204524 | N10: =N71 -> 16.267306
D11: Prepaid Expenses | E11: 4.2 | F11: =E11 -> 4.2 | G11: =F11 -> 4.2 | H11: =G11 -> 4.2 | I11: =H11 -> 4.2 | J11: =I11 -> 4.2 | K11: =J11 -> 4.2 | L11: =K11 -> 4.2 | M11: =L11 -> 4.2 | N11: =M11 -> 4.2
D12: Other CA | E12: 65 | F12: =E12 -> 65 | G12: =F12 -> 65 | H12: =G12 -> 65 | I12: =H12 -> 65 | J12: =I12 -> 65 | K12: =J12 -> 65 | L12: =K12 -> 65 | M12: =L12 -> 65 | N12: =M12 -> 65
C13: Total Current Assets | E13: =SUM(E8:E12) -> 264.7 | F13: =SUM(F8:F12) -> 565.3379 | G13: =SUM(G8:G12) -> 384.88225 | H13: =SUM(H8:H12) -> 171.68768 | I13: =SUM(I8:I12) -> 193.95261 | J13: =SUM(J8:J12) -> 215.07558 | K13: =SUM(K8:K12) -> 296.46421 | L13: =SUM(L8:L12) -> 343.72094 | ... N13: =SUM(N8:N12) -> 592.88781
C15: Fixed Assets | H15: =H17-F17 -> 21.658
D16: Existing Fixed Assets | E16: 82.2 | F16: =E16 -> 82.2 | G16: =F16 -> 82.2 | H16: =G16 -> 82.2 | I16: =H16 -> 82.2 | J16: =I16 -> 82.2 | K16: =J16 -> 82.2 | L16: =K16 -> 82.2 | M16: =L16 -> 82.2 | N16: =M16 -> 82.2
D17: R&D | F17: =SUM('CAPEX & Financing'!G$28:G$30,'CAPEX & Financing'!G$32) + E$17 -> 5 | G17: =SUM('CAPEX & Financing'!H$28:H$30,'CAPEX & Financing'!H$32) + F$17 -> 17.16 | H17: =SUM('CAPEX & Financing'!I$28:I$30,'CAPEX & Financing'!I$32) + G$17 -> 26.658 | I17: =SUM('CAPEX & Financing'!J$28:J$30,'CAPEX & Financing'!J$32) + H$17 -> 35.995 | J17: =SUM('CAPEX & Financing'!K$28:K$30,'CAPEX & Financing'!K$32) + I$17 -> 37.495 | K17: =SUM('CAPEX & Financing'!L$28:L$30,'CAPEX & Financing'!L$32) + J$17 -> 38.995 | L17: =SUM('CAPEX & Financing'!M$28:M$30,'CAPEX & Financing'!M$32) + K$17 -> 40.495 | M17: =SUM('CAPEX & Financing'!N$28:N$30,'CAPEX & Financing'!N$32) + L$17 -> 41.995 | N17: =SUM('CAPEX & Financing'!O$28:O$30,'CAPEX & Financing'!O$32) + M$17 -> 43.495
D18: SBF | F18: ='CAPEX & Financing'!G$31 + E$18 -> 5 | G18: ='CAPEX & Financing'!H$31 + F$18 -> 9 | H18: ='CAPEX & Financing'!I$31 + G$18 -> 13 | I18: ='CAPEX & Financing'!J$31 + H$18 -> 15 | J18: ='CAPEX & Financing'!K$31 + I$18 -> 15 | K18: ='CAPEX & Financing'!L$31 + J$18 -> 15 | L18: ='CAPEX & Financing'!M$31 + K$18 -> 15 | M18: ='CAPEX & Financing'!N$31 + L$18 -> 15 | N18: ='CAPEX & Financing'!O$31 + M$18 -> 15
D19: Zebu 400 | F19: ='CAPEX & Financing'!G33 + E19 -> 0 | G19: ='CAPEX & Financing'!H33 + F19 -> 0 | H19: ='CAPEX & Financing'!I33 + G19 -> 0 | I19: ='CAPEX & Financing'!J33 + H19 -> 0 | J19: ='CAPEX & Financing'!K33 + I19 -> 0 | K19: ='CAPEX & Financing'!L33 + J19 -> 0 | L19: ='CAPEX & Financing'!M33 + K19 -> 0 | M19: ='CAPEX & Financing'!N33 + L19 -> 0 | N19: ='CAPEX & Financing'!O33 + M19 -> 0
D20: Zebu 1000 | F20: ='CAPEX & Financing'!G34 + E20 -> 71 | G20: ='CAPEX & Financing'!H34 + F20 -> 71 | H20: ='CAPEX & Financing'!I34 + G20 -> 71 | I20: ='CAPEX & Financing'!J34 + H20 -> 71 | J20: ='CAPEX & Financing'!K34 + I20 -> 71 | K20: ='CAPEX & Financing'!L34 + J20 -> 71 | L20: ='CAPEX & Financing'!M34 + K20 -> 71 | M20: ='CAPEX & Financing'!N34 + L20 -> 71 | N20: ='CAPEX & Financing'!O34 + M20 -> 71
D21: Zebu 1500 | F21: ='CAPEX & Financing'!G35 + E21 -> 0 | G21: ='CAPEX & Financing'!H35 + F21 -> 0 | H21: ='CAPEX & Financing'!I35 + G21 -> 0 | I21: ='CAPEX & Financing'!J35 + H21 -> 0 | J21: ='CAPEX & Financing'!K35 + I21 -> 0 | K21: ='CAPEX & Financing'!L35 + J21 -> 0 | L21: ='CAPEX & Financing'!M35 + K21 -> 0 | M21: ='CAPEX & Financing'!N35 + L21 -> 0 | N21: ='CAPEX & Financing'!O35 + M21 -> 0
D22: Project Pele | F22: ='CAPEX & Financing'!G36 + E22 -> 69.944014 | G22: ='CAPEX & Financing'!H36 + F22 -> 174.86004 | H22: ='CAPEX & Financing'!I36 + G22 -> 349.72007 | I22: ='CAPEX & Financing'!J36 + H22 -> 423.91727 | J22: ='CAPEX & Financing'!K36 + I22 -> 463.46447 | K22: ='CAPEX & Financing'!L36 + J22 -> 478.11167 | L22: ='CAPEX & Financing'!M36 + K22 -> 482.75887 | M22: ='CAPEX & Financing'!N36 + L22 -> 487.40607 | N22: ='CAPEX & Financing'!O36 + M22 -> 492.05327
D23: Project Eureka | F23: ='CAPEX & Financing'!G$37 + E23 -> 0 | G23: ='CAPEX & Financing'!H$37 + F23 -> 48.73323 | H23: ='CAPEX & Financing'!I$37 + G23 -> 99.9656 | I23: ='CAPEX & Financing'!J$37 + H23 -> 124.957 | J23: ='CAPEX & Financing'!K$37 + I23 -> 126.20657 | K23: ='CAPEX & Financing'!L$37 + J23 -> 127.45614 | L23: ='CAPEX & Financing'!M$37 + K23 -> 128.70571 | M23: ='CAPEX & Financing'!N$37 + L23 -> 129.95528 | N23: ='CAPEX & Financing'!O$37 + M23 -> 131.20485
D24: SLC | F24: ='CAPEX & Financing'!G$38 + E$24 -> 20 | G24: ='CAPEX & Financing'!H$38 + F$24 -> 20 | H24: ='CAPEX & Financing'!I$38 + G$24 -> 20 | I24: ='CAPEX & Financing'!J$38 + H$24 -> 20 | J24: ='CAPEX & Financing'!K$38 + I$24 -> 20 | K24: ='CAPEX & Financing'!L$38 + J$24 -> 20 | L24: ='CAPEX & Financing'!M$38 + K$24 -> 20 | M24: ='CAPEX & Financing'!N$38 + L$24 -> 20 | N24: ='CAPEX & Financing'!O$38 + M$24 -> 20
D25: Project Playground | F25: ='CAPEX & Financing'!G$39 + E25 -> 0 | G25: ='CAPEX & Financing'!H$39 + F25 -> 44.716768 | H25: ='CAPEX & Financing'!I$39 + G25 -> 91.726705 | I25: ='CAPEX & Financing'!J$39 + H25 -> 114.65838 | J25: ='CAPEX & Financing'!K$39 + I25 -> 127.16746 | K25: ='CAPEX & Financing'!L$39 + J25 -> 142.31405 | L25: ='CAPEX & Financing'!M$39 + K25 -> 143.71063 | M25: ='CAPEX & Financing'!N$39 + L25 -> 145.10722 | N25: ='CAPEX & Financing'!O$39 + M25 -> 146.5038
D26: Vege | F26: ='CAPEX & Financing'!G$40 + E26 -> 0 | G26: ='CAPEX & Financing'!H$40 + F26 -> 0 | H26: ='CAPEX & Financing'!I$40 + G26 -> 0 | I26: ='CAPEX & Financing'!J$40 + H26 -> 0 | J26: ='CAPEX & Financing'!K$40 + I26 -> 0 | K26: ='CAPEX & Financing'!L$40 + J26 -> 0 | L26: ='CAPEX & Financing'!M$40 + K26 -> 0 | M26: ='CAPEX & Financing'!N$40 + L26 -> 0 | N26: ='CAPEX & Financing'!O$40 + M26 -> 0
D27: Accum. Depreciation | F27: =-'CAPEX & Financing'!G$64 -> -15.066667 | G27: =-'CAPEX & Financing'!H$64 -> -39.749333 | H27: =-'CAPEX & Financing'!I$64 -> -94.429805 | I27: =-'CAPEX & Financing'!J$64 -> -183.42491 | J27: =-'CAPEX & Financing'!K$64 -> -284.95767 | K27: =-'CAPEX & Financing'!L$64 -> -397.71977 | L27: =-'CAPEX & Financing'!M$64 -> -519.21119 | M27: =-'CAPEX & Financing'!N$64 -> -649.43194 | N27: =-'CAPEX & Financing'!O$64 -> -788.38202
C28: Total Fixed Assets | E28: =SUM(E16:E27) -> 82.2 | F28: =SUM(F16:F27) -> 238.07735 | G28: =SUM(G16:G27) -> 427.9207 | H28: =SUM(H16:H27) -> 659.84057 | I28: =SUM(I16:I27) -> 704.30275 | J28: =SUM(J16:J27) -> 657.57583 | K28: =SUM(K16:K27) -> 577.3571 | L28: =SUM(L16:L27) -> 464.65903 | ... N28: =SUM(N16:N27) -> 213.0749
C30: Investments
D31: Acquisitions | E31: 4.8 | F31: ='CAPEX & Financing'!G$25 + E$31 -> 4.8 | G31: ='CAPEX & Financing'!H$25 + F$31 -> 4.8 | H31: ='CAPEX & Financing'!I$25 + G$31 -> 4.8 | I31: ='CAPEX & Financing'!J$25 + H$31 -> 4.8 | J31: ='CAPEX & Financing'!K$25 + I$31 -> 4.8 | K31: ='CAPEX & Financing'!L$25 + J$31 -> 4.8 | L31: ='CAPEX & Financing'!M$25 + K$31 -> 4.8 | M31: ='CAPEX & Financing'!N$25 + L$31 -> 4.8 | N31: ='CAPEX & Financing'!O$25 + M$31 -> 4.8
D32: Other Investments | E32: 3.3 | F32: =E32 -> 3.3 | G32: =F32 -> 3.3 | H32: =G32 -> 3.3 | I32: =H32 -> 3.3 | J32: =I32 -> 3.3 | K32: =J32 -> 3.3 | L32: =K32 -> 3.3 | M32: =L32 -> 3.3 | N32: =M32 -> 3.3
C33: Total Investments | E33: =SUM(E31:E32) -> 8.1 | F33: =SUM(F31:F32) -> 8.1 | G33: =SUM(G31:G32) -> 8.1 | H33: =SUM(H31:H32) -> 8.1 | I33: =SUM(I31:I32) -> 8.1 | J33: =SUM(J31:J32) -> 8.1 | K33: =SUM(K31:K32) -> 8.1 | L33: =SUM(L31:L32) -> 8.1 | ... N33: =SUM(N31:N32) -> 8.1
C35: Other Assets | E35: 37.3 | F35: =E35 -> 37.3 | G35: =F35 -> 37.3 | H35: =G35 -> 37.3 | I35: =H35 -> 37.3 | J35: =I35 -> 37.3 | K35: =J35 -> 37.3 | L35: =K35 -> 37.3 | M35: =L35 -> 37.3 | N35: =M35 -> 37.3
B37: Total Assets | E37: =E13+E28+E33+E35 -> 392.3 | F37: =F13+F28+F33+F35 -> 848.81524 | G37: =G13+G28+G33+G35 -> 858.20295 | H37: =H13+H28+H33+H35 -> 876.92825 | I37: =I13+I28+I33+I35 -> 943.65535 | J37: =J13+J28+J33+J35 -> 918.05141 | K37: =K13+K28+K33+K35 -> 919.22131 | L37: =L13+L28+L33+L35 -> 853.77997 | ... N37: =N13+N28+N33+N35 -> 851.36271
B39: Liabilities & Equity
C40: Current Liabilities
D41: A/P | E41: 6.3 | F41: =F81 -> 17.063632 | G41: =G81 -> 16.418116 | H41: =H81 -> 19.767329 | I41: =I81 -> 31.881497 | J41: =J81 -> 45.650647 | K41: =K81 -> 51.246973 | L41: =L81 -> 54.221628 | M41: =M81 -> 55.918821 | N41: =N81 -> 56.377659
D42: Other CL | E42: =36.2-E41 -> 29.9 | F42: =E42 -> 29.9 | G42: =F42 -> 29.9 | H42: =G42 -> 29.9 | I42: =H42 -> 29.9 | J42: =I42 -> 29.9 | K42: =J42 -> 29.9 | L42: =K42 -> 29.9 | M42: =L42 -> 29.9 | N42: =M42 -> 29.9
C43: Total Current Liabilities | E43: =SUM(E41:E42) -> 36.2 | F43: =SUM(F41:F42) -> 46.963632 | G43: =SUM(G41:G42) -> 46.318116 | H43: =SUM(H41:H42) -> 49.667329 | I43: =SUM(I41:I42) -> 61.781497 | J43: =SUM(J41:J42) -> 75.550647 | K43: =SUM(K41:K42) -> 81.146973 | L43: =SUM(L41:L42) -> 84.121628 | ... N43: =SUM(N41:N42) -> 86.277659
C45: Long Term Liabilities
D46: Operating Lease | E46: 35.6 | F46: =E46 -> 35.6 | G46: =F46 -> 35.6 | H46: =G46 -> 35.6 | I46: =H46 -> 35.6 | J46: =I46 -> 35.6 | K46: =J46 -> 35.6 | L46: =K46 -> 35.6 | M46: =L46 -> 35.6 | N46: =M46 -> 35.6
D47: Other Long Term Liabilities | E47: =56.5-E46 -> 20.9 | F47: =E47 -> 20.9 | G47: =F47 -> 20.9 | H47: =G47 -> 20.9 | I47: =H47 -> 20.9 | J47: =I47 -> 20.9 | K47: =J47 -> 20.9 | L47: =K47 -> 20.9 | M47: =L47 -> 20.9 | N47: =M47 -> 20.9
D48: LTD (New Financing) | F48: ='CAPEX & Financing'!G193 + 'CAPEX & Financing'!G201 + 'CAPEX & Financing'!G210 + 'CAPEX & Financing'!G218 -> 92.163141 | G48: ='CAPEX & Financing'!H193 + 'CAPEX & Financing'!H201 + 'CAPEX & Financing'!H210 + 'CAPEX & Financing'!H218 -> 179.04894 | H48: ='CAPEX & Financing'!I193 + 'CAPEX & Financing'!I201 + 'CAPEX & Financing'!I210 + 'CAPEX & Financing'!I218 -> 279.50712 | I48: ='CAPEX & Financing'!J193 + 'CAPEX & Financing'!J201 + 'CAPEX & Financing'!J210 + 'CAPEX & Financing'!J218 -> 401.41323 | J48: ='CAPEX & Financing'!K193 + 'CAPEX & Financing'!K201 + 'CAPEX & Financing'!K210 + 'CAPEX & Financing'!K218 -> 354.64158 | K48: ='CAPEX & Financing'!L193 + 'CAPEX & Financing'!L201 + 'CAPEX & Financing'!L210 + 'CAPEX & Financing'!L218 -> 333.5735 | L48: ='CAPEX & Financing'!M193 + 'CAPEX & Financing'!M201 + 'CAPEX & Financing'!M210 + 'CAPEX & Financing'!M218 -> 248.95856 | M48: ='CAPEX & Financing'!N193 + 'CAPEX & Financing'!N201 + 'CAPEX & Financing'!N210 + 'CAPEX & Financing'!N218 -> 227.64386 | N48: ='CAPEX & Financing'!O193 + 'CAPEX & Financing'!O201 + 'CAPEX & Financing'!O210 + 'CAPEX & Financing'!O218 -> 206.74972
C49: Total Long Term Liabilities | E49: =SUM(E46:E48) -> 56.5 | F49: =SUM(F46:F48) -> 148.66314 | G49: =SUM(G46:G48) -> 235.54894 | H49: =SUM(H46:H48) -> 336.00712 | I49: =SUM(I46:I48) -> 457.91323 | J49: =SUM(J46:J48) -> 411.14158 | K49: =SUM(K46:K48) -> 390.0735 | L49: =SUM(L46:L48) -> 305.45856 | ... N49: =SUM(N46:N48) -> 263.24972
C51: Equity | F51: =+F48-E48 -> 92.163141 | G51: =+G48-F48 -> 86.8858 | H51: =+H48-G48 -> 100.45818 | I51: =+I48-H48 -> 121.9061 | J51: =+J48-I48 -> -46.771648 | K51: =+K48-J48 -> -21.068075 | L51: =+L48-K48 -> -84.614945 | M51: =+M48-L48 -> -21.314701 | N51: =+N48-M48 -> -20.894135
D52: Current Equity | E52: 751.2 | F52: =E52 -> 751.2 | G52: =F52 -> 751.2 | H52: =G52 -> 751.2 | I52: =H52 -> 751.2 | J52: =I52 -> 751.2 | K52: =J52 -> 751.2 | L52: =K52 -> 751.2 | M52: =L52 -> 751.2 | N52: =M52 -> 751.2
D53: Equity (New Financing) | F53: ='CAPEX & Financing'!G$75 + E53 -> 500 | G53: ='CAPEX & Financing'!H$75 + F53 -> 544.71677 | H53: ='CAPEX & Financing'!I$75 + G53 -> 591.7267 | I53: ='CAPEX & Financing'!J$75 + H53 -> 614.65838 | J53: ='CAPEX & Financing'!K$75 + I53 -> 625.90838 | K53: ='CAPEX & Financing'!L$75 + J53 -> 639.65838 | L53: ='CAPEX & Financing'!M$75 + K53 -> 639.65838 | M53: ='CAPEX & Financing'!N$75 + L53 -> 639.65838 | N53: ='CAPEX & Financing'!O$75 + M53 -> 639.65838
D54: Add. to Retained Earnings | E54: -451.6 | F54: =E54 + ('PD Global'!C$268 / 1000) -> -598.01153 | G54: =F54 + ('PD Global'!D$268 / 1000) -> -719.58088 | H54: =G54 + ('PD Global'!E$268 / 1000) -> -851.67291 | I54: =H54 + ('PD Global'!F$268 / 1000) -> -941.89775 | J54: =I54 + ('PD Global'!G$268 / 1000) -> -945.74919 | K54: =J54 + ('PD Global'!H$268 / 1000) -> -942.85755 | L54: =K54 + ('PD Global'!I$268 / 1000) -> -926.6586 | M54: =L54 + ('PD Global'!J$268 / 1000) -> -904.76992 | N54: =M54 + ('PD Global'!K$268 / 1000) -> -889.02305
C55: Total Equity | E55: =SUM(E52:E54) -> 299.6 | F55: =SUM(F52:F54) -> 653.18847 | G55: =SUM(G52:G54) -> 576.33589 | H55: =SUM(H52:H54) -> 491.2538 | I55: =SUM(I52:I54) -> 423.96063 | J55: =SUM(J52:J54) -> 431.35919 | K55: =SUM(K52:K54) -> 448.00083 | L55: =SUM(L52:L54) -> 464.19978 | ... N55: =SUM(N52:N54) -> 501.83533
B57: Total Liabilities & Equity | E57: =E43+E49+E55 -> 392.3 | F57: =F43+F49+F55 -> 848.81524 | G57: =G43+G49+G55 -> 858.20295 | H57: =H43+H49+H55 -> 876.92825 | I57: =I43+I49+I55 -> 943.65535 | J57: =J43+J49+J55 -> 918.05141 | K57: =K43+K49+K55 -> 919.22131 | L57: =L43+L49+L55 -> 853.77997 | ... N57: =N43+N49+N55 -> 851.36271
B59: Working Capital
C60: Inventory
D61: B2B
D62: Ending Inventory | F62: =(Ingredients!E61+Ingredients!P61+Ingredients!AA61+Ingredients!AL61+Ingredients!AW61) / 1000 -> 1.9154762 | G62: =(Ingredients!F61+Ingredients!Q61+Ingredients!AB61+Ingredients!AM61+Ingredients!AX61) / 1000 -> 3.9777534 | H62: =(Ingredients!G61+Ingredients!R61+Ingredients!AC61+Ingredients!AN61+Ingredients!AY61) / 1000 -> 6.2111156 | I62: =(Ingredients!H61+Ingredients!S61+Ingredients!AD61+Ingredients!AO61+Ingredients!AZ61) / 1000 -> 11.190718 | J62: =(Ingredients!I61+Ingredients!T61+Ingredients!AE61+Ingredients!AP61+Ingredients!BA61) / 1000 -> 10.197128 | K62: =(Ingredients!J61+Ingredients!U61+Ingredients!AF61+Ingredients!AQ61+Ingredients!BB61) / 1000 -> 11.88068 | L62: =(Ingredients!K61+Ingredients!V61+Ingredients!AG61+Ingredients!AR61+Ingredients!BC61) / 1000 -> 12.695395 | M62: =(Ingredients!L61+Ingredients!W61+Ingredients!AH61+Ingredients!AS61+Ingredients!BD61) / 1000 -> 13.205942 | N62: =(Ingredients!M61+Ingredients!X61+Ingredients!AI61+Ingredients!AT61+Ingredients!BE61) / 1000 -> 13.2483
D63: Eureka
D64: Stock Cost | F64: =('PD Global'!C63+'PD Global'!C64+'PD Global'!C65) / 1000 -> 35.44795 | G64: =('PD Global'!D63+'PD Global'!D64+'PD Global'!D65) / 1000 -> 41.040777 | H64: =('PD Global'!E63+'PD Global'!E64+'PD Global'!E65) / 1000 -> 43.970072 | I64: =('PD Global'!F63+'PD Global'!F64+'PD Global'!F65) / 1000 -> 47.172948 | J64: =('PD Global'!G63+'PD Global'!G64+'PD Global'!G65) / 1000 -> 50.67628 | K64: =('PD Global'!H63+'PD Global'!H64+'PD Global'!H65) / 1000 -> 52.732763 | L64: =('PD Global'!I63+'PD Global'!I64+'PD Global'!I65) / 1000 -> 54.949806 | M64: =('PD Global'!J63+'PD Global'!J64+'PD Global'!J65) / 1000 -> 54.724114 | N64: =('PD Global'!K63+'PD Global'!K64+'PD Global'!K65) / 1000 -> 55.09686
D65: Days Holding | F65: 20 | G65: 20 | H65: 20 | I65: 20 | J65: 20 | K65: 20 | L65: 20 | M65: 20 | N65: 20
D66: Ending Inventory | F66: =(F64/365) * F65 -> 1.9423534 | G66: =(G64/365) * G65 -> 2.2488097 | H66: =(H64/365) * H65 -> 2.409319 | I66: =(I64/365) * I65 -> 2.5848191 | J66: =(J64/365) * J65 -> 2.7767825 | K66: =(K64/365) * K65 -> 2.8894664 | L66: =(L64/365) * L65 -> 3.0109483 | M66: =(M64/365) * M65 -> 2.9985816 | N66: =(N64/365) * N65 -> 3.019006
D67: TUC
D68: Stock Cost | F68: =('PD Global'!C67+'PD Global'!C68+'PD Global'!C69) / 1000 -> 10.366 | G68: =('PD Global'!D67+'PD Global'!D68+'PD Global'!D69) / 1000 -> 3.32211 | H68: =('PD Global'!E67+'PD Global'!E68+'PD Global'!E69) / 1000 -> 1.0226401 | I68: =('PD Global'!F67+'PD Global'!F68+'PD Global'!F69) / 1000 -> 0 | J68: =('PD Global'!G67+'PD Global'!G68+'PD Global'!G69) / 1000 -> 0 | K68: =('PD Global'!H67+'PD Global'!H68+'PD Global'!H69) / 1000 -> 0 | L68: =('PD Global'!I67+'PD Global'!I68+'PD Global'!I69) / 1000 -> 0 | M68: =('PD Global'!J67+'PD Global'!J68+'PD Global'!J69) / 1000 -> 0 | N68: =('PD Global'!K67+'PD Global'!K68+'PD Global'!K69) / 1000 -> 0
D69: Days Holding | F69: 75 | G69: 75 | H69: 75 | I69: 75 | J69: 75 | K69: 75 | L69: 75 | M69: 75 | N69: 75
D70: Ending Inventory | F70: =(F68/365) * F69 -> 2.13 | G70: =(G68/365) * G69 -> 0.68262534 | H70: =(H68/365) * H69 -> 0.21013154 | I70: =(I68/365) * I69 -> 0 | J70: =(J68/365) * J69 -> 0 | K70: =(K68/365) * K69 -> 0 | L70: =(L68/365) * L69 -> 0 | M70: =(M68/365) * M69 -> 0 | N70: =(N68/365) * N69 -> 0
C71: PD Global Ending Inventory | F71: =F62+F70+F66 -> 5.9878296 | G71: =G62+G70+G66 -> 6.9091885 | H71: =H62+H70+H66 -> 8.8305662 | I71: =I62+I70+I66 -> 13.775537 | J71: =J62+J70+J66 -> 12.97391 | K71: =K62+K70+K66 -> 14.770147 | L71: =L62+L70+L66 -> 15.706343 | M71: =M62+M70+M66 -> 16.204524 | N71: =N62+N70+N66 -> 16.267306
C73: Receivables
D74: Sales | F74: ='PD Global'!C$48 / 1000 -> 70.599664 | G74: ='PD Global'!D$48 / 1000 -> 91.063143 | H74: ='PD Global'!E$48 / 1000 -> 144.26806 | I74: ='PD Global'!F$48 / 1000 -> 325.375 | J74: ='PD Global'!G$48 / 1000 -> 549.81334 | K74: ='PD Global'!H$48 / 1000 -> 607.04024 | L74: ='PD Global'!I$48 / 1000 -> 649.27333 | M74: ='PD Global'!J$48 / 1000 -> 667.53849 | N74: ='PD Global'!K$48 / 1000 -> 674.148
D75: Days Holding | F75: 40 | G75: 35 | H75: 30 | I75: 30 | J75: 30 | K75: 30 | L75: 30 | M75: 30 | N75: 30
C76: Ending Receivables | F76: =(F74 / 365) * F75 -> 7.7369495 | G76: =(G74 / 365) * G75 -> 8.7320822 | H76: =(H74 / 365) * H75 -> 11.857649 | I76: =(I74 / 365) * I75 -> 26.743151 | J76: =(J74 / 365) * J75 -> 45.190137 | K76: =(K74 / 365) * K75 -> 49.893719 | L76: =(L74 / 365) * L75 -> 53.364931 | M76: =(M74 / 365) * M75 -> 54.866177 | N76: =(N74 / 365) * N75 -> 55.409424
C78: Payables
D79: Payables | F79: =('PD Global'!C$125 + 'PD Global'!C80 - (Overheads!D209 + Overheads!D210)) / 1000 -> 138.40502 | G79: =('PD Global'!D$125 + 'PD Global'!D80 - (Overheads!E209 + Overheads!E210)) / 1000 -> 133.16916 | H79: =('PD Global'!E$125 + 'PD Global'!E80 - (Overheads!F209 + Overheads!F210)) / 1000 -> 160.335 | I79: =('PD Global'!F$125 + 'PD Global'!F80 - (Overheads!G209 + Overheads!G210)) / 1000 -> 258.59437 | J79: =('PD Global'!G$125 + 'PD Global'!G80 - (Overheads!H209 + Overheads!H210)) / 1000 -> 370.27747 | K79: =('PD Global'!H$125 + 'PD Global'!H80 - (Overheads!I209 + Overheads!I210)) / 1000 -> 415.66989 | L79: =('PD Global'!I$125 + 'PD Global'!I80 - (Overheads!J209 + Overheads!J210)) / 1000 -> 439.79765 | M79: =('PD Global'!J$125 + 'PD Global'!J80 - (Overheads!K209 + Overheads!K210)) / 1000 -> 453.56377 | N79: =('PD Global'!K$125 + 'PD Global'!K80 - (Overheads!L209 + Overheads!L210)) / 1000 -> 457.28545
D80: Days Holding | F80: 45 | G80: 45 | H80: 45 | I80: 45 | J80: 45 | K80: 45 | L80: 45 | M80: 45 | N80: 45
C81: Ending Payables | F81: =(F79 / 365) * F80 -> 17.063632 | G81: =(G79 / 365) * G80 -> 16.418116 | H81: =(H79 / 365) * H80 -> 19.767329 | I81: =(I79 / 365) * I80 -> 31.881497 | J81: =(J79 / 365) * J80 -> 45.650647 | K81: =(K79 / 365) * K80 -> 51.246973 | L81: =(L79 / 365) * L80 -> 54.221628 | M81: =(M79 / 365) * M80 -> 55.918821 | N81: =(N79 / 365) * N80 -> 56.377659

Sheet CAPEX & Financing
B1: Perfect Day Group
B2: CAPEX & Financing Plan
B4: (in Millions) | F4: Series E
B5: Perfect Day Consolidated | E5: =F5-1 -> 2021 | F5: 2022 | G5: =+F5+1 -> 2023 | H5: =+G5+1 -> 2024 | I5: =+H5+1 -> 2025 | J5: =+I5+1 -> 2026 | K5: =+J5+1 -> 2027 | L5: =+K5+1 -> 2028 | M5: =+L5+1 -> 2029 | N5: =+M5+1 -> 2030 | O5: =+N5+1 -> 2031
B7: CAPEX & Depreciation
C8: Acquisitions
C25: Total Acquisitions | E25: =SUM(E9:E24) -> 0 | F25: =SUM(F9:F24) -> 0 | G25: =SUM(G9:G24) -> 0 | H25: =SUM(H9:H24) -> 0 | I25: =SUM(I9:I24) -> 0 | J25: =SUM(J9:J24) -> 0 | K25: =SUM(K9:K24) -> 0 | L25: =SUM(L9:L24) -> 0 | ... N25: =SUM(N9:N24) -> 0
C27: CAPEX
D28: India Ferm Farm | G28: 2 | H28: 1.44 | I28: 0.749 | J28: 1.558
D29: SLC Ferm Farm | G29: 2 | H29: 0.72 | I29: 0.749 | J29: 0.779
D30: SLC Pilot | G30: 0.5 | H30: 3 | I30: 1
D31: SBL Pilot | G31: 5 | H31: 4 | I31: 4 | J31: 2
D32: Other R&D | G32: 0.5 | H32: 7 | I32: 7 | J32: 7 | K32: 1.5 | L32: 1.5 | M32: 1.5 | N32: 1.5 | O32: 1.5
D33: Zebu 400
D34: Zebu 1000 | G34: 71
D35: Zebu 1500
D36: Project Pele | G36: =(_xlfn.XLOOKUP(G$5, 'Project Pele ROI'!$F$29:$AL$29, 'Project Pele ROI'!$F$32:$AL$32, 0) + _xlfn.XLOOKUP(G$5, 'Project Pele ROI'!$F$29:$AL$29, 'Project Pele ROI'!$F$36:$AL$36, 0)) / 1000 -> 69.944014 | H36: =(_xlfn.XLOOKUP(H$5, 'Project Pele ROI'!$F$29:$AL$29, 'Project Pele ROI'!$F$32:$AL$32, 0) + _xlfn.XLOOKUP(H$5, 'Project Pele ROI'!$F$29:$AL$29, 'Project Pele ROI'!$F$36:$AL$36, 0)) / 1000 -> 104.91602 | I36: =(_xlfn.XLOOKUP(I$5, 'Project Pele ROI'!$F$29:$AL$29, 'Project Pele ROI'!$F$32:$AL$32, 0) + _xlfn.XLOOKUP(I$5, 'Project Pele ROI'!$F$29:$AL$29, 'Project Pele ROI'!$F$36:$AL$36, 0)) / 1000 -> 174.86004 | J36: =(_xlfn.XLOOKUP(J$5, 'Project Pele ROI'!$F$29:$AL$29, 'Project Pele ROI'!$F$32:$AL$32, 0) + _xlfn.XLOOKUP(J$5, 'Project Pele ROI'!$F$29:$AL$29, 'Project Pele ROI'!$F$36:$AL$36, 0)) / 1000 -> 74.197201 | K36: =(_xlfn.XLOOKUP(K$5, 'Project Pele ROI'!$F$29:$AL$29, 'Project Pele ROI'!$F$32:$AL$32, 0) + _xlfn.XLOOKUP(K$5, 'Project Pele ROI'!$F$29:$AL$29, 'Project Pele ROI'!$F$36:$AL$36, 0)) / 1000 -> 39.547201 | L36: =(_xlfn.XLOOKUP(L$5, 'Project Pele ROI'!$F$29:$AL$29, 'Project Pele ROI'!$F$32:$AL$32, 0) + _xlfn.XLOOKUP(L$5, 'Project Pele ROI'!$F$29:$AL$29, 'Project Pele ROI'!$F$36:$AL$36, 0)) / 1000 -> 14.647201 | M36: =(_xlfn.XLOOKUP(M$5, 'Project Pele ROI'!$F$29:$AL$29, 'Project Pele ROI'!$F$32:$AL$32, 0) + _xlfn.XLOOKUP(M$5, 'Project Pele ROI'!$F$29:$AL$29, 'Project Pele ROI'!$F$36:$AL$36, 0)) / 1000 -> 4.6472007 | N36: =(_xlfn.XLOOKUP(N$5, 'Project Pele ROI'!$F$29:$AL$29, 'Project Pele ROI'!$F$32:$AL$32, 0) + _xlfn.XLOOKUP(N$5, 'Project Pele ROI'!$F$29:$AL$29, 'Project Pele ROI'!$F$36:$AL$36, 0)) / 1000 -> 4.6472007 | O36: =(_xlfn.XLOOKUP(O$5, 'Project Pele ROI'!$F$29:$AL$29, 'Project Pele ROI'!$F$32:$AL$32, 0) + _xlfn.XLOOKUP(O$5, 'Project Pele ROI'!$F$29:$AL$29, 'Project Pele ROI'!$F$36:$AL$36, 0)) / 1000 -> 4.6472007
D37: Project Eureka | G37: =(_xlfn.XLOOKUP(G$5, 'Project Eureka ROI'!$F$21:$AL$21, 'Project Eureka ROI'!$F$24:$AL$24, 0) + _xlfn.XLOOKUP(G$5, 'Project Eureka ROI'!$F$21:$AL$21, 'Project Eureka ROI'!$F$28:$AL$28, 0)) / 1000 -> 0 | H37: =(_xlfn.XLOOKUP(H$5, 'Project Eureka ROI'!$F$21:$AL$21, 'Project Eureka ROI'!$F$24:$AL$24, 0) + _xlfn.XLOOKUP(H$5, 'Project Eureka ROI'!$F$21:$AL$21, 'Project Eureka ROI'!$F$28:$AL$28, 0)) / 1000 -> 48.73323 | I37: =(_xlfn.XLOOKUP(I$5, 'Project Eureka ROI'!$F$21:$AL$21, 'Project Eureka ROI'!$F$24:$AL$24, 0) + _xlfn.XLOOKUP(I$5, 'Project Eureka ROI'!$F$21:$AL$21, 'Project Eureka ROI'!$F$28:$AL$28, 0)) / 1000 -> 51.23237 | J37: =(_xlfn.XLOOKUP(J$5, 'Project Eureka ROI'!$F$21:$AL$21, 'Project Eureka ROI'!$F$24:$AL$24, 0) + _xlfn.XLOOKUP(J$5, 'Project Eureka ROI'!$F$21:$AL$21, 'Project Eureka ROI'!$F$28:$AL$28, 0)) / 1000 -> 24.9914 | K37: =(_xlfn.XLOOKUP(K$5, 'Project Eureka ROI'!$F$21:$AL$21, 'Project Eureka ROI'!$F$24:$AL$24, 0) + _xlfn.XLOOKUP(K$5, 'Project Eureka ROI'!$F$21:$AL$21, 'Project Eureka ROI'!$F$28:$AL$28, 0)) / 1000 -> 1.24957 | L37: =(_xlfn.XLOOKUP(L$5, 'Project Eureka ROI'!$F$21:$AL$21, 'Project Eureka ROI'!$F$24:$AL$24, 0) + _xlfn.XLOOKUP(L$5, 'Project Eureka ROI'!$F$21:$AL$21, 'Project Eureka ROI'!$F$28:$AL$28, 0)) / 1000 -> 1.24957 | M37: =(_xlfn.XLOOKUP(M$5, 'Project Eureka ROI'!$F$21:$AL$21, 'Project Eureka ROI'!$F$24:$AL$24, 0) + _xlfn.XLOOKUP(M$5, 'Project Eureka ROI'!$F$21:$AL$21, 'Project Eureka ROI'!$F$28:$AL$28, 0)) / 1000 -> 1.24957 | N37: =(_xlfn.XLOOKUP(N$5, 'Project Eureka ROI'!$F$21:$AL$21, 'Project Eureka ROI'!$F$24:$AL$24, 0) + _xlfn.XLOOKUP(N$5, 'Project Eureka ROI'!$F$21:$AL$21, 'Project Eureka ROI'!$F$28:$AL$28, 0)) / 1000 -> 1.24957 | O37: =(_xlfn.XLOOKUP(O$5, 'Project Eureka ROI'!$F$21:$AL$21, 'Project Eureka ROI'!$F$24:$AL$24, 0) + _xlfn.XLOOKUP(O$5, 'Project Eureka ROI'!$F$21:$AL$21, 'Project Eureka ROI'!$F$28:$AL$28, 0)) / 1000 -> 1.24957
D38: Salt Lake City | G38: 20
D39: Project Playground | G39: =((_xlfn.XLOOKUP(G$5, 'Project Playground ROI'!$F$29:$AL$29, 'Project Playground ROI'!$F$32:$AL$32, 0) + _xlfn.XLOOKUP(G$5, 'Project Playground ROI'!$F$29:$AL$29, 'Project Playground ROI'!$F$36:$AL$36, 0)) / 1000)*Pct_JV -> 0 | H39: =((_xlfn.XLOOKUP(H$5, 'Project Playground ROI'!$F$29:$AL$29, 'Project Playground ROI'!$F$32:$AL$32, 0) + _xlfn.XLOOKUP(H$5, 'Project Playground ROI'!$F$29:$AL$29, 'Project Playground ROI'!$F$36:$AL$36, 0)) / 1000)*Pct_JV -> 44.716768 | I39: =((_xlfn.XLOOKUP(I$5, 'Project Playground ROI'!$F$29:$AL$29, 'Project Playground ROI'!$F$32:$AL$32, 0) + _xlfn.XLOOKUP(I$5, 'Project Playground ROI'!$F$29:$AL$29, 'Project Playground ROI'!$F$36:$AL$36, 0)) / 1000)*Pct_JV -> 47.009936 | J39: =((_xlfn.XLOOKUP(J$5, 'Project Playground ROI'!$F$29:$AL$29, 'Project Playground ROI'!$F$32:$AL$32, 0) + _xlfn.XLOOKUP(J$5, 'Project Playground ROI'!$F$29:$AL$29, 'Project Playground ROI'!$F$36:$AL$36, 0)) / 1000)*Pct_JV -> 22.931676 | K39: =((_xlfn.XLOOKUP(K$5, 'Project Playground ROI'!$F$29:$AL$29, 'Project Playground ROI'!$F$32:$AL$32, 0) + _xlfn.XLOOKUP(K$5, 'Project Playground ROI'!$F$29:$AL$29, 'Project Playground ROI'!$F$36:$AL$36, 0)) / 1000)*Pct_JV -> 12.509084 | L39: =((_xlfn.XLOOKUP(L$5, 'Project Playground ROI'!$F$29:$AL$29, 'Project Playground ROI'!$F$32:$AL$32, 0) + _xlfn.XLOOKUP(L$5, 'Project Playground ROI'!$F$29:$AL$29, 'Project Playground ROI'!$F$36:$AL$36, 0)) / 1000)*Pct_JV -> 15.146584 | M39: =((_xlfn.XLOOKUP(M$5, 'Project Playground ROI'!$F$29:$AL$29, 'Project Playground ROI'!$F$32:$AL$32, 0) + _xlfn.XLOOKUP(M$5, 'Project Playground ROI'!$F$29:$AL$29, 'Project Playground ROI'!$F$36:$AL$36, 0)) / 1000)*Pct_JV -> 1.3965838 | N39: =((_xlfn.XLOOKUP(N$5, 'Project Playground ROI'!$F$29:$AL$29, 'Project Playground ROI'!$F$32:$AL$32, 0) + _xlfn.XLOOKUP(N$5, 'Project Playground ROI'!$F$29:$AL$29, 'Project Playground ROI'!$F$36:$AL$36, 0)) / 1000)*Pct_JV -> 1.3965838 | O39: =((_xlfn.XLOOKUP(O$5, 'Project Playground ROI'!$F$29:$AL$29, 'Project Playground ROI'!$F$32:$AL$32, 0) + _xlfn.XLOOKUP(O$5, 'Project Playground ROI'!$F$29:$AL$29, 'Project Playground ROI'!$F$36:$AL$36, 0)) / 1000)*Pct_JV -> 1.3965838
C44: Total CAPEX | E44: =SUM(E28:E43) -> 0 | F44: =SUM(F28:F43) -> 0 | G44: =SUM(G28:G43) -> 170.94401 | H44: =SUM(H28:H43) -> 214.52602 | I44: =SUM(I28:I43) -> 286.60034 | J44: =SUM(J28:J43) -> 133.45728 | K44: =SUM(K28:K43) -> 54.805855 | L44: =SUM(L28:L43) -> 32.543355 | ... O44: =SUM(O28:O43) -> 8.7933545
C46: Depreciation
C47: nth Bio | D47: =IF(ISBLANK(D28), "", D28) -> India Ferm Farm | G47: =IFERROR((G28/$Q47) + F47, 0) -> 0.2 | H47: =IFERROR((H28/$Q47) + G47, 0) -> 0.344 | I47: =IFERROR((I28/$Q47) + H47, 0) -> 0.4189 | J47: =IFERROR((J28/$Q47) + I47, 0) -> 0.5747 | K47: =IFERROR((K28/$Q47) + J47, 0) -> 0.5747 | L47: =IFERROR((L28/$Q47) + K47, 0) -> 0.5747 | M47: =IFERROR((M28/$Q47) + L47, 0) -> 0.5747 | N47: =IFERROR((N28/$Q47) + M47, 0) -> 0.5747 | O47: =IFERROR((O28/$Q47) + N47, 0) -> 0.5747 | Q47: 10
C48: nth Bio | D48: =IF(ISBLANK(D29), "", D29) -> SLC Ferm Farm | G48: =IFERROR((G29/$Q48) + F48, 0) -> 0.2 | H48: =IFERROR((H29/$Q48) + G48, 0) -> 0.272 | I48: =IFERROR((I29/$Q48) + H48, 0) -> 0.3469 | J48: =IFERROR((J29/$Q48) + I48, 0) -> 0.4248 | K48: =IFERROR((K29/$Q48) + J48, 0) -> 0.4248 | L48: =IFERROR((L29/$Q48) + K48, 0) -> 0.4248 | M48: =IFERROR((M29/$Q48) + L48, 0) -> 0.4248 | N48: =IFERROR((N29/$Q48) + M48, 0) -> 0.4248 | O48: =IFERROR((O29/$Q48) + N48, 0) -> 0.4248 | Q48: 10
C49: nth Bio | D49: =IF(ISBLANK(D30), "", D30) -> SLC Pilot | G49: =IFERROR((G30/$Q49) + F49, 0) -> 0.05 | H49: =IFERROR((H30/$Q49) + G49, 0) -> 0.35 | I49: =IFERROR((I30/$Q49) + H49, 0) -> 0.45 | J49: =IFERROR((J30/$Q49) + I49, 0) -> 0.45 | K49: =IFERROR((K30/$Q49) + J49, 0) -> 0.45 | L49: =IFERROR((L30/$Q49) + K49, 0) -> 0.45 | M49: =IFERROR((M30/$Q49) + L49, 0) -> 0.45 | N49: =IFERROR((N30/$Q49) + M49, 0) -> 0.45 | O49: =IFERROR((O30/$Q49) + N49, 0) -> 0.45 | Q49: 10
C50: nth Bio | D50: =IF(ISBLANK(D31), "", D31) -> SBL Pilot | G50: =IFERROR((G31/$Q50) + F50, 0) -> 0.5 | H50: =IFERROR((H31/$Q50) + G50, 0) -> 0.9 | I50: =IFERROR((I31/$Q50) + H50, 0) -> 1.3 | J50: =IFERROR((J31/$Q50) + I50, 0) -> 1.5 | K50: =IFERROR((K31/$Q50) + J50, 0) -> 1.5 | L50: =IFERROR((L31/$Q50) + K50, 0) -> 1.5 | M50: =IFERROR((M31/$Q50) + L50, 0) -> 1.5 | N50: =IFERROR((N31/$Q50) + M50, 0) -> 1.5 | O50: =IFERROR((O31/$Q50) + N50, 0) -> 1.5 | Q50: 10
C51: nth Bio | D51: =IF(ISBLANK(D32), "", D32) -> Other R&D | G51: =IFERROR((G32/$Q51) + F51, 0) -> 0.05 | H51: =IFERROR((H32/$Q51) + G51, 0) -> 0.75 | I51: =IFERROR((I32/$Q51) + H51, 0) -> 1.45 | J51: =IFERROR((J32/$Q51) + I51, 0) -> 2.15 | K51: =IFERROR((K32/$Q51) + J51, 0) -> 2.3 | L51: =IFERROR((L32/$Q51) + K51, 0) -> 2.45 | M51: =IFERROR((M32/$Q51) + L51, 0) -> 2.6 | N51: =IFERROR((N32/$Q51) + M51, 0) -> 2.75 | O51: =IFERROR((O32/$Q51) + N51, 0) -> 2.9 | Q51: 10
C52: B2B Global | D52: =IF(ISBLANK(D33), "", D33) -> Zebu 400 | G52: =IFERROR((G33/$Q52) + F52, 0) -> 0 | H52: =IFERROR((H33/$Q52) + G52, 0) -> 0 | I52: =IFERROR((I33/$Q52) + H52, 0) -> 0 | J52: =IFERROR((J33/$Q52) + I52, 0) -> 0 | K52: =IFERROR((K33/$Q52) + J52, 0) -> 0 | L52: =IFERROR((L33/$Q52) + K52, 0) -> 0 | M52: =IFERROR((M33/$Q52) + L52, 0) -> 0 | N52: =IFERROR((N33/$Q52) + M52, 0) -> 0 | O52: =IFERROR((O33/$Q52) + N52, 0) -> 0 | Q52: 15
C53: B2B Global | D53: =IF(ISBLANK(D34), "", D34) -> Zebu 1000 | G53: =(IFERROR((G34/$Q53) + F53, 0))+8 -> 12.733333 | H53: =(IFERROR((H34/$Q53) + G53, 0))+8 -> 20.733333 | I53: =(IFERROR((I34/$Q53) + H53, 0))+8 -> 28.733333 | J53: =(IFERROR((J34/$Q53) + I53, 0))+8 -> 36.733333 | K53: =(IFERROR((K34/$Q53) + J53, 0))+8 -> 44.733333 | L53: =(IFERROR((L34/$Q53) + K53, 0))+8 -> 52.733333 | M53: =(IFERROR((M34/$Q53) + L53, 0))+8 -> 60.733333 | N53: =(IFERROR((N34/$Q53) + M53, 0))+8 -> 68.733333 | O53: =(IFERROR((O34/$Q53) + N53, 0))+8 -> 76.733333 | Q53: 15
C54: B2B Global | D54: =IF(ISBLANK(D35), "", D35) -> Zebu 1500 | G54: =IFERROR((G35/$Q54) + F54, 0) -> 0 | H54: =IFERROR((H35/$Q54) + G54, 0) -> 0 | I54: =IFERROR((I35/$Q54) + H54, 0) -> 0 | J54: =IFERROR((J35/$Q54) + I54, 0) -> 0 | K54: =IFERROR((K35/$Q54) + J54, 0) -> 0 | L54: =IFERROR((L35/$Q54) + K54, 0) -> 0 | M54: =IFERROR((M35/$Q54) + L54, 0) -> 0 | N54: =IFERROR((N35/$Q54) + M54, 0) -> 0 | O54: =IFERROR((O35/$Q54) + N54, 0) -> 0 | Q54: 15
C55: B2B Global | D55: =IF(ISBLANK(D36), "", D36) -> Project Pele | G55: =_xlfn.XLOOKUP(G$5, 'Project Pele ROI'!$F$29:$AL$29, 'Project Pele ROI'!$F$38:$AL$38, 0) / 1000 -> 0 | H55: =_xlfn.XLOOKUP(H$5, 'Project Pele ROI'!$F$29:$AL$29, 'Project Pele ROI'!$F$38:$AL$38, 0) / 1000 -> 0 | I55: =_xlfn.XLOOKUP(I$5, 'Project Pele ROI'!$F$29:$AL$29, 'Project Pele ROI'!$F$38:$AL$38, 0) / 1000 -> 20.648005 | J55: =_xlfn.XLOOKUP(J$5, 'Project Pele ROI'!$F$29:$AL$29, 'Project Pele ROI'!$F$38:$AL$38, 0) / 1000 -> 25.594485 | K55: =_xlfn.XLOOKUP(K$5, 'Project Pele ROI'!$F$29:$AL$29, 'Project Pele ROI'!$F$38:$AL$38, 0) / 1000 -> 28.230965 | L55: =_xlfn.XLOOKUP(L$5, 'Project Pele ROI'!$F$29:$AL$29, 'Project Pele ROI'!$F$38:$AL$38, 0) / 1000 -> 29.207445 | M55: =_xlfn.XLOOKUP(M$5, 'Project Pele ROI'!$F$29:$AL$29, 'Project Pele ROI'!$F$38:$AL$38, 0) / 1000 -> 29.517258 | N55: =_xlfn.XLOOKUP(N$5, 'Project Pele ROI'!$F$29:$AL$29, 'Project Pele ROI'!$F$38:$AL$38, 0) / 1000 -> 29.827072 | O55: =_xlfn.XLOOKUP(O$5, 'Project Pele ROI'!$F$29:$AL$29, 'Project Pele ROI'!$F$38:$AL$38, 0) / 1000 -> 30.136885 | Q55: 20
C56: B2B Global | D56: =IF(ISBLANK(D37), "", D37) -> Project Eureka | G56: =_xlfn.XLOOKUP(G$5, 'Project Eureka ROI'!$F$21:$AL$21, 'Project Eureka ROI'!$F$30:$AL$30, 0) / 1000 -> 0 | H56: =_xlfn.XLOOKUP(H$5, 'Project Eureka ROI'!$F$21:$AL$21, 'Project Eureka ROI'!$F$30:$AL$30, 0) / 1000 -> 0 | I56: =_xlfn.XLOOKUP(I$5, 'Project Eureka ROI'!$F$21:$AL$21, 'Project Eureka ROI'!$F$30:$AL$30, 0) / 1000 -> 0 | J56: =_xlfn.XLOOKUP(J$5, 'Project Eureka ROI'!$F$21:$AL$21, 'Project Eureka ROI'!$F$30:$AL$30, 0) / 1000 -> 7.28 | K56: =_xlfn.XLOOKUP(K$5, 'Project Eureka ROI'!$F$21:$AL$21, 'Project Eureka ROI'!$F$30:$AL$30, 0) / 1000 -> 7.3633047 | L56: =_xlfn.XLOOKUP(L$5, 'Project Eureka ROI'!$F$21:$AL$21, 'Project Eureka ROI'!$F$30:$AL$30, 0) / 1000 -> 7.4466093 | M56: =_xlfn.XLOOKUP(M$5, 'Project Eureka ROI'!$F$21:$AL$21, 'Project Eureka ROI'!$F$30:$AL$30, 0) / 1000 -> 7.529914 | N56: =_xlfn.XLOOKUP(N$5, 'Project Eureka ROI'!$F$21:$AL$21, 'Project Eureka ROI'!$F$30:$AL$30, 0) / 1000 -> 7.6132187 | O56: =_xlfn.XLOOKUP(O$5, 'Project Eureka ROI'!$F$21:$AL$21, 'Project Eureka ROI'!$F$30:$AL$30, 0) / 1000 -> 7.6965233 | Q56: 20
C57: nth Bio | D57: =IF(ISBLANK(D38), "", D38) -> Salt Lake City | G57: =IFERROR((G38/$Q57) + F57, 0) -> 1.3333333 | H57: =IFERROR((H38/$Q57) + G57, 0) -> 1.3333333 | I57: =IFERROR((I38/$Q57) + H57, 0) -> 1.3333333 | J57: =IFERROR((J38/$Q57) + I57, 0) -> 1.3333333 | K57: =IFERROR((K38/$Q57) + J57, 0) -> 1.3333333 | L57: =IFERROR((L38/$Q57) + K57, 0) -> 1.3333333 | M57: =IFERROR((M38/$Q57) + L57, 0) -> 1.3333333 | N57: =IFERROR((N38/$Q57) + M57, 0) -> 1.3333333 | O57: =IFERROR((O38/$Q57) + N57, 0) -> 1.3333333 | Q57: 15
C58: B2B Global | D58: =IF(ISBLANK(D39), "", D39) -> Project Playground | G58: =_xlfn.XLOOKUP(G$5, 'Project Playground ROI'!$F$29:$AL$29, 'Project Playground ROI'!$F$38:$AL$38, 0) / 1000 -> 0 | H58: =_xlfn.XLOOKUP(H$5, 'Project Playground ROI'!$F$29:$AL$29, 'Project Playground ROI'!$F$38:$AL$38, 0) / 1000 -> 0 | I58: =_xlfn.XLOOKUP(I$5, 'Project Playground ROI'!$F$29:$AL$29, 'Project Playground ROI'!$F$38:$AL$38, 0) / 1000 -> 0 | J58: =_xlfn.XLOOKUP(J$5, 'Project Playground ROI'!$F$29:$AL$29, 'Project Playground ROI'!$F$38:$AL$38, 0) / 1000 -> 12.954451 | K58: =_xlfn.XLOOKUP(K$5, 'Project Playground ROI'!$F$29:$AL$29, 'Project Playground ROI'!$F$38:$AL$38, 0) / 1000 -> 14.622329 | L58: =_xlfn.XLOOKUP(L$5, 'Project Playground ROI'!$F$29:$AL$29, 'Project Playground ROI'!$F$38:$AL$38, 0) / 1000 -> 16.641873 | M58: =_xlfn.XLOOKUP(M$5, 'Project Playground ROI'!$F$29:$AL$29, 'Project Playground ROI'!$F$38:$AL$38, 0) / 1000 -> 16.828084 | N58: =_xlfn.XLOOKUP(N$5, 'Project Playground ROI'!$F$29:$AL$29, 'Project Playground ROI'!$F$38:$AL$38, 0) / 1000 -> 17.014295 | O58: =_xlfn.XLOOKUP(O$5, 'Project Playground ROI'!$F$29:$AL$29, 'Project Playground ROI'!$F$38:$AL$38, 0) / 1000 -> 17.200507 | Q58: 20
C59: B2B Global | D59: SBL (Existing)
C60: B2B Global | D60: =IF(ISBLANK(D40), "", D40)
D61: =IF(ISBLANK(D42), "", D42) | G61: =IFERROR((G42/$Q61) + F61, 0) -> 0 | H61: =IFERROR((H42/$Q61) + G61, 0) -> 0 | I61: =IFERROR((I42/$Q61) + H61, 0) -> 0 | J61: =IFERROR((J42/$Q61) + I61, 0) -> 0 | K61: =IFERROR((K42/$Q61) + J61, 0) -> 0 | L61: =IFERROR((L42/$Q61) + K61, 0) -> 0 | M61: =IFERROR((M42/$Q61) + L61, 0) -> 0 | N61: =IFERROR((N42/$Q61) + M61, 0) -> 0 | O61: =IFERROR((O42/$Q61) + N61, 0) -> 0
C62: B2B Global | D62: Current Depreciation
C63: Total Depreciation | E63: =SUM(E47:E62) -> 0 | F63: =SUM(F47:F62) -> 0 | G63: =SUM(G47:G62) -> 15.066667 | H63: =SUM(H47:H62) -> 24.682667 | I63: =SUM(I47:I62) -> 54.680471 | J63: =SUM(J47:J62) -> 88.995102 | K63: =SUM(K47:K62) -> 101.53276 | L63: =SUM(L47:L62) -> 112.76209 | ... O63: =SUM(O47:O62) -> 138.95008
D64: Acum. Depr. | F64: =SUM(F$47:F$62) + E64 -> 0 | G64: =SUM(G$47:G$62) + F64 -> 15.066667 | H64: =SUM(H$47:H$62) + G64 -> 39.749333 | I64: =SUM(I$47:I$62) + H64 -> 94.429805 | J64: =SUM(J$47:J$62) + I64 -> 183.42491 | K64: =SUM(K$47:K$62) + J64 -> 284.95767 | L64: =SUM(L$47:L$62) + K64 -> 397.71977 | M64: =SUM(M$47:M$62) + L64 -> 519.21119 | ... O64: =SUM(O$47:O$62) + N64 -> 788.38202
B66: Financing
C67: Sources of Cash (Equity)
D68: Series E I | G68: 500
D71: Pre-IPO
D72: Project Playground | E72: =_xlfn.XLOOKUP(E$5, 'Project Playground Fin.'!$D$4:$AJ$4, 'Project Playground Fin.'!$D$17:$AJ$17, 0) / 1000000 -> 0 | F72: =_xlfn.XLOOKUP(F$5, 'Project Playground Fin.'!$D$4:$AJ$4, 'Project Playground Fin.'!$D$17:$AJ$17, 0) / 1000000 -> 0 | G72: =(_xlfn.XLOOKUP(G$5, 'Project Playground Fin.'!$D$4:$AJ$4, 'Project Playground Fin.'!$D$17:$AJ$17, 0) / 1000000)*Pct_JV -> 0 | H72: =(_xlfn.XLOOKUP(H$5, 'Project Playground Fin.'!$D$4:$AJ$4, 'Project Playground Fin.'!$D$17:$AJ$17, 0) / 1000000)*Pct_JV -> 44.716768 | I72: =(_xlfn.XLOOKUP(I$5, 'Project Playground Fin.'!$D$4:$AJ$4, 'Project Playground Fin.'!$D$17:$AJ$17, 0) / 1000000)*Pct_JV -> 47.009936 | J72: =(_xlfn.XLOOKUP(J$5, 'Project Playground Fin.'!$D$4:$AJ$4, 'Project Playground Fin.'!$D$17:$AJ$17, 0) / 1000000)*Pct_JV -> 22.931676 | K72: =(_xlfn.XLOOKUP(K$5, 'Project Playground Fin.'!$D$4:$AJ$4, 'Project Playground Fin.'!$D$17:$AJ$17, 0) / 1000000)*Pct_JV -> 11.25 | L72: =(_xlfn.XLOOKUP(L$5, 'Project Playground Fin.'!$D$4:$AJ$4, 'Project Playground Fin.'!$D$17:$AJ$17, 0) / 1000000)*Pct_JV -> 13.75 | M72: =(_xlfn.XLOOKUP(M$5, 'Project Playground Fin.'!$D$4:$AJ$4, 'Project Playground Fin.'!$D$17:$AJ$17, 0) / 1000000)*Pct_JV -> 0 | N72: =(_xlfn.XLOOKUP(N$5, 'Project Playground Fin.'!$D$4:$AJ$4, 'Project Playground Fin.'!$D$17:$AJ$17, 0) / 1000000)*Pct_JV -> 0 | O72: =(_xlfn.XLOOKUP(O$5, 'Project Playground Fin.'!$D$4:$AJ$4, 'Project Playground Fin.'!$D$17:$AJ$17, 0) / 1000000)*Pct_JV -> 0
C75: Total Cash In (Equity) | E75: =SUM(E68:E74) -> 0 | F75: =SUM(F68:F74) -> 0 | G75: =SUM(G68:G74) -> 500 | H75: =SUM(H68:H74) -> 44.716768 | I75: =SUM(I68:I74) -> 47.009936 | J75: =SUM(J68:J74) -> 22.931676 | K75: =SUM(K68:K74) -> 11.25 | L75: =SUM(L68:L74) -> 13.75 | ... O75: =SUM(O68:O74) -> 0
C77: Sources of Cash (Debt)
D78: Z1000 External | G78: 16 | Q78: =SUM(E78:N78) -> 16
D79: Z1000 Olon | G79: 55 | Q79: =SUM(E79:N79) -> 55
D80: SLC Financing | G80: 20 | Q80: =SUM(E80:N80) -> 20
D81: Nth Bio I | H81: 10 | Q81: =SUM(E81:N81) -> 10
D82: Nth Bio II | I82: 10 | Q82: =SUM(E82:N82) -> 10
D83: Nth Bio III | J83: 10 | Q83: =SUM(E83:N83) -> 10
Q84: =SUM(E84:N84) -> 0
Q85: =SUM(E85:N85) -> 0
Q86: =SUM(E86:N86) -> 0
Q87: =SUM(E87:N87) -> 0
Q88: =SUM(E88:N88) -> 0
D89: Refinancing I | J89: 100 | Q89: =SUM(E89:N89) -> 100
Q90: =SUM(E90:N90) -> 0
Q91: =SUM(E91:N91) -> 0
C92: Total Cash In (Debt) | E92: =SUM(E78:E91) -> 0 | F92: =SUM(F78:F91) -> 0 | G92: =SUM(G78:G91) -> 91 | H92: =SUM(H78:H91) -> 10 | I92: =SUM(I78:I91) -> 10 | J92: =SUM(J78:J91) -> 110 | K92: =SUM(K78:K91) -> 0 | L92: =SUM(L78:L91) -> 0 | ... O92: =SUM(O78:O91) -> 0
B94: Debt Repayments
C95: Loan Term
D96: =IF(ISBLANK(D78), "", D78) -> Z1000 External | E96: 5
D97: =IF(ISBLANK(D79), "", D79) -> Z1000 Olon | E97: 5
D98: =IF(ISBLANK(D80), "", D80) -> SLC Financing | E98: 5
D99: =IF(ISBLANK(D81), "", D81) -> Nth Bio I | E99: 5
D100: =IF(ISBLANK(D82), "", D82) -> Nth Bio II | E100: 5
D101: =IF(ISBLANK(D83), "", D83) -> Nth Bio III | E101: 5
D102: =IF(ISBLANK(D84), "", D84)
D103: =IF(ISBLANK(D85), "", D85)
D104: =IF(ISBLANK(D86), "", D86)
D105: =IF(ISBLANK(D87), "", D87)
D106: =IF(ISBLANK(D88), "", D88)
D107: =IF(ISBLANK(D89), "", D89) -> Refinancing I | E107: 15
D108: =IF(ISBLANK(D90), "", D90)
D109: =IF(ISBLANK(D91), "", D91)
C111: Interest Rate
D112: =IF(ISBLANK(D96), "", D96) -> Z1000 External | E112: 0.12
D113: =IF(ISBLANK(D97), "", D97) -> Z1000 Olon | E113: 0.06
D114: =IF(ISBLANK(D98), "", D98) -> SLC Financing | E114: 0.1
D115: =IF(ISBLANK(D99), "", D99) -> Nth Bio I | E115: 0.1
D116: =IF(ISBLANK(D100), "", D100) -> Nth Bio II | E116: 0.1
D117: =IF(ISBLANK(D101), "", D101) -> Nth Bio III | E117: 0.1
D118: =IF(ISBLANK(D102), "", D102)
D119: =IF(ISBLANK(D103), "", D103)
D120: =IF(ISBLANK(D104), "", D104)
D121: =IF(ISBLANK(D105), "", D105)
D122: =IF(ISBLANK(D106), "", D106)
D123: =IF(ISBLANK(D107), "", D107) -> Refinancing I | E123: 0.08
D124: =IF(ISBLANK(D108), "", D108)
D125: =IF(ISBLANK(D109), "", D109)
C127: Payment Period
D128: =IF(ISBLANK(D78), "", D78) -> Z1000 External | F128: =IF(IF(F78 <> 0, 1, 0) + IF(E128 >= 1, E128 + 1, 0) <= $E96, IF(F78 <> 0, 1, 0) + IF(E128 >= 1, E128 + 1, 0), 0) -> 0 | G128: =IF(G$5 < CMO_Asset_Sale_Yr, IF(IF(G78 <> 0, 1, 0) + IF(F128 >= 1, F128 + 1, 0) <= $E96, IF(G78 <> 0, 1, 0) + IF(F128 >= 1, F128 + 1, 0), 0), 0) -> 1 | H128: =IF(H$5 < CMO_Asset_Sale_Yr, IF(IF(H78 <> 0, 1, 0) + IF(G128 >= 1, G128 + 1, 0) <= $E96, IF(H78 <> 0, 1, 0) + IF(G128 >= 1, G128 + 1, 0), 0), 0) -> 2 | I128: =IF(I$5 < CMO_Asset_Sale_Yr, IF(IF(I78 <> 0, 1, 0) + IF(H128 >= 1, H128 + 1, 0) <= $E96, IF(I78 <> 0, 1, 0) + IF(H128 >= 1, H128 + 1, 0), 0), 0) -> 3 | J128: =IF(J$5 < CMO_Asset_Sale_Yr, IF(IF(J78 <> 0, 1, 0) + IF(I128 >= 1, I128 + 1, 0) <= $E96, IF(J78 <> 0, 1, 0) + IF(I128 >= 1, I128 + 1, 0), 0), 0) -> 4 | K128: =IF(K$5 < CMO_Asset_Sale_Yr, IF(IF(K78 <> 0, 1, 0) + IF(J128 >= 1, J128 + 1, 0) <= $E96, IF(K78 <> 0, 1, 0) + IF(J128 >= 1, J128 + 1, 0), 0), 0) -> 0 | L128: =IF(L$5 < CMO_Asset_Sale_Yr, IF(IF(L78 <> 0, 1, 0) + IF(K128 >= 1, K128 + 1, 0) <= $E96, IF(L78 <> 0, 1, 0) + IF(K128 >= 1, K128 + 1, 0), 0), 0) -> 0 | M128: =IF(M$5 < CMO_Asset_Sale_Yr, IF(IF(M78 <> 0, 1, 0) + IF(L128 >= 1, L128 + 1, 0) <= $E96, IF(M78 <> 0, 1, 0) + IF(L128 >= 1, L128 + 1, 0), 0), 0) -> 0 | N128: =IF(N$5 < CMO_Asset_Sale_Yr, IF(IF(N78 <> 0, 1, 0) + IF(M128 >= 1, M128 + 1, 0) <= $E96, IF(N78 <> 0, 1, 0) + IF(M128 >= 1, M128 + 1, 0), 0), 0) -> 0 | O128: =IF(O$5 < CMO_Asset_Sale_Yr, IF(IF(O78 <> 0, 1, 0) + IF(N128 >= 1, N128 + 1, 0) <= $E96, IF(O78 <> 0, 1, 0) + IF(N128 >= 1, N128 + 1, 0), 0), 0) -> 0
D129: =IF(ISBLANK(D79), "", D79) -> Z1000 Olon | F129: =IF(IF(F79 <> 0, 1, 0) + IF(E129 >= 1, E129 + 1, 0) <= $E97, IF(F79 <> 0, 1, 0) + IF(E129 >= 1, E129 + 1, 0), 0) -> 0 | G129: =IF(G$5 < CMO_Asset_Sale_Yr, IF(IF(G79 <> 0, 1, 0) + IF(F129 >= 1, F129 + 1, 0) <= $E97, IF(G79 <> 0, 1, 0) + IF(F129 >= 1, F129 + 1, 0), 0), 0) -> 1 | H129: =IF(H$5 < CMO_Asset_Sale_Yr, IF(IF(H79 <> 0, 1, 0) + IF(G129 >= 1, G129 + 1, 0) <= $E97, IF(H79 <> 0, 1, 0) + IF(G129 >= 1, G129 + 1, 0), 0), 0) -> 2 | I129: =IF(I$5 < CMO_Asset_Sale_Yr, IF(IF(I79 <> 0, 1, 0) + IF(H129 >= 1, H129 + 1, 0) <= $E97, IF(I79 <> 0, 1, 0) + IF(H129 >= 1, H129 + 1, 0), 0), 0) -> 3 | J129: =IF(J$5 < CMO_Asset_Sale_Yr, IF(IF(J79 <> 0, 1, 0) + IF(I129 >= 1, I129 + 1, 0) <= $E97, IF(J79 <> 0, 1, 0) + IF(I129 >= 1, I129 + 1, 0), 0), 0) -> 4 | K129: =IF(K$5 < CMO_Asset_Sale_Yr, IF(IF(K79 <> 0, 1, 0) + IF(J129 >= 1, J129 + 1, 0) <= $E97, IF(K79 <> 0, 1, 0) + IF(J129 >= 1, J129 + 1, 0), 0), 0) -> 0 | L129: =IF(L$5 < CMO_Asset_Sale_Yr, IF(IF(L79 <> 0, 1, 0) + IF(K129 >= 1, K129 + 1, 0) <= $E97, IF(L79 <> 0, 1, 0) + IF(K129 >= 1, K129 + 1, 0), 0), 0) -> 0 | M129: =IF(M$5 < CMO_Asset_Sale_Yr, IF(IF(M79 <> 0, 1, 0) + IF(L129 >= 1, L129 + 1, 0) <= $E97, IF(M79 <> 0, 1, 0) + IF(L129 >= 1, L129 + 1, 0), 0), 0) -> 0 | N129: =IF(N$5 < CMO_Asset_Sale_Yr, IF(IF(N79 <> 0, 1, 0) + IF(M129 >= 1, M129 + 1, 0) <= $E97, IF(N79 <> 0, 1, 0) + IF(M129 >= 1, M129 + 1, 0), 0), 0) -> 0 | O129: =IF(O$5 < CMO_Asset_Sale_Yr, IF(IF(O79 <> 0, 1, 0) + IF(N129 >= 1, N129 + 1, 0) <= $E97, IF(O79 <> 0, 1, 0) + IF(N129 >= 1, N129 + 1, 0), 0), 0) -> 0
D130: =IF(ISBLANK(D80), "", D80) -> SLC Financing | F130: =IF(IF(F80 <> 0, 1, 0) + IF(E130 >= 1, E130 + 1, 0) <= $E98, IF(F80 <> 0, 1, 0) + IF(E130 >= 1, E130 + 1, 0), 0) -> 0 | G130: =IF(IF(G80 <> 0, 1, 0) + IF(F130 >= 1, F130 + 1, 0) <= $E98, IF(G80 <> 0, 1, 0) + IF(F130 >= 1, F130 + 1, 0), 0) -> 1 | H130: =IF(IF(H80 <> 0, 1, 0) + IF(G130 >= 1, G130 + 1, 0) <= $E98, IF(H80 <> 0, 1, 0) + IF(G130 >= 1, G130 + 1, 0), 0) -> 2 | I130: =IF(IF(I80 <> 0, 1, 0) + IF(H130 >= 1, H130 + 1, 0) <= $E98, IF(I80 <> 0, 1, 0) + IF(H130 >= 1, H130 + 1, 0), 0) -> 3 | J130: =IF(IF(J80 <> 0, 1, 0) + IF(I130 >= 1, I130 + 1, 0) <= $E98, IF(J80 <> 0, 1, 0) + IF(I130 >= 1, I130 + 1, 0), 0) -> 4 | K130: =IF(IF(K80 <> 0, 1, 0) + IF(J130 >= 1, J130 + 1, 0) <= $E98, IF(K80 <> 0, 1, 0) + IF(J130 >= 1, J130 + 1, 0), 0) -> 5 | L130: =IF(IF(L80 <> 0, 1, 0) + IF(K130 >= 1, K130 + 1, 0) <= $E98, IF(L80 <> 0, 1, 0) + IF(K130 >= 1, K130 + 1, 0), 0) -> 0 | M130: =IF(IF(M80 <> 0, 1, 0) + IF(L130 >= 1, L130 + 1, 0) <= $E98, IF(M80 <> 0, 1, 0) + IF(L130 >= 1, L130 + 1, 0), 0) -> 0 | ... O130: =IF(IF(O80 <> 0, 1, 0) + IF(N130 >= 1, N130 + 1, 0) <= $E98, IF(O80 <> 0, 1, 0) + IF(N130 >= 1, N130 + 1, 0), 0) -> 0
D131: =IF(ISBLANK(D81), "", D81) -> Nth Bio I | F131: =IF(IF(F81 <> 0, 1, 0) + IF(E131 >= 1, E131 + 1, 0) <= $E99, IF(F81 <> 0, 1, 0) + IF(E131 >= 1, E131 + 1, 0), 0) -> 0 | G131: =IF(IF(G81 <> 0, 1, 0) + IF(F131 >= 1, F131 + 1, 0) <= $E99, IF(G81 <> 0, 1, 0) + IF(F131 >= 1, F131 + 1, 0), 0) -> 0 | H131: =IF(IF(H81 <> 0, 1, 0) + IF(G131 >= 1, G131 + 1, 0) <= $E99, IF(H81 <> 0, 1, 0) + IF(G131 >= 1, G131 + 1, 0), 0) -> 1 | I131: =IF(IF(I81 <> 0, 1, 0) + IF(H131 >= 1, H131 + 1, 0) <= $E99, IF(I81 <> 0, 1, 0) + IF(H131 >= 1, H131 + 1, 0), 0) -> 2 | J131: =IF(IF(J81 <> 0, 1, 0) + IF(I131 >= 1, I131 + 1, 0) <= $E99, IF(J81 <> 0, 1, 0) + IF(I131 >= 1, I131 + 1, 0), 0) -> 3 | K131: =IF(IF(K81 <> 0, 1, 0) + IF(J131 >= 1, J131 + 1, 0) <= $E99, IF(K81 <> 0, 1, 0) + IF(J131 >= 1, J131 + 1, 0), 0) -> 4 | L131: =IF(IF(L81 <> 0, 1, 0) + IF(K131 >= 1, K131 + 1, 0) <= $E99, IF(L81 <> 0, 1, 0) + IF(K131 >= 1, K131 + 1, 0), 0) -> 5 | M131: =IF(IF(M81 <> 0, 1, 0) + IF(L131 >= 1, L131 + 1, 0) <= $E99, IF(M81 <> 0, 1, 0) + IF(L131 >= 1, L131 + 1, 0), 0) -> 0 | ... O131: =IF(IF(O81 <> 0, 1, 0) + IF(N131 >= 1, N131 + 1, 0) <= $E99, IF(O81 <> 0, 1, 0) + IF(N131 >= 1, N131 + 1, 0), 0) -> 0
D132: =IF(ISBLANK(D82), "", D82) -> Nth Bio II | F132: =IF(IF(F82 <> 0, 1, 0) + IF(E132 >= 1, E132 + 1, 0) <= $E100, IF(F82 <> 0, 1, 0) + IF(E132 >= 1, E132 + 1, 0), 0) -> 0 | G132: =IF(IF(G82 <> 0, 1, 0) + IF(F132 >= 1, F132 + 1, 0) <= $E100, IF(G82 <> 0, 1, 0) + IF(F132 >= 1, F132 + 1, 0), 0) -> 0 | H132: =IF(IF(H82 <> 0, 1, 0) + IF(G132 >= 1, G132 + 1, 0) <= $E100, IF(H82 <> 0, 1, 0) + IF(G132 >= 1, G132 + 1, 0), 0) -> 0 | I132: =IF(IF(I82 <> 0, 1, 0) + IF(H132 >= 1, H132 + 1, 0) <= $E100, IF(I82 <> 0, 1, 0) + IF(H132 >= 1, H132 + 1, 0), 0) -> 1 | J132: =IF(IF(J82 <> 0, 1, 0) + IF(I132 >= 1, I132 + 1, 0) <= $E100, IF(J82 <> 0, 1, 0) + IF(I132 >= 1, I132 + 1, 0), 0) -> 2 | K132: =IF(IF(K82 <> 0, 1, 0) + IF(J132 >= 1, J132 + 1, 0) <= $E100, IF(K82 <> 0, 1, 0) + IF(J132 >= 1, J132 + 1, 0), 0) -> 3 | L132: =IF(IF(L82 <> 0, 1, 0) + IF(K132 >= 1, K132 + 1, 0) <= $E100, IF(L82 <> 0, 1, 0) + IF(K132 >= 1, K132 + 1, 0), 0) -> 4 | M132: =IF(IF(M82 <> 0, 1, 0) + IF(L132 >= 1, L132 + 1, 0) <= $E100, IF(M82 <> 0, 1, 0) + IF(L132 >= 1, L132 + 1, 0), 0) -> 5 | ... O132: =IF(IF(O82 <> 0, 1, 0) + IF(N132 >= 1, N132 + 1, 0) <= $E100, IF(O82 <> 0, 1, 0) + IF(N132 >= 1, N132 + 1, 0), 0) -> 0
D133: =IF(ISBLANK(D83), "", D83) -> Nth Bio III | F133: =IF(IF(F83 <> 0, 1, 0) + IF(E133 >= 1, E133 + 1, 0) <= $E101, IF(F83 <> 0, 1, 0) + IF(E133 >= 1, E133 + 1, 0), 0) -> 0 | G133: =IF(IF(G83 <> 0, 1, 0) + IF(F133 >= 1, F133 + 1, 0) <= $E101, IF(G83 <> 0, 1, 0) + IF(F133 >= 1, F133 + 1, 0), 0) -> 0 | H133: =IF(IF(H83 <> 0, 1, 0) + IF(G133 >= 1, G133 + 1, 0) <= $E101, IF(H83 <> 0, 1, 0) + IF(G133 >= 1, G133 + 1, 0), 0) -> 0 | I133: =IF(IF(I83 <> 0, 1, 0) + IF(H133 >= 1, H133 + 1, 0) <= $E101, IF(I83 <> 0, 1, 0) + IF(H133 >= 1, H133 + 1, 0), 0) -> 0 | J133: =IF(IF(J83 <> 0, 1, 0) + IF(I133 >= 1, I133 + 1, 0) <= $E101, IF(J83 <> 0, 1, 0) + IF(I133 >= 1, I133 + 1, 0), 0) -> 1 | K133: =IF(IF(K83 <> 0, 1, 0) + IF(J133 >= 1, J133 + 1, 0) <= $E101, IF(K83 <> 0, 1, 0) + IF(J133 >= 1, J133 + 1, 0), 0) -> 2 | L133: =IF(IF(L83 <> 0, 1, 0) + IF(K133 >= 1, K133 + 1, 0) <= $E101, IF(L83 <> 0, 1, 0) + IF(K133 >= 1, K133 + 1, 0), 0) -> 3 | M133: =IF(IF(M83 <> 0, 1, 0) + IF(L133 >= 1, L133 + 1, 0) <= $E101, IF(M83 <> 0, 1, 0) + IF(L133 >= 1, L133 + 1, 0), 0) -> 4 | ... O133: =IF(IF(O83 <> 0, 1, 0) + IF(N133 >= 1, N133 + 1, 0) <= $E101, IF(O83 <> 0, 1, 0) + IF(N133 >= 1, N133 + 1, 0), 0) -> 0
...

Sheet Cashflow
B1: Perfect Day Group
B2: Cashflow
B4: (in Millions)
B5: Perfect Day Consolidated | E5: 2023 | F5: 2024 | G5: 2025 | H5: 2026 | I5: 2027 | J5: 2028 | K5: 2029 | L5: 2030 | M5: 2031
B7: Cash flow from Operating Activities
D8: Net Income | E8: ='Balance Sheet'!F$54 - 'Balance Sheet'!E$54 -> -146.41153 | F8: ='Balance Sheet'!G$54 - 'Balance Sheet'!F$54 -> -121.56935 | G8: ='Balance Sheet'!H$54 - 'Balance Sheet'!G$54 -> -132.09203 | H8: ='Balance Sheet'!I$54 - 'Balance Sheet'!H$54 -> -90.224843 | I8: ='Balance Sheet'!J$54 - 'Balance Sheet'!I$54 -> -3.8514418 | J8: ='Balance Sheet'!K$54 - 'Balance Sheet'!J$54 -> 2.8916419 | K8: ='Balance Sheet'!L$54 - 'Balance Sheet'!K$54 -> 16.198954 | L8: ='Balance Sheet'!M$54 - 'Balance Sheet'!L$54 -> 21.888681 | M8: ='Balance Sheet'!N$54 - 'Balance Sheet'!M$54 -> 15.746862
D9: Depreciation | E9: ='CAPEX & Financing'!G$63 -> 15.066667 | F9: ='CAPEX & Financing'!H$63 -> 24.682667 | G9: ='CAPEX & Financing'!I$63 -> 54.680471 | H9: ='CAPEX & Financing'!J$63 -> 88.995102 | I9: ='CAPEX & Financing'!K$63 -> 101.53276 | J9: ='CAPEX & Financing'!L$63 -> 112.76209 | K9: ='CAPEX & Financing'!M$63 -> 121.49142 | L9: ='CAPEX & Financing'!N$63 -> 130.22075 | M9: ='CAPEX & Financing'!O$63 -> 138.95008
D10: Change in A/R | E10: =-('Balance Sheet'!F$9 - 'Balance Sheet'!E$9) -> 0.36305054 | F10: =-('Balance Sheet'!G$9 - 'Balance Sheet'!F$9) -> -0.99513272 | G10: =-('Balance Sheet'!H$9 - 'Balance Sheet'!G$9) -> -3.1255666 | H10: =-('Balance Sheet'!I$9 - 'Balance Sheet'!H$9) -> -14.885502 | I10: =-('Balance Sheet'!J$9 - 'Balance Sheet'!I$9) -> -18.446986 | J10: =-('Balance Sheet'!K$9 - 'Balance Sheet'!J$9) -> -4.7035813 | K10: =-('Balance Sheet'!L$9 - 'Balance Sheet'!K$9) -> -3.4712127 | L10: =-('Balance Sheet'!M$9 - 'Balance Sheet'!L$9) -> -1.5012457 | M10: =-('Balance Sheet'!N$9 - 'Balance Sheet'!M$9) -> -0.54324714
D11: Change in A/P | E11: =('Balance Sheet'!F$43 - 'Balance Sheet'!E$43) -> 10.763632 | F11: =('Balance Sheet'!G$43 - 'Balance Sheet'!F$43) -> -0.64551596 | G11: =('Balance Sheet'!H$43 - 'Balance Sheet'!G$43) -> 3.349213 | H11: =('Balance Sheet'!I$43 - 'Balance Sheet'!H$43) -> 12.114168 | I11: =('Balance Sheet'!J$43 - 'Balance Sheet'!I$43) -> 13.76915 | J11: =('Balance Sheet'!K$43 - 'Balance Sheet'!J$43) -> 5.5963255 | K11: =('Balance Sheet'!L$43 - 'Balance Sheet'!K$43) -> 2.9746553 | L11: =('Balance Sheet'!M$43 - 'Balance Sheet'!L$43) -> 1.697193 | M11: =('Balance Sheet'!N$43 - 'Balance Sheet'!M$43) -> 0.45883782
D12: Change in Inventory | E12: =-('Balance Sheet'!F$10 - 'Balance Sheet'!E$10) -> 6.2121704 | F12: =-('Balance Sheet'!G$10 - 'Balance Sheet'!F$10) -> -0.92135888 | G12: =-('Balance Sheet'!H$10 - 'Balance Sheet'!G$10) -> -1.9213777 | H12: =-('Balance Sheet'!I$10 - 'Balance Sheet'!H$10) -> -4.9449713 | I12: =-('Balance Sheet'!J$10 - 'Balance Sheet'!I$10) -> 0.80162733 | J12: =-('Balance Sheet'!K$10 - 'Balance Sheet'!J$10) -> -1.7962365 | K12: =-('Balance Sheet'!L$10 - 'Balance Sheet'!K$10) -> -0.93619654 | L12: =-('Balance Sheet'!M$10 - 'Balance Sheet'!L$10) -> -0.49818058 | M12: =-('Balance Sheet'!N$10 - 'Balance Sheet'!M$10) -> -0.062781963
B13: Cash Generated from Operations | E13: =SUM(E8:E12) -> -114.00601 | F13: =SUM(F8:F12) -> -99.448689 | G13: =SUM(G8:G12) -> -79.10929 | H13: =SUM(H8:H12) -> -8.9460457 | I13: =SUM(I8:I12) -> 93.805114 | J13: =SUM(J8:J12) -> 114.75024 | K13: =SUM(K8:K12) -> 136.25762 | L13: =SUM(L8:L12) -> 151.8072 | M13: =SUM(M8:M12) -> 154.54975
B15: Cash flow from Investing Activities | E15: =-(SUM('Balance Sheet'!F$16:F$26) - SUM('Balance Sheet'!E$16:E$26)) - ('Balance Sheet'!F$33 - 'Balance Sheet'!E$33) -> -170.94401 | F15: =-(SUM('Balance Sheet'!G$16:G$26) - SUM('Balance Sheet'!F$16:F$26)) - ('Balance Sheet'!G$33 - 'Balance Sheet'!F$33) -> -214.52602 | G15: =-(SUM('Balance Sheet'!H$16:H$26) - SUM('Balance Sheet'!G$16:G$26)) - ('Balance Sheet'!H$33 - 'Balance Sheet'!G$33) -> -286.60034 | H15: =-(SUM('Balance Sheet'!I$16:I$26) - SUM('Balance Sheet'!H$16:H$26)) - ('Balance Sheet'!I$33 - 'Balance Sheet'!H$33) -> -133.45728 | I15: =-(SUM('Balance Sheet'!J$16:J$26) - SUM('Balance Sheet'!I$16:I$26)) - ('Balance Sheet'!J$33 - 'Balance Sheet'!I$33) -> -54.805855 | J15: =-(SUM('Balance Sheet'!K$16:K$26) - SUM('Balance Sheet'!J$16:J$26)) - ('Balance Sheet'!K$33 - 'Balance Sheet'!J$33) -> -32.543355 | K15: =-(SUM('Balance Sheet'!L$16:L$26) - SUM('Balance Sheet'!K$16:K$26)) - ('Balance Sheet'!L$33 - 'Balance Sheet'!K$33) -> -8.7933545 | L15: =-(SUM('Balance Sheet'!M$16:M$26) - SUM('Balance Sheet'!L$16:L$26)) - ('Balance Sheet'!M$33 - 'Balance Sheet'!L$33) -> -8.7933545 | M15: =-(SUM('Balance Sheet'!N$16:N$26) - SUM('Balance Sheet'!M$16:M$26)) - ('Balance Sheet'!N$33 - 'Balance Sheet'!M$33) -> -8.7933545
B17: Cashlow from Financing Activities
D18: Debt | E18: =('Balance Sheet'!F$49 - 'Balance Sheet'!E$49) -> 92.163141 | F18: =('Balance Sheet'!G$49 - 'Balance Sheet'!F$49) -> 86.8858 | G18: =('Balance Sheet'!H$49 - 'Balance Sheet'!G$49) -> 100.45818 | H18: =('Balance Sheet'!I$49 - 'Balance Sheet'!H$49) -> 121.9061 | I18: =('Balance Sheet'!J$49 - 'Balance Sheet'!I$49) -> -46.771648 | J18: =('Balance Sheet'!K$49 - 'Balance Sheet'!J$49) -> -21.068075 | K18: =('Balance Sheet'!L$49 - 'Balance Sheet'!K$49) -> -84.614945 | L18: =('Balance Sheet'!M$49 - 'Balance Sheet'!L$49) -> -21.314701 | M18: =('Balance Sheet'!N$49 - 'Balance Sheet'!M$49) -> -20.894135
D19: Equity | E19: =(SUM('Balance Sheet'!F$52:F$53) - SUM('Balance Sheet'!E$52:E$53)) -> 500 | F19: =(SUM('Balance Sheet'!G$52:G$53) - SUM('Balance Sheet'!F$52:F$53)) -> 44.716768 | G19: =(SUM('Balance Sheet'!H$52:H$53) - SUM('Balance Sheet'!G$52:G$53)) -> 47.009936 | H19: =(SUM('Balance Sheet'!I$52:I$53) - SUM('Balance Sheet'!H$52:H$53)) -> 22.931676 | I19: =(SUM('Balance Sheet'!J$52:J$53) - SUM('Balance Sheet'!I$52:I$53)) -> 11.25 | J19: =(SUM('Balance Sheet'!K$52:K$53) - SUM('Balance Sheet'!J$52:J$53)) -> 13.75 | K19: =(SUM('Balance Sheet'!L$52:L$53) - SUM('Balance Sheet'!K$52:K$53)) -> 0 | L19: =(SUM('Balance Sheet'!M$52:M$53) - SUM('Balance Sheet'!L$52:L$53)) -> 0 | M19: =(SUM('Balance Sheet'!N$52:N$53) - SUM('Balance Sheet'!M$52:M$53)) -> 0
B20: Net Cash Used in Financing Activities | E20: =SUM(E18:E19) -> 592.16314 | F20: =SUM(F18:F19) -> 131.60257 | G20: =SUM(G18:G19) -> 147.46812 | H20: =SUM(H18:H19) -> 144.83778 | I20: =SUM(I18:I19) -> -35.521648 | J20: =SUM(J18:J19) -> -7.3180752 | K20: =SUM(K18:K19) -> -84.614945 | L20: =SUM(L18:L19) -> -21.314701 | M20: =SUM(M18:M19) -> -20.894135
B22: Net Increase in Cash | E22: =E$13 + E$15 + E$20 -> 307.21312 | F22: =F$13 + F$15 + F$20 -> -182.37214 | G22: =G$13 + G$15 + G$20 -> -218.24151 | H22: =H$13 + H$15 + H$20 -> 2.4344559 | I22: =I$13 + I$15 + I$20 -> 3.4776108 | J22: =J$13 + J$15 + J$20 -> 74.888814 | K22: =K$13 + K$15 + K$20 -> 42.849324 | L22: =L$13 + L$15 + L$20 -> 121.69914 | M22: =M$13 + M$15 + M$20 -> 124.86226
B23: Beginning Cash | E23: ='Balance Sheet'!$E$8 -> 175.2 | F23: =E$24 -> 482.41312 | G23: =F$24 -> 300.04098 | H23: =G$24 -> 81.799464 | I23: =H$24 -> 84.23392 | J23: =I$24 -> 87.71153 | K23: =J$24 -> 162.60034 | L23: =K$24 -> 205.44967 | M23: =L$24 -> 327.14881
B24: Ending Cash | E24: =E$23 + E22 -> 482.41312 | F24: =F$23 + F22 -> 300.04098 | G24: =G$23 + G22 -> 81.799464 | H24: =H$23 + H22 -> 84.23392 | I24: =I$23 + I22 -> 87.71153 | J24: =J$23 + J22 -> 162.60034 | K24: =K$23 + K22 -> 205.44967 | L24: =L$23 + L22 -> 327.14881 | M24: =M$23 + M22 -> 452.01108
D26: Check | E26: =E24-'Balance Sheet'!F8 -> 0 | F26: =F24-'Balance Sheet'!G8 -> 0 | G26: =G24-'Balance Sheet'!H8 -> 1.1368684e-13 | H26: =H24-'Balance Sheet'!I8 -> 2.2737368e-13 | I26: =I24-'Balance Sheet'!J8 -> 0 | J26: =J24-'Balance Sheet'!K8 -> 0 | K26: =K24-'Balance Sheet'!L8 -> 0 | L26: =L24-'Balance Sheet'!M8 -> 0 | M26: =M24-'Balance Sheet'!N8 -> 0
C32: Equity Calculations
D33: Equity Cashflows | E33: =-E19 -> -500 | F33: =-F19 -> -44.716768 | G33: =-G19 -> -47.009936 | H33: =-H19 -> -22.931676 | I33: =-I19 -> -11.25 | J33: =-J19 -> -13.75 | K33: =-K19 -> 0 | L33: =-L19 -> 0 | M33: =-M19 -> 0
D34: Operating Cashflows | E34: =E13 -> -114.00601 | F34: =F13 -> -99.448689 | G34: =G13 -> -79.10929 | H34: =H13 -> -8.9460457 | I34: =I13 -> 93.805114 | J34: =J13 -> 114.75024 | K34: =K13 -> 136.25762 | L34: =L13 -> 151.8072 | M34: =M13 -> 154.54975
D35: Debt Payments | E35: =-('CAPEX & Financing'!G158 + 'CAPEX & Financing'!G176) -> -36.171307 | F35: =-('CAPEX & Financing'!H158 + 'CAPEX & Financing'!H176) -> -30.309282 | G35: =-('CAPEX & Financing'!I158 + 'CAPEX & Financing'!I176) -> -30.847257 | H35: =-('CAPEX & Financing'!J158 + 'CAPEX & Financing'!J176) -> -44.868186 | I35: =-('CAPEX & Financing'!K158 + 'CAPEX & Financing'!K176) -> -27.372829 | J35: =-('CAPEX & Financing'!L158 + 'CAPEX & Financing'!L176) -> -19.596879 | K35: =-('CAPEX & Financing'!M158 + 'CAPEX & Financing'!M176) -> -16.958904 | L35: =-('CAPEX & Financing'!N158 + 'CAPEX & Financing'!N176) -> -14.320929 | M35: =-('CAPEX & Financing'!O158 + 'CAPEX & Financing'!O176) -> -11.682954
C36: Equity Cashflows | E36: =SUM(E33:E35) -> -650.17732 | F36: =SUM(F33:F35) -> -174.47474 | G36: =SUM(G33:G35) -> -156.96648 | H36: =SUM(H33:H35) -> -76.745908 | I36: =SUM(I33:I35) -> 55.182285 | J36: =SUM(J33:J35) -> 81.403365 | K36: =SUM(K33:K35) -> 119.29872 | L36: =SUM(L33:L35) -> 137.48627 | M36: =SUM(M33:M35) -> 142.8668 | N36: =M36 / (0.12 - 0.1) -> 7143.3399
C37: Equity IRR | E37: =IRR(E36:N36) -> 0.27500232

Sheet Capital Reconciliation
B2: Sources of Capital | D2: Uses of Capital
B3: Particulars | C3: Amount (US$ Mn) | D3: Particulars | E3: Amount (US$ Mn)
B4: Equity | C4: 1250 | D4: Capex | E4: 766
B5: JV Equity (Australia & Fourth Plant) | C5: 306 | D5: JV Capex (Australia & Fourth Plant) | E5: 573
B6: Debt | C6: 812 | D6: Operating Loss (adjusted for net debt) | E6: 716
B7: Operating Profit | C7: 115 | D7: Debt Repayment | E7: 313
D8: India Acquisition | E8: 100
D9: TUC Acquisition | E9: 15
B10: Total | C10: =SUM(C4:C7) -> 2483 | D10: Total | E10: =SUM(E4:E9) -> 2483

Sheet Support Tabs>>>

Sheet Ingredients
B1: Ingredients Projections
C3: LGB Grade A | O3: LGB Grade B | Z3: Biomass | AK3: Brazzein | AV3: LAA | BG3: Masar Lovo | BR3: Masar Pharma | CC3: Gelatin (India) | CN3: DCP (India)
B5: (in 000's) | D5: 2022 | E5: =D5+1 -> 2023 | F5: =E5+1 -> 2024 | G5: =F5+1 -> 2025 | H5: =G5+1 -> 2026 | I5: =H5+1 -> 2027 | J5: =I5+1 -> 2028 | K5: =J5+1 -> 2029 | L5: =K5+1 -> 2030 | M5: =L5+1 -> 2031 | O5: 2022 | P5: =O5+1 -> 2023 | Q5: =P5+1 -> 2024 | R5: =Q5+1 -> 2025 | S5: =R5+1 -> 2026 | T5: =S5+1 -> 2027 | U5: =T5+1 -> 2028 | V5: =U5+1 -> 2029 | W5: =V5+1 -> 2030 | X5: =W5+1 -> 2031 | Z5: 2022 | AA5: =Z5+1 -> 2023 | AB5: =AA5+1 -> 2024 | AC5: =AB5+1 -> 2025 | AD5: =AC5+1 -> 2026 | AE5: =AD5+1 -> 2027 | AF5: =AE5+1 -> 2028 | AG5: =AF5+1 -> 2029 | AH5: =AG5+1 -> 2030 | AI5: =AH5+1 -> 2031 | AK5: 2022 | AL5: =AK5+1 -> 2023 | AM5: =AL5+1 -> 2024 | AN5: =AM5+1 -> 2025 | AO5: =AN5+1 -> 2026 | AP5: =AO5+1 -> 2027 | AQ5: =AP5+1 -> 2028 | AR5: =AQ5+1 -> 2029 | AS5: =AR5+1 -> 2030 | AT5: =AS5+1 -> 2031 | AV5: 2022 | AW5: =AV5+1 -> 2023 | AX5: =AW5+1 -> 2024 | AY5: =AX5+1 -> 2025 | AZ5: =AY5+1 -> 2026 | BA5: =AZ5+1 -> 2027 | BB5: =BA5+1 -> 2028 | BC5: =BB5+1 -> 2029 | BD5: =BC5+1 -> 2030 | BE5: =BD5+1 -> 2031 | BG5: 2022 | BH5: =BG5+1 -> 2023 | BI5: =BH5+1 -> 2024 | BJ5: =BI5+1 -> 2025 | BK5: =BJ5+1 -> 2026 | BL5: =BK5+1 -> 2027 | BM5: =BL5+1 -> 2028 | BN5: =BM5+1 -> 2029 | BO5: =BN5+1 -> 2030 | BP5: =BO5+1 -> 2031 | BR5: 2022 | BS5: =BR5+1 -> 2023 | BT5: =BS5+1 -> 2024 | BU5: =BT5+1 -> 2025 | BV5: =BU5+1 -> 2026 | BW5: =BV5+1 -> 2027 | BX5: =BW5+1 -> 2028 | BY5: =BX5+1 -> 2029 | BZ5: =BY5+1 -> 2030 | CA5: =BZ5+1 -> 2031 | CC5: 2022 | CD5: =CC5+1 -> 2023 | CE5: =CD5+1 -> 2024 | CF5: =CE5+1 -> 2025 | CG5: =CF5+1 -> 2026 | CH5: =CG5+1 -> 2027 | CI5: =CH5+1 -> 2028 | CJ5: =CI5+1 -> 2029 | CK5: =CJ5+1 -> 2030 | CL5: =CK5+1 -> 2031 | CN5: 2022 | CO5: =CN5+1 -> 2023 | CP5: =CO5+1 -> 2024 | CQ5: =CP5+1 -> 2025 | CR5: =CQ5+1 -> 2026 | CS5: =CR5+1 -> 2027 | CT5: =CS5+1 -> 2028 | CU5: =CT5+1 -> 2029 | CV5: =CU5+1 -> 2030 | CW5: =CV5+1 -> 2031
B7: Production Forecast
B9: Pele | E9: =_xlfn.XLOOKUP(E$5, 'Project Pele ROI'!$F$29:$AL$29, 'Project Pele ROI'!$F$48:$AL$48, 0) -> 0 | F9: =_xlfn.XLOOKUP(F$5, 'Project Pele ROI'!$F$29:$AL$29, 'Project Pele ROI'!$F$48:$AL$48, 0) -> 0 | G9: =_xlfn.XLOOKUP(G$5, 'Project Pele ROI'!$F$29:$AL$29, 'Project Pele ROI'!$F$48:$AL$48, 0) -> 629.8215 | H9: =_xlfn.XLOOKUP(H$5, 'Project Pele ROI'!$F$29:$AL$29, 'Project Pele ROI'!$F$48:$AL$48, 0) -> 1799.49 | I9: =_xlfn.XLOOKUP(I$5, 'Project Pele ROI'!$F$29:$AL$29, 'Project Pele ROI'!$F$48:$AL$48, 0) -> 2549.49 | J9: =_xlfn.XLOOKUP(J$5, 'Project Pele ROI'!$F$29:$AL$29, 'Project Pele ROI'!$F$48:$AL$48, 0) -> 3049.49 | K9: =_xlfn.XLOOKUP(K$5, 'Project Pele ROI'!$F$29:$AL$29, 'Project Pele ROI'!$F$48:$AL$48, 0) -> 3049.49 | L9: =_xlfn.XLOOKUP(L$5, 'Project Pele ROI'!$F$29:$AL$29, 'Project Pele ROI'!$F$48:$AL$48, 0) -> 3049.49 | M9: =_xlfn.XLOOKUP(M$5, 'Project Pele ROI'!$F$29:$AL$29, 'Project Pele ROI'!$F$48:$AL$48, 0) -> 3049.49 | O9: =_xlfn.XLOOKUP(O$5, 'Project Pele ROI'!$F$29:$AL$29, 'Project Pele ROI'!$F$49:$AL$49, 0) -> 0 | P9: =_xlfn.XLOOKUP(P$5, 'Project Pele ROI'!$F$29:$AL$29, 'Project Pele ROI'!$F$49:$AL$49, 0) -> 0 | Q9: =_xlfn.XLOOKUP(Q$5, 'Project Pele ROI'!$F$29:$AL$29, 'Project Pele ROI'!$F$49:$AL$49, 0) -> 0 | R9: =_xlfn.XLOOKUP(R$5, 'Project Pele ROI'!$F$29:$AL$29, 'Project Pele ROI'!$F$49:$AL$49, 0) -> 1889.4645 | S9: =_xlfn.XLOOKUP(S$5, 'Project Pele ROI'!$F$29:$AL$29, 'Project Pele ROI'!$F$49:$AL$49, 0) -> 5398.47 | T9: =_xlfn.XLOOKUP(T$5, 'Project Pele ROI'!$F$29:$AL$29, 'Project Pele ROI'!$F$49:$AL$49, 0) -> 7648.47 | U9: =_xlfn.XLOOKUP(U$5, 'Project Pele ROI'!$F$29:$AL$29, 'Project Pele ROI'!$F$49:$AL$49, 0) -> 9148.47 | V9: =_xlfn.XLOOKUP(V$5, 'Project Pele ROI'!$F$29:$AL$29, 'Project Pele ROI'!$F$49:$AL$49, 0) -> 9148.47 | ... X9: =_xlfn.XLOOKUP(X$5, 'Project Pele ROI'!$F$29:$AL$29, 'Project Pele ROI'!$F$49:$AL$49, 0) -> 9148.47 | Z9: =_xlfn.XLOOKUP(Z$5, 'Project Pele ROI'!$F$29:$AL$29, 'Project Pele ROI'!$F$50:$AL$50, 0) -> 0 | AA9: =_xlfn.XLOOKUP(AA$5, 'Project Pele ROI'!$F$29:$AL$29, 'Project Pele ROI'!$F$50:$AL$50, 0) -> 0 | AB9: =_xlfn.XLOOKUP(AB$5, 'Project Pele ROI'!$F$29:$AL$29, 'Project Pele ROI'!$F$50:$AL$50, 0) -> 0 | AC9: =_xlfn.XLOOKUP(AC$5, 'Project Pele ROI'!$F$29:$AL$29, 'Project Pele ROI'!$F$50:$AL$50, 0) -> 4282.7862 | AD9: =_xlfn.XLOOKUP(AD$5, 'Project Pele ROI'!$F$29:$AL$29, 'Project Pele ROI'!$F$50:$AL$50, 0) -> 12236.532 | AE9: =_xlfn.XLOOKUP(AE$5, 'Project Pele ROI'!$F$29:$AL$29, 'Project Pele ROI'!$F$50:$AL$50, 0) -> 17336.532 | AF9: =_xlfn.XLOOKUP(AF$5, 'Project Pele ROI'!$F$29:$AL$29, 'Project Pele ROI'!$F$50:$AL$50, 0) -> 20736.532 | AG9: =_xlfn.XLOOKUP(AG$5, 'Project Pele ROI'!$F$29:$AL$29, 'Project Pele ROI'!$F$50:$AL$50, 0) -> 20736.532 | ... AI9: =_xlfn.XLOOKUP(AI$5, 'Project Pele ROI'!$F$29:$AL$29, 'Project Pele ROI'!$F$50:$AL$50, 0) -> 20736.532 | AK9: =_xlfn.XLOOKUP(AK$5, 'Project Pele ROI'!$F$29:$AL$29, 'Project Pele ROI'!$F$51:$AL$51,0) -> 0 | AL9: =_xlfn.XLOOKUP(AL$5, 'Project Pele ROI'!$F$29:$AL$29, 'Project Pele ROI'!$F$51:$AL$51,0) -> 0 | AM9: =_xlfn.XLOOKUP(AM$5, 'Project Pele ROI'!$F$29:$AL$29, 'Project Pele ROI'!$F$51:$AL$51,0) -> 0 | AN9: =_xlfn.XLOOKUP(AN$5, 'Project Pele ROI'!$F$29:$AL$29, 'Project Pele ROI'!$F$51:$AL$51,0) -> 0 | AO9: =_xlfn.XLOOKUP(AO$5, 'Project Pele ROI'!$F$29:$AL$29, 'Project Pele ROI'!$F$51:$AL$51,0) -> 0 | AP9: =_xlfn.XLOOKUP(AP$5, 'Project Pele ROI'!$F$29:$AL$29, 'Project Pele ROI'!$F$51:$AL$51,0) -> 10 | AQ9: =_xlfn.XLOOKUP(AQ$5, 'Project Pele ROI'!$F$29:$AL$29, 'Project Pele ROI'!$F$51:$AL$51,0) -> 15 | AR9: =_xlfn.XLOOKUP(AR$5, 'Project Pele ROI'!$F$29:$AL$29, 'Project Pele ROI'!$F$51:$AL$51,0) -> 22.5 | ... AT9: =_xlfn.XLOOKUP(AT$5, 'Project Pele ROI'!$F$29:$AL$29, 'Project Pele ROI'!$F$51:$AL$51,0) -> 33.75 | AV9: =_xlfn.XLOOKUP(AV$5, 'Project Pele ROI'!$F$29:$AL$29, 'Project Pele ROI'!$F$52:$AL$52, 0) -> 0 | AW9: =_xlfn.XLOOKUP(AW$5, 'Project Pele ROI'!$F$29:$AL$29, 'Project Pele ROI'!$F$52:$AL$52, 0) -> 0 | AX9: =_xlfn.XLOOKUP(AX$5, 'Project Pele ROI'!$F$29:$AL$29, 'Project Pele ROI'!$F$52:$AL$52, 0) -> 0 | AY9: =_xlfn.XLOOKUP(AY$5, 'Project Pele ROI'!$F$29:$AL$29, 'Project Pele ROI'!$F$52:$AL$52, 0) -> 0 | AZ9: =_xlfn.XLOOKUP(AZ$5, 'Project Pele ROI'!$F$29:$AL$29, 'Project Pele ROI'!$F$52:$AL$52, 0) -> 0 | BA9: =_xlfn.XLOOKUP(BA$5, 'Project Pele ROI'!$F$29:$AL$29, 'Project Pele ROI'!$F$52:$AL$52, 0) -> 400 | BB9: =_xlfn.XLOOKUP(BB$5, 'Project Pele ROI'!$F$29:$AL$29, 'Project Pele ROI'!$F$52:$AL$52, 0) -> 750 | BC9: =_xlfn.XLOOKUP(BC$5, 'Project Pele ROI'!$F$29:$AL$29, 'Project Pele ROI'!$F$52:$AL$52, 0) -> 1000 | ... BE9: =_xlfn.XLOOKUP(BE$5, 'Project Pele ROI'!$F$29:$AL$29, 'Project Pele ROI'!$F$52:$AL$52, 0) -> 1102.5
B10: Revenue Per Unit | E10: =IF(E$9 = 0, 0, _xlfn.XLOOKUP(E$5, 'Project Pele ROI'!$F$29:$AL$29, 'Project Pele ROI'!$F$74:$AL$74, 0)) -> 0 | F10: =IF(F$9 = 0, 0, _xlfn.XLOOKUP(F$5, 'Project Pele ROI'!$F$29:$AL$29, 'Project Pele ROI'!$F$74:$AL$74, 0)) -> 0 | G10: =IF(G$9 = 0, 0, _xlfn.XLOOKUP(G$5, 'Project Pele ROI'!$F$29:$AL$29, 'Project Pele ROI'!$F$74:$AL$74, 0)) -> 17.05 | H10: =IF(H$9 = 0, 0, _xlfn.XLOOKUP(H$5, 'Project Pele ROI'!$F$29:$AL$29, 'Project Pele ROI'!$F$74:$AL$74, 0)) -> 15.4 | I10: =IF(I$9 = 0, 0, _xlfn.XLOOKUP(I$5, 'Project Pele ROI'!$F$29:$AL$29, 'Project Pele ROI'!$F$74:$AL$74, 0)) -> 15.4 | J10: =IF(J$9 = 0, 0, _xlfn.XLOOKUP(J$5, 'Project Pele ROI'!$F$29:$AL$29, 'Project Pele ROI'!$F$74:$AL$74, 0)) -> 14.3 | K10: =IF(K$9 = 0, 0, _xlfn.XLOOKUP(K$5, 'Project Pele ROI'!$F$29:$AL$29, 'Project Pele ROI'!$F$74:$AL$74, 0)) -> 14.3 | L10: =IF(L$9 = 0, 0, _xlfn.XLOOKUP(L$5, 'Project Pele ROI'!$F$29:$AL$29, 'Project Pele ROI'!$F$74:$AL$74, 0)) -> 14.3 | M10: =IF(M$9 = 0, 0, _xlfn.XLOOKUP(M$5, 'Project Pele ROI'!$F$29:$AL$29, 'Project Pele ROI'!$F$74:$AL$74, 0)) -> 14.3 | O10: =IF(O$9 = 0, 0, _xlfn.XLOOKUP(O$5, 'Project Pele ROI'!$F$29:$AL$29, 'Project Pele ROI'!$F$75:$AL$75, 0)) -> 0 | P10: =IF(P$9 = 0, 0, _xlfn.XLOOKUP(P$5, 'Project Pele ROI'!$F$29:$AL$29, 'Project Pele ROI'!$F$75:$AL$75, 0)) -> 0 | Q10: =IF(Q$9 = 0, 0, _xlfn.XLOOKUP(Q$5, 'Project Pele ROI'!$F$29:$AL$29, 'Project Pele ROI'!$F$75:$AL$75, 0)) -> 0 | R10: =IF(R$9 = 0, 0, _xlfn.XLOOKUP(R$5, 'Project Pele ROI'!$F$29:$AL$29, 'Project Pele ROI'!$F$75:$AL$75, 0)) -> 15.5 | S10: =IF(S$9 = 0, 0, _xlfn.XLOOKUP(S$5, 'Project Pele ROI'!$F$29:$AL$29, 'Project Pele ROI'!$F$75:$AL$75, 0)) -> 14 | T10: =IF(T$9 = 0, 0, _xlfn.XLOOKUP(T$5, 'Project Pele ROI'!$F$29:$AL$29, 'Project Pele ROI'!$F$75:$AL$75, 0)) -> 14 | U10: =IF(U$9 = 0, 0, _xlfn.XLOOKUP(U$5, 'Project Pele ROI'!$F$29:$AL$29, 'Project Pele ROI'!$F$75:$AL$75, 0)) -> 13 | V10: =IF(V$9 = 0, 0, _xlfn.XLOOKUP(V$5, 'Project Pele ROI'!$F$29:$AL$29, 'Project Pele ROI'!$F$75:$AL$75, 0)) -> 13 | ... X10: =IF(X$9 = 0, 0, _xlfn.XLOOKUP(X$5, 'Project Pele ROI'!$F$29:$AL$29, 'Project Pele ROI'!$F$75:$AL$75, 0)) -> 13 | Z10: =_xlfn.XLOOKUP(Z$5, 'Project Pele ROI'!$F$29:$AL$29, 'Project Pele ROI'!$F$76:$AL$76, 0) -> 0 | AA10: =_xlfn.XLOOKUP(AA$5, 'Project Pele ROI'!$F$29:$AL$29, 'Project Pele ROI'!$F$76:$AL$76, 0) -> 0 | AB10: =_xlfn.XLOOKUP(AB$5, 'Project Pele ROI'!$F$29:$AL$29, 'Project Pele ROI'!$F$76:$AL$76, 0) -> 0 | AC10: =_xlfn.XLOOKUP(AC$5, 'Project Pele ROI'!$F$29:$AL$29, 'Project Pele ROI'!$F$76:$AL$76, 0) -> 1 | AD10: =_xlfn.XLOOKUP(AD$5, 'Project Pele ROI'!$F$29:$AL$29, 'Project Pele ROI'!$F$76:$AL$76, 0) -> 1.2 | AE10: =_xlfn.XLOOKUP(AE$5, 'Project Pele ROI'!$F$29:$AL$29, 'Project Pele ROI'!$F$76:$AL$76, 0) -> 1.2 | AF10: =_xlfn.XLOOKUP(AF$5, 'Project Pele ROI'!$F$29:$AL$29, 'Project Pele ROI'!$F$76:$AL$76, 0) -> 1.2 | AG10: =_xlfn.XLOOKUP(AG$5, 'Project Pele ROI'!$F$29:$AL$29, 'Project Pele ROI'!$F$76:$AL$76, 0) -> 1.2 | ... AI10: =_xlfn.XLOOKUP(AI$5, 'Project Pele ROI'!$F$29:$AL$29, 'Project Pele ROI'!$F$76:$AL$76, 0) -> 1.2 | AK10: =_xlfn.XLOOKUP(AK$5, 'Project Pele ROI'!$F$29:$AL$29, 'Project Pele ROI'!$F$77:$AL$77,0) -> 0 | AL10: =_xlfn.XLOOKUP(AL$5, 'Project Pele ROI'!$F$29:$AL$29, 'Project Pele ROI'!$F$77:$AL$77,0) -> 0 | AM10: =_xlfn.XLOOKUP(AM$5, 'Project Pele ROI'!$F$29:$AL$29, 'Project Pele ROI'!$F$77:$AL$77,0) -> 0 | AN10: =_xlfn.XLOOKUP(AN$5, 'Project Pele ROI'!$F$29:$AL$29, 'Project Pele ROI'!$F$77:$AL$77,0) -> 500 | AO10: =_xlfn.XLOOKUP(AO$5, 'Project Pele ROI'!$F$29:$AL$29, 'Project Pele ROI'!$F$77:$AL$77,0) -> 500 | AP10: =_xlfn.XLOOKUP(AP$5, 'Project Pele ROI'!$F$29:$AL$29, 'Project Pele ROI'!$F$77:$AL$77,0) -> 500 | AQ10: =_xlfn.XLOOKUP(AQ$5, 'Project Pele ROI'!$F$29:$AL$29, 'Project Pele ROI'!$F$77:$AL$77,0) -> 400 | AR10: =_xlfn.XLOOKUP(AR$5, 'Project Pele ROI'!$F$29:$AL$29, 'Project Pele ROI'!$F$77:$AL$77,0) -> 375 | ... AT10: =_xlfn.XLOOKUP(AT$5, 'Project Pele ROI'!$F$29:$AL$29, 'Project Pele ROI'!$F$77:$AL$77,0) -> 200 | AV10: =_xlfn.XLOOKUP(AV$5, 'Project Pele ROI'!$F$29:$AL$29, 'Project Pele ROI'!$F$78:$AL$78, 0) -> 0 | AW10: =_xlfn.XLOOKUP(AW$5, 'Project Pele ROI'!$F$29:$AL$29, 'Project Pele ROI'!$F$78:$AL$78, 0) -> 0 | AX10: =_xlfn.XLOOKUP(AX$5, 'Project Pele ROI'!$F$29:$AL$29, 'Project Pele ROI'!$F$78:$AL$78, 0) -> 0 | AY10: =_xlfn.XLOOKUP(AY$5, 'Project Pele ROI'!$F$29:$AL$29, 'Project Pele ROI'!$F$78:$AL$78, 0) -> 50 | AZ10: =_xlfn.XLOOKUP(AZ$5, 'Project Pele ROI'!$F$29:$AL$29, 'Project Pele ROI'!$F$78:$AL$78, 0) -> 50 | BA10: =_xlfn.XLOOKUP(BA$5, 'Project Pele ROI'!$F$29:$AL$29, 'Project Pele ROI'!$F$78:$AL$78, 0) -> 50 | BB10: =_xlfn.XLOOKUP(BB$5, 'Project Pele ROI'!$F$29:$AL$29, 'Project Pele ROI'!$F$78:$AL$78, 0) -> 50 | BC10: =_xlfn.XLOOKUP(BC$5, 'Project Pele ROI'!$F$29:$AL$29, 'Project Pele ROI'!$F$78:$AL$78, 0) -> 50 | ... BE10: =_xlfn.XLOOKUP(BE$5, 'Project Pele ROI'!$F$29:$AL$29, 'Project Pele ROI'!$F$78:$AL$78, 0) -> 50
B11: Avg. Cost (Excl. SG&A) | E11: =_xlfn.XLOOKUP(E$5, 'Project Pele ROI'!$F$29:$AL$29, 'Project Pele ROI'!$F$11:$AL$11, 0) -> 0 | F11: =_xlfn.XLOOKUP(F$5, 'Project Pele ROI'!$F$29:$AL$29, 'Project Pele ROI'!$F$11:$AL$11, 0) -> 0 | G11: =_xlfn.XLOOKUP(G$5, 'Project Pele ROI'!$F$29:$AL$29, 'Project Pele ROI'!$F$11:$AL$11, 0) -> 10.02946 | H11: =_xlfn.XLOOKUP(H$5, 'Project Pele ROI'!$F$29:$AL$29, 'Project Pele ROI'!$F$11:$AL$11, 0) -> 7.9936877 | I11: =_xlfn.XLOOKUP(I$5, 'Project Pele ROI'!$F$29:$AL$29, 'Project Pele ROI'!$F$11:$AL$11, 0) -> 7.8044086 | J11: =_xlfn.XLOOKUP(J$5, 'Project Pele ROI'!$F$29:$AL$29, 'Project Pele ROI'!$F$11:$AL$11, 0) -> 7.5597527 | K11: =_xlfn.XLOOKUP(K$5, 'Project Pele ROI'!$F$29:$AL$29, 'Project Pele ROI'!$F$11:$AL$11, 0) -> 7.4772372 | L11: =_xlfn.XLOOKUP(L$5, 'Project Pele ROI'!$F$29:$AL$29, 'Project Pele ROI'!$F$11:$AL$11, 0) -> 7.4061933 | M11: =_xlfn.XLOOKUP(M$5, 'Project Pele ROI'!$F$29:$AL$29, 'Project Pele ROI'!$F$11:$AL$11, 0) -> 7.3348141 | O11: =_xlfn.XLOOKUP(O$5, 'Project Pele ROI'!$F$29:$AL$29, 'Project Pele ROI'!$F$15:$AL$15, 0) -> 0 | P11: =_xlfn.XLOOKUP(P$5, 'Project Pele ROI'!$F$29:$AL$29, 'Project Pele ROI'!$F$15:$AL$15, 0) -> 0 | Q11: =_xlfn.XLOOKUP(Q$5, 'Project Pele ROI'!$F$29:$AL$29, 'Project Pele ROI'!$F$15:$AL$15, 0) -> 0 | R11: =_xlfn.XLOOKUP(R$5, 'Project Pele ROI'!$F$29:$AL$29, 'Project Pele ROI'!$F$15:$AL$15, 0) -> 9.9218283 | S11: =_xlfn.XLOOKUP(S$5, 'Project Pele ROI'!$F$29:$AL$29, 'Project Pele ROI'!$F$15:$AL$15, 0) -> 7.8883515 | T11: =_xlfn.XLOOKUP(T$5, 'Project Pele ROI'!$F$29:$AL$29, 'Project Pele ROI'!$F$15:$AL$15, 0) -> 7.7014032 | U11: =_xlfn.XLOOKUP(U$5, 'Project Pele ROI'!$F$29:$AL$29, 'Project Pele ROI'!$F$15:$AL$15, 0) -> 7.4591141 | V11: =_xlfn.XLOOKUP(V$5, 'Project Pele ROI'!$F$29:$AL$29, 'Project Pele ROI'!$F$15:$AL$15, 0) -> 7.3790021 | ... X11: =_xlfn.XLOOKUP(X$5, 'Project Pele ROI'!$F$29:$AL$29, 'Project Pele ROI'!$F$15:$AL$15, 0) -> 7.2414983 | Z11: =_xlfn.XLOOKUP(Z$5, 'Project Pele ROI'!$F$29:$AL$29, 'Project Pele ROI'!$F$92:$AL$92, 0) -> 0 | AA11: =_xlfn.XLOOKUP(AA$5, 'Project Pele ROI'!$F$29:$AL$29, 'Project Pele ROI'!$F$92:$AL$92, 0) -> 0 | AB11: =_xlfn.XLOOKUP(AB$5, 'Project Pele ROI'!$F$29:$AL$29, 'Project Pele ROI'!$F$92:$AL$92, 0) -> 0 | AC11: =_xlfn.XLOOKUP(AC$5, 'Project Pele ROI'!$F$29:$AL$29, 'Project Pele ROI'!$F$92:$AL$92, 0) -> 0.26 | AD11: =_xlfn.XLOOKUP(AD$5, 'Project Pele ROI'!$F$29:$AL$29, 'Project Pele ROI'!$F$92:$AL$92, 0) -> 0.264 | AE11: =_xlfn.XLOOKUP(AE$5, 'Project Pele ROI'!$F$29:$AL$29, 'Project Pele ROI'!$F$92:$AL$92, 0) -> 0.264 | AF11: =_xlfn.XLOOKUP(AF$5, 'Project Pele ROI'!$F$29:$AL$29, 'Project Pele ROI'!$F$92:$AL$92, 0) -> 0.264 | AG11: =_xlfn.XLOOKUP(AG$5, 'Project Pele ROI'!$F$29:$AL$29, 'Project Pele ROI'!$F$92:$AL$92, 0) -> 0.264 | ... AI11: =_xlfn.XLOOKUP(AI$5, 'Project Pele ROI'!$F$29:$AL$29, 'Project Pele ROI'!$F$92:$AL$92, 0) -> 0.264 | AK11: =_xlfn.XLOOKUP(AK$5, 'Project Pele ROI'!$F$29:$AL$29, 'Project Pele ROI'!$F$19:$AL$19,0) -> 0 | AL11: =_xlfn.XLOOKUP(AL$5, 'Project Pele ROI'!$F$29:$AL$29, 'Project Pele ROI'!$F$19:$AL$19,0) -> 0 | AM11: =_xlfn.XLOOKUP(AM$5, 'Project Pele ROI'!$F$29:$AL$29, 'Project Pele ROI'!$F$19:$AL$19,0) -> 0 | AN11: =_xlfn.XLOOKUP(AN$5, 'Project Pele ROI'!$F$29:$AL$29, 'Project Pele ROI'!$F$19:$AL$19,0) -> 0 | AO11: =_xlfn.XLOOKUP(AO$5, 'Project Pele ROI'!$F$29:$AL$29, 'Project Pele ROI'!$F$19:$AL$19,0) -> 0 | AP11: =_xlfn.XLOOKUP(AP$5, 'Project Pele ROI'!$F$29:$AL$29, 'Project Pele ROI'!$F$19:$AL$19,0) -> 137.70039 | AQ11: =_xlfn.XLOOKUP(AQ$5, 'Project Pele ROI'!$F$29:$AL$29, 'Project Pele ROI'!$F$19:$AL$19,0) -> 130.10722 | AR11: =_xlfn.XLOOKUP(AR$5, 'Project Pele ROI'!$F$29:$AL$29, 'Project Pele ROI'!$F$19:$AL$19,0) -> 124.34642 | ... AT11: =_xlfn.XLOOKUP(AT$5, 'Project Pele ROI'!$F$29:$AL$29, 'Project Pele ROI'!$F$19:$AL$19,0) -> 117.8837 | AV11: =_xlfn.XLOOKUP(AV$5, 'Project Pele ROI'!$F$29:$AL$29, 'Project Pele ROI'!$F$23:$AL$23, 0) -> 0 | AW11: =_xlfn.XLOOKUP(AW$5, 'Project Pele ROI'!$F$29:$AL$29, 'Project Pele ROI'!$F$23:$AL$23, 0) -> 0 | AX11: =_xlfn.XLOOKUP(AX$5, 'Project Pele ROI'!$F$29:$AL$29, 'Project Pele ROI'!$F$23:$AL$23, 0) -> 0 | AY11: =_xlfn.XLOOKUP(AY$5, 'Project Pele ROI'!$F$29:$AL$29, 'Project Pele ROI'!$F$23:$AL$23, 0) -> 0 | AZ11: =_xlfn.XLOOKUP(AZ$5, 'Project Pele ROI'!$F$29:$AL$29, 'Project Pele ROI'!$F$23:$AL$23, 0) -> 0 | BA11: =_xlfn.XLOOKUP(BA$5, 'Project Pele ROI'!$F$29:$AL$29, 'Project Pele ROI'!$F$23:$AL$23, 0) -> 25.70221 | BB11: =_xlfn.XLOOKUP(BB$5, 'Project Pele ROI'!$F$29:$AL$29, 'Project Pele ROI'!$F$23:$AL$23, 0) -> 23.553358 | BC11: =_xlfn.XLOOKUP(BC$5, 'Project Pele ROI'!$F$29:$AL$29, 'Project Pele ROI'!$F$23:$AL$23, 0) -> 22.776713 | ... BE11: =_xlfn.XLOOKUP(BE$5, 'Project Pele ROI'!$F$29:$AL$29, 'Project Pele ROI'!$F$23:$AL$23, 0) -> 22.193156
B13: Eureka | E13: =_xlfn.XLOOKUP(E$5, 'Project Eureka ROI'!$F$21:$AL$21, 'Project Eureka ROI'!$F$40:$AL$40, 0 ) -> 0 | F13: =_xlfn.XLOOKUP(F$5, 'Project Eureka ROI'!$F$21:$AL$21, 'Project Eureka ROI'!$F$40:$AL$40, 0 ) -> 0 | G13: =_xlfn.XLOOKUP(G$5, 'Project Eureka ROI'!$F$21:$AL$21, 'Project Eureka ROI'!$F$40:$AL$40, 0 ) -> 0 | H13: =_xlfn.XLOOKUP(H$5, 'Project Eureka ROI'!$F$21:$AL$21, 'Project Eureka ROI'!$F$40:$AL$40, 0 ) -> 0 | I13: =_xlfn.XLOOKUP(I$5, 'Project Eureka ROI'!$F$21:$AL$21, 'Project Eureka ROI'!$F$40:$AL$40, 0 ) -> 0 | J13: =_xlfn.XLOOKUP(J$5, 'Project Eureka ROI'!$F$21:$AL$21, 'Project Eureka ROI'!$F$40:$AL$40, 0 ) -> 0 | K13: =_xlfn.XLOOKUP(K$5, 'Project Eureka ROI'!$F$21:$AL$21, 'Project Eureka ROI'!$F$40:$AL$40, 0 ) -> 0 | L13: =_xlfn.XLOOKUP(L$5, 'Project Eureka ROI'!$F$21:$AL$21, 'Project Eureka ROI'!$F$40:$AL$40, 0 ) -> 0 | M13: =_xlfn.XLOOKUP(M$5, 'Project Eureka ROI'!$F$21:$AL$21, 'Project Eureka ROI'!$F$40:$AL$40, 0 ) -> 0 | O13: =_xlfn.XLOOKUP(O$5, 'Project Eureka ROI'!$F$21:$AL$21, 'Project Eureka ROI'!$F$41:$AL$41, 0 ) -> 0 | P13: =_xlfn.XLOOKUP(P$5, 'Project Eureka ROI'!$F$21:$AL$21, 'Project Eureka ROI'!$F$41:$AL$41, 0 ) -> 0 | Q13: =_xlfn.XLOOKUP(Q$5, 'Project Eureka ROI'!$F$21:$AL$21, 'Project Eureka ROI'!$F$41:$AL$41, 0 ) -> 0 | R13: =_xlfn.XLOOKUP(R$5, 'Project Eureka ROI'!$F$21:$AL$21, 'Project Eureka ROI'!$F$41:$AL$41, 0 ) -> 0 | S13: =_xlfn.XLOOKUP(S$5, 'Project Eureka ROI'!$F$21:$AL$21, 'Project Eureka ROI'!$F$41:$AL$41, 0 ) -> 2687.2384 | T13: =_xlfn.XLOOKUP(T$5, 'Project Eureka ROI'!$F$21:$AL$21, 'Project Eureka ROI'!$F$41:$AL$41, 0 ) -> 7677.824 | U13: =_xlfn.XLOOKUP(U$5, 'Project Eureka ROI'!$F$21:$AL$21, 'Project Eureka ROI'!$F$41:$AL$41, 0 ) -> 7677.824 | V13: =_xlfn.XLOOKUP(V$5, 'Project Eureka ROI'!$F$21:$AL$21, 'Project Eureka ROI'!$F$41:$AL$41, 0 ) -> 7677.824 | ... X13: =_xlfn.XLOOKUP(X$5, 'Project Eureka ROI'!$F$21:$AL$21, 'Project Eureka ROI'!$F$41:$AL$41, 0 ) -> 7677.824 | Z13: =_xlfn.XLOOKUP(Z$5, 'Project Eureka ROI'!$F$21:$AL$21, 'Project Eureka ROI'!$F$42:$AL$42, 0 ) -> 0 | AA13: =_xlfn.XLOOKUP(AA$5, 'Project Eureka ROI'!$F$21:$AL$21, 'Project Eureka ROI'!$F$42:$AL$42, 0 ) -> 0 | AB13: =_xlfn.XLOOKUP(AB$5, 'Project Eureka ROI'!$F$21:$AL$21, 'Project Eureka ROI'!$F$42:$AL$42, 0 ) -> 0 | AC13: =_xlfn.XLOOKUP(AC$5, 'Project Eureka ROI'!$F$21:$AL$21, 'Project Eureka ROI'!$F$42:$AL$42, 0 ) -> 0 | AD13: =_xlfn.XLOOKUP(AD$5, 'Project Eureka ROI'!$F$21:$AL$21, 'Project Eureka ROI'!$F$42:$AL$42, 0 ) -> 4568.3053 | AE13: =_xlfn.XLOOKUP(AE$5, 'Project Eureka ROI'!$F$21:$AL$21, 'Project Eureka ROI'!$F$42:$AL$42, 0 ) -> 13052.301 | AF13: =_xlfn.XLOOKUP(AF$5, 'Project Eureka ROI'!$F$21:$AL$21, 'Project Eureka ROI'!$F$42:$AL$42, 0 ) -> 13052.301 | AG13: =_xlfn.XLOOKUP(AG$5, 'Project Eureka ROI'!$F$21:$AL$21, 'Project Eureka ROI'!$F$42:$AL$42, 0 ) -> 13052.301 | ... AI13: =_xlfn.XLOOKUP(AI$5, 'Project Eureka ROI'!$F$21:$AL$21, 'Project Eureka ROI'!$F$42:$AL$42, 0 ) -> 13052.301 | BG13: =_xlfn.XLOOKUP(BG$5, 'Project Eureka ROI'!$F$21:$AL$21, 'Project Eureka ROI'!$F$43:$AL$43, 0) -> 0 | BH13: =_xlfn.XLOOKUP(BH$5, 'Project Eureka ROI'!$F$21:$AL$21, 'Project Eureka ROI'!$F$43:$AL$43, 0) -> 196 | BI13: =_xlfn.XLOOKUP(BI$5, 'Project Eureka ROI'!$F$21:$AL$21, 'Project Eureka ROI'!$F$43:$AL$43, 0) -> 199.92 | BJ13: =_xlfn.XLOOKUP(BJ$5, 'Project Eureka ROI'!$F$21:$AL$21, 'Project Eureka ROI'!$F$43:$AL$43, 0) -> 203.9184 | BK13: =_xlfn.XLOOKUP(BK$5, 'Project Eureka ROI'!$F$21:$AL$21, 'Project Eureka ROI'!$F$43:$AL$43, 0) -> 207.99677 | BL13: =_xlfn.XLOOKUP(BL$5, 'Project Eureka ROI'!$F$21:$AL$21, 'Project Eureka ROI'!$F$43:$AL$43, 0) -> 212.1567 | BM13: =_xlfn.XLOOKUP(BM$5, 'Project Eureka ROI'!$F$21:$AL$21, 'Project Eureka ROI'!$F$43:$AL$43, 0) -> 216.39984 | BN13: =_xlfn.XLOOKUP(BN$5, 'Project Eureka ROI'!$F$21:$AL$21, 'Project Eureka ROI'!$F$43:$AL$43, 0) -> 222.89183 | ... BP13: =_xlfn.XLOOKUP(BP$5, 'Project Eureka ROI'!$F$21:$AL$21, 'Project Eureka ROI'!$F$43:$AL$43, 0) -> 236.46595 | BR13: =_xlfn.XLOOKUP(BR$5, 'Project Eureka ROI'!$F$21:$AL$21, 'Project Eureka ROI'!$F$44:$AL$44, 0) -> 0 | BS13: =_xlfn.XLOOKUP(BS$5, 'Project Eureka ROI'!$F$21:$AL$21, 'Project Eureka ROI'!$F$44:$AL$44, 0) -> 135 | BT13: =_xlfn.XLOOKUP(BT$5, 'Project Eureka ROI'!$F$21:$AL$21, 'Project Eureka ROI'!$F$44:$AL$44, 0) -> 137.7 | BU13: =_xlfn.XLOOKUP(BU$5, 'Project Eureka ROI'!$F$21:$AL$21, 'Project Eureka ROI'!$F$44:$AL$44, 0) -> 140.454 | BV13: =_xlfn.XLOOKUP(BV$5, 'Project Eureka ROI'!$F$21:$AL$21, 'Project Eureka ROI'!$F$44:$AL$44, 0) -> 143.26308 | BW13: =_xlfn.XLOOKUP(BW$5, 'Project Eureka ROI'!$F$21:$AL$21, 'Project Eureka ROI'!$F$44:$AL$44, 0) -> 146.12834 | BX13: =_xlfn.XLOOKUP(BX$5, 'Project Eureka ROI'!$F$21:$AL$21, 'Project Eureka ROI'!$F$44:$AL$44, 0) -> 149.05091 | BY13: =_xlfn.XLOOKUP(BY$5, 'Project Eureka ROI'!$F$21:$AL$21, 'Project Eureka ROI'!$F$44:$AL$44, 0) -> 153.52244 | ... CA13: =_xlfn.XLOOKUP(CA$5, 'Project Eureka ROI'!$F$21:$AL$21, 'Project Eureka ROI'!$F$44:$AL$44, 0) -> 162.87195 | CC13: =_xlfn.XLOOKUP(CC$5, 'Project Eureka ROI'!$F$21:$AL$21, 'Project Eureka ROI'!$F$45:$AL$45, 0) -> 0 | CD13: =_xlfn.XLOOKUP(CD$5, 'Project Eureka ROI'!$F$21:$AL$21, 'Project Eureka ROI'!$F$45:$AL$45, 0) -> 3500 | CE13: =_xlfn.XLOOKUP(CE$5, 'Project Eureka ROI'!$F$21:$AL$21, 'Project Eureka ROI'!$F$45:$AL$45, 0) -> 4375 | CF13: =_xlfn.XLOOKUP(CF$5, 'Project Eureka ROI'!$F$21:$AL$21, 'Project Eureka ROI'!$F$45:$AL$45, 0) -> 4812.5 | CG13: =_xlfn.XLOOKUP(CG$5, 'Project Eureka ROI'!$F$21:$AL$21, 'Project Eureka ROI'!$F$45:$AL$45, 0) -> 5293.75 | CH13: =_xlfn.XLOOKUP(CH$5, 'Project Eureka ROI'!$F$21:$AL$21, 'Project Eureka ROI'!$F$45:$AL$45, 0) -> 5823.125 | CI13: =_xlfn.XLOOKUP(CI$5, 'Project Eureka ROI'!$F$21:$AL$21, 'Project Eureka ROI'!$F$45:$AL$45, 0) -> 6114.2813 | CJ13: =_xlfn.XLOOKUP(CJ$5, 'Project Eureka ROI'!$F$21:$AL$21, 'Project Eureka ROI'!$F$45:$AL$45, 0) -> 6419.9953 | ... CL13: =_xlfn.XLOOKUP(CL$5, 'Project Eureka ROI'!$F$21:$AL$21, 'Project Eureka ROI'!$F$45:$AL$45, 0) -> 6300 | CN13: =_xlfn.XLOOKUP(CN$5, 'Project Eureka ROI'!$F$21:$AL$21, 'Project Eureka ROI'!$F$46:$AL$46, 0) -> 0 | CO13: =_xlfn.XLOOKUP(CO$5, 'Project Eureka ROI'!$F$21:$AL$21, 'Project Eureka ROI'!$F$46:$AL$46, 0) -> 12480 | CP13: =_xlfn.XLOOKUP(CP$5, 'Project Eureka ROI'!$F$21:$AL$21, 'Project Eureka ROI'!$F$46:$AL$46, 0) -> 15600 | CQ13: =_xlfn.XLOOKUP(CQ$5, 'Project Eureka ROI'!$F$21:$AL$21, 'Project Eureka ROI'!$F$46:$AL$46, 0) -> 17160 | CR13: =_xlfn.XLOOKUP(CR$5, 'Project Eureka ROI'!$F$21:$AL$21, 'Project Eureka ROI'!$F$46:$AL$46, 0) -> 18876 | CS13: =_xlfn.XLOOKUP(CS$5, 'Project Eureka ROI'!$F$21:$AL$21, 'Project Eureka ROI'!$F$46:$AL$46, 0) -> 20763.6 | CT13: =_xlfn.XLOOKUP(CT$5, 'Project Eureka ROI'!$F$21:$AL$21, 'Project Eureka ROI'!$F$46:$AL$46, 0) -> 21801.78 | CU13: =_xlfn.XLOOKUP(CU$5, 'Project Eureka ROI'!$F$21:$AL$21, 'Project Eureka ROI'!$F$46:$AL$46, 0) -> 22891.869 | ... CW13: =_xlfn.XLOOKUP(CW$5, 'Project Eureka ROI'!$F$21:$AL$21, 'Project Eureka ROI'!$F$46:$AL$46, 0) -> 23000
B14: Revenue Per Unit | E14: =E$10 -> 0 | F14: =F$10 -> 0 | G14: =G$10 -> 17.05 | H14: =H$10 -> 15.4 | I14: =I$10 -> 15.4 | J14: =J$10 -> 14.3 | K14: =K$10 -> 14.3 | L14: =L$10 -> 14.3 | M14: =M$10 -> 14.3 | O14: =IF(O$13 = 0, 0, _xlfn.XLOOKUP(O$5, 'Project Eureka ROI'!$F$21:$AL$21, 'Project Eureka ROI'!$F$73:$AL$73, 0 )) -> 0 | P14: =IF(P$13 = 0, 0, _xlfn.XLOOKUP(P$5, 'Project Eureka ROI'!$F$21:$AL$21, 'Project Eureka ROI'!$F$73:$AL$73, 0 )) -> 0 | Q14: =IF(Q$13 = 0, 0, _xlfn.XLOOKUP(Q$5, 'Project Eureka ROI'!$F$21:$AL$21, 'Project Eureka ROI'!$F$73:$AL$73, 0 )) -> 0 | R14: =IF(R$13 = 0, 0, _xlfn.XLOOKUP(R$5, 'Project Eureka ROI'!$F$21:$AL$21, 'Project Eureka ROI'!$F$73:$AL$73, 0 )) -> 0 | S14: =IF(S$13 = 0, 0, _xlfn.XLOOKUP(S$5, 'Project Eureka ROI'!$F$21:$AL$21, 'Project Eureka ROI'!$F$73:$AL$73, 0 )) -> 14 | T14: =IF(T$13 = 0, 0, _xlfn.XLOOKUP(T$5, 'Project Eureka ROI'!$F$21:$AL$21, 'Project Eureka ROI'!$F$73:$AL$73, 0 )) -> 13 | U14: =IF(U$13 = 0, 0, _xlfn.XLOOKUP(U$5, 'Project Eureka ROI'!$F$21:$AL$21, 'Project Eureka ROI'!$F$73:$AL$73, 0 )) -> 13 | V14: =IF(V$13 = 0, 0, _xlfn.XLOOKUP(V$5, 'Project Eureka ROI'!$F$21:$AL$21, 'Project Eureka ROI'!$F$73:$AL$73, 0 )) -> 13 | ... X14: =IF(X$13 = 0, 0, _xlfn.XLOOKUP(X$5, 'Project Eureka ROI'!$F$21:$AL$21, 'Project Eureka ROI'!$F$73:$AL$73, 0 )) -> 13 | Z14: =_xlfn.XLOOKUP(Z$5, 'Project Eureka ROI'!$F$21:$AL$21, 'Project Eureka ROI'!$F$74:$AL$74, 0 ) -> 0 | AA14: =_xlfn.XLOOKUP(AA$5, 'Project Eureka ROI'!$F$21:$AL$21, 'Project Eureka ROI'!$F$74:$AL$74, 0 ) -> 0 | AB14: =_xlfn.XLOOKUP(AB$5, 'Project Eureka ROI'!$F$21:$AL$21, 'Project Eureka ROI'!$F$74:$AL$74, 0 ) -> 0 | AC14: =_xlfn.XLOOKUP(AC$5, 'Project Eureka ROI'!$F$21:$AL$21, 'Project Eureka ROI'!$F$74:$AL$74, 0 ) -> 0 | AD14: =_xlfn.XLOOKUP(AD$5, 'Project Eureka ROI'!$F$21:$AL$21, 'Project Eureka ROI'!$F$74:$AL$74, 0 ) -> 1.2 | AE14: =_xlfn.XLOOKUP(AE$5, 'Project Eureka ROI'!$F$21:$AL$21, 'Project Eureka ROI'!$F$74:$AL$74, 0 ) -> 1.2 | AF14: =_xlfn.XLOOKUP(AF$5, 'Project Eureka ROI'!$F$21:$AL$21, 'Project Eureka ROI'!$F$74:$AL$74, 0 ) -> 1.2 | AG14: =_xlfn.XLOOKUP(AG$5, 'Project Eureka ROI'!$F$21:$AL$21, 'Project Eureka ROI'!$F$74:$AL$74, 0 ) -> 1.2 | ... AI14: =_xlfn.XLOOKUP(AI$5, 'Project Eureka ROI'!$F$21:$AL$21, 'Project Eureka ROI'!$F$74:$AL$74, 0 ) -> 1.2 | BG14: =_xlfn.XLOOKUP(BG$5, 'Project Eureka ROI'!$F$21:$AL$21, 'Project Eureka ROI'!$F$75:$AL$75, 0) -> 0 | BH14: =_xlfn.XLOOKUP(BH$5, 'Project Eureka ROI'!$F$21:$AL$21, 'Project Eureka ROI'!$F$75:$AL$75, 0) -> 45.918367 | BI14: =_xlfn.XLOOKUP(BI$5, 'Project Eureka ROI'!$F$21:$AL$21, 'Project Eureka ROI'!$F$75:$AL$75, 0) -> 45.918367 | BJ14: =_xlfn.XLOOKUP(BJ$5, 'Project Eureka ROI'!$F$21:$AL$21, 'Project Eureka ROI'!$F$75:$AL$75, 0) -> 45.918367 | BK14: =_xlfn.XLOOKUP(BK$5, 'Project Eureka ROI'!$F$21:$AL$21, 'Project Eureka ROI'!$F$75:$AL$75, 0) -> 45.918367 | BL14: =_xlfn.XLOOKUP(BL$5, 'Project Eureka ROI'!$F$21:$AL$21, 'Project Eureka ROI'!$F$75:$AL$75, 0) -> 45.918367 | BM14: =_xlfn.XLOOKUP(BM$5, 'Project Eureka ROI'!$F$21:$AL$21, 'Project Eureka ROI'!$F$75:$AL$75, 0) -> 45.918367 | BN14: =_xlfn.XLOOKUP(BN$5, 'Project Eureka ROI'!$F$21:$AL$21, 'Project Eureka ROI'!$F$75:$AL$75, 0) -> 45.918367 | ... BP14: =_xlfn.XLOOKUP(BP$5, 'Project Eureka ROI'!$F$21:$AL$21, 'Project Eureka ROI'!$F$75:$AL$75, 0) -> 45.918367 | BR14: =_xlfn.XLOOKUP(BR$5, 'Project Eureka ROI'!$F$21:$AL$21, 'Project Eureka ROI'!$F$76:$AL$76, 0) -> 0 | BS14: =_xlfn.XLOOKUP(BS$5, 'Project Eureka ROI'!$F$21:$AL$21, 'Project Eureka ROI'!$F$76:$AL$76, 0) -> 24.385185 | BT14: =_xlfn.XLOOKUP(BT$5, 'Project Eureka ROI'!$F$21:$AL$21, 'Project Eureka ROI'!$F$76:$AL$76, 0) -> 24.385185 | BU14: =_xlfn.XLOOKUP(BU$5, 'Project Eureka ROI'!$F$21:$AL$21, 'Project Eureka ROI'!$F$76:$AL$76, 0) -> 24.385185 | BV14: =_xlfn.XLOOKUP(BV$5, 'Project Eureka ROI'!$F$21:$AL$21, 'Project Eureka ROI'!$F$76:$AL$76, 0) -> 24.385185 | BW14: =_xlfn.XLOOKUP(BW$5, 'Project Eureka ROI'!$F$21:$AL$21, 'Project Eureka ROI'!$F$76:$AL$76, 0) -> 24.385185 | BX14: =_xlfn.XLOOKUP(BX$5, 'Project Eureka ROI'!$F$21:$AL$21, 'Project Eureka ROI'!$F$76:$AL$76, 0) -> 24.385185 | BY14: =_xlfn.XLOOKUP(BY$5, 'Project Eureka ROI'!$F$21:$AL$21, 'Project Eureka ROI'!$F$76:$AL$76, 0) -> 24.385185 | ... CA14: =_xlfn.XLOOKUP(CA$5, 'Project Eureka ROI'!$F$21:$AL$21, 'Project Eureka ROI'!$F$76:$AL$76, 0) -> 24.385185 | CC14: =_xlfn.XLOOKUP(CC$5, 'Project Eureka ROI'!$F$21:$AL$21, 'Project Eureka ROI'!$F$77:$AL$77, 0) -> 0 | CD14: =_xlfn.XLOOKUP(CD$5, 'Project Eureka ROI'!$F$21:$AL$21, 'Project Eureka ROI'!$F$77:$AL$77, 0) -> 7.9 | CE14: =_xlfn.XLOOKUP(CE$5, 'Project Eureka ROI'!$F$21:$AL$21, 'Project Eureka ROI'!$F$77:$AL$77, 0) -> 7.9 | CF14: =_xlfn.XLOOKUP(CF$5, 'Project Eureka ROI'!$F$21:$AL$21, 'Project Eureka ROI'!$F$77:$AL$77, 0) -> 7.9 | CG14: =_xlfn.XLOOKUP(CG$5, 'Project Eureka ROI'!$F$21:$AL$21, 'Project Eureka ROI'!$F$77:$AL$77, 0) -> 7.9 | CH14: =_xlfn.XLOOKUP(CH$5, 'Project Eureka ROI'!$F$21:$AL$21, 'Project Eureka ROI'!$F$77:$AL$77, 0) -> 7.9 | CI14: =_xlfn.XLOOKUP(CI$5, 'Project Eureka ROI'!$F$21:$AL$21, 'Project Eureka ROI'!$F$77:$AL$77, 0) -> 7.9 | CJ14: =_xlfn.XLOOKUP(CJ$5, 'Project Eureka ROI'!$F$21:$AL$21, 'Project Eureka ROI'!$F$77:$AL$77, 0) -> 7.9 | ... CL14: =_xlfn.XLOOKUP(CL$5, 'Project Eureka ROI'!$F$21:$AL$21, 'Project Eureka ROI'!$F$77:$AL$77, 0) -> 7.9 | CN14: =_xlfn.XLOOKUP(CN$5, 'Project Eureka ROI'!$F$21:$AL$21, 'Project Eureka ROI'!$F$78:$AL$78, 0) -> 0 | CO14: =_xlfn.XLOOKUP(CO$5, 'Project Eureka ROI'!$F$21:$AL$21, 'Project Eureka ROI'!$F$78:$AL$78, 0) -> 0.41 | CP14: =_xlfn.XLOOKUP(CP$5, 'Project Eureka ROI'!$F$21:$AL$21, 'Project Eureka ROI'!$F$78:$AL$78, 0) -> 0.41 | CQ14: =_xlfn.XLOOKUP(CQ$5, 'Project Eureka ROI'!$F$21:$AL$21, 'Project Eureka ROI'!$F$78:$AL$78, 0) -> 0.41 | CR14: =_xlfn.XLOOKUP(CR$5, 'Project Eureka ROI'!$F$21:$AL$21, 'Project Eureka ROI'!$F$78:$AL$78, 0) -> 0.41 | CS14: =_xlfn.XLOOKUP(CS$5, 'Project Eureka ROI'!$F$21:$AL$21, 'Project Eureka ROI'!$F$78:$AL$78, 0) -> 0.41 | CT14: =_xlfn.XLOOKUP(CT$5, 'Project Eureka ROI'!$F$21:$AL$21, 'Project Eureka ROI'!$F$78:$AL$78, 0) -> 0.41 | CU14: =_xlfn.XLOOKUP(CU$5, 'Project Eureka ROI'!$F$21:$AL$21, 'Project Eureka ROI'!$F$78:$AL$78, 0) -> 0.41 | ... CW14: =_xlfn.XLOOKUP(CW$5, 'Project Eureka ROI'!$F$21:$AL$21, 'Project Eureka ROI'!$F$78:$AL$78, 0) -> 0.41
B15: Avg. Cost (Excl. SG&A) | E15: =_xlfn.XLOOKUP(E$5, 'Project Eureka ROI'!$F$21:$AL$21, 'Project Eureka ROI'!$F$11:$AL$11, 0 ) -> 0 | F15: =_xlfn.XLOOKUP(F$5, 'Project Eureka ROI'!$F$21:$AL$21, 'Project Eureka ROI'!$F$11:$AL$11, 0 ) -> 0 | G15: =_xlfn.XLOOKUP(G$5, 'Project Eureka ROI'!$F$21:$AL$21, 'Project Eureka ROI'!$F$11:$AL$11, 0 ) -> 0 | H15: =_xlfn.XLOOKUP(H$5, 'Project Eureka ROI'!$F$21:$AL$21, 'Project Eureka ROI'!$F$11:$AL$11, 0 ) -> 0 | I15: =_xlfn.XLOOKUP(I$5, 'Project Eureka ROI'!$F$21:$AL$21, 'Project Eureka ROI'!$F$11:$AL$11, 0 ) -> 0 | J15: =_xlfn.XLOOKUP(J$5, 'Project Eureka ROI'!$F$21:$AL$21, 'Project Eureka ROI'!$F$11:$AL$11, 0 ) -> 0 | K15: =_xlfn.XLOOKUP(K$5, 'Project Eureka ROI'!$F$21:$AL$21, 'Project Eureka ROI'!$F$11:$AL$11, 0 ) -> 0 | L15: =_xlfn.XLOOKUP(L$5, 'Project Eureka ROI'!$F$21:$AL$21, 'Project Eureka ROI'!$F$11:$AL$11, 0 ) -> 0 | M15: =_xlfn.XLOOKUP(M$5, 'Project Eureka ROI'!$F$21:$AL$21, 'Project Eureka ROI'!$F$11:$AL$11, 0 ) -> 0 | O15: =IF(O$13 = 0, 0, _xlfn.XLOOKUP(O$5, 'Project Eureka ROI'!$F$21:$AL$21, 'Project Eureka ROI'!$F$15:$AL$15, 0 )) -> 0 | P15: =IF(P$13 = 0, 0, _xlfn.XLOOKUP(P$5, 'Project Eureka ROI'!$F$21:$AL$21, 'Project Eureka ROI'!$F$15:$AL$15, 0 )) -> 0 | Q15: =IF(Q$13 = 0, 0, _xlfn.XLOOKUP(Q$5, 'Project Eureka ROI'!$F$21:$AL$21, 'Project Eureka ROI'!$F$15:$AL$15, 0 )) -> 0 | R15: =IF(R$13 = 0, 0, _xlfn.XLOOKUP(R$5, 'Project Eureka ROI'!$F$21:$AL$21, 'Project Eureka ROI'!$F$15:$AL$15, 0 )) -> 0 | S15: =IF(S$13 = 0, 0, _xlfn.XLOOKUP(S$5, 'Project Eureka ROI'!$F$21:$AL$21, 'Project Eureka ROI'!$F$15:$AL$15, 0 )) -> 6.3472179 | T15: =IF(T$13 = 0, 0, _xlfn.XLOOKUP(T$5, 'Project Eureka ROI'!$F$21:$AL$21, 'Project Eureka ROI'!$F$15:$AL$15, 0 )) -> 6.1378199 | U15: =IF(U$13 = 0, 0, _xlfn.XLOOKUP(U$5, 'Project Eureka ROI'!$F$21:$AL$21, 'Project Eureka ROI'!$F$15:$AL$15, 0 )) -> 6.0505133 | V15: =IF(V$13 = 0, 0, _xlfn.XLOOKUP(V$5, 'Project Eureka ROI'!$F$21:$AL$21, 'Project Eureka ROI'!$F$15:$AL$15, 0 )) -> 5.9619189 | ... X15: =IF(X$13 = 0, 0, _xlfn.XLOOKUP(X$5, 'Project Eureka ROI'!$F$21:$AL$21, 'Project Eureka ROI'!$F$15:$AL$15, 0 )) -> 5.7807938 | Z15: =_xlfn.XLOOKUP(Z$5, 'Project Eureka ROI'!$F$21:$AL$21, 'Project Eureka ROI'!$F$94:$AL$94, 0 ) -> 0 | AA15: =_xlfn.XLOOKUP(AA$5, 'Project Eureka ROI'!$F$21:$AL$21, 'Project Eureka ROI'!$F$94:$AL$94, 0 ) -> 0 | AB15: =_xlfn.XLOOKUP(AB$5, 'Project Eureka ROI'!$F$21:$AL$21, 'Project Eureka ROI'!$F$94:$AL$94, 0 ) -> 0 | AC15: =_xlfn.XLOOKUP(AC$5, 'Project Eureka ROI'!$F$21:$AL$21, 'Project Eureka ROI'!$F$94:$AL$94, 0 ) -> 0 | AD15: =_xlfn.XLOOKUP(AD$5, 'Project Eureka ROI'!$F$21:$AL$21, 'Project Eureka ROI'!$F$94:$AL$94, 0 ) -> 0.312 | AE15: =_xlfn.XLOOKUP(AE$5, 'Project Eureka ROI'!$F$21:$AL$21, 'Project Eureka ROI'!$F$94:$AL$94, 0 ) -> 0.264 | AF15: =_xlfn.XLOOKUP(AF$5, 'Project Eureka ROI'!$F$21:$AL$21, 'Project Eureka ROI'!$F$94:$AL$94, 0 ) -> 0.264 | AG15: =_xlfn.XLOOKUP(AG$5, 'Project Eureka ROI'!$F$21:$AL$21, 'Project Eureka ROI'!$F$94:$AL$94, 0 ) -> 0.264 | ... AI15: =_xlfn.XLOOKUP(AI$5, 'Project Eureka ROI'!$F$21:$AL$21, 'Project Eureka ROI'!$F$94:$AL$94, 0 ) -> 0.264 | BG15: =_xlfn.XLOOKUP(BG$5, 'Project Eureka ROI'!$F$21:$AL$21, 'Project Eureka ROI'!$F$95:$AL$95, 0) -> 0 | BH15: =_xlfn.XLOOKUP(BH$5, 'Project Eureka ROI'!$F$21:$AL$21, 'Project Eureka ROI'!$F$95:$AL$95, 0) -> 29.85 | BI15: =_xlfn.XLOOKUP(BI$5, 'Project Eureka ROI'!$F$21:$AL$21, 'Project Eureka ROI'!$F$95:$AL$95, 0) -> 29.85 | BJ15: =_xlfn.XLOOKUP(BJ$5, 'Project Eureka ROI'!$F$21:$AL$21, 'Project Eureka ROI'!$F$95:$AL$95, 0) -> 29.85 | BK15: =_xlfn.XLOOKUP(BK$5, 'Project Eureka ROI'!$F$21:$AL$21, 'Project Eureka ROI'!$F$95:$AL$95, 0) -> 29.85 | BL15: =_xlfn.XLOOKUP(BL$5, 'Project Eureka ROI'!$F$21:$AL$21, 'Project Eureka ROI'!$F$95:$AL$95, 0) -> 29.85 | BM15: =_xlfn.XLOOKUP(BM$5, 'Project Eureka ROI'!$F$21:$AL$21, 'Project Eureka ROI'!$F$95:$AL$95, 0) -> 29.85 | BN15: =_xlfn.XLOOKUP(BN$5, 'Project Eureka ROI'!$F$21:$AL$21, 'Project Eureka ROI'!$F$95:$AL$95, 0) -> 29.85 | ... BP15: =_xlfn.XLOOKUP(BP$5, 'Project Eureka ROI'!$F$21:$AL$21, 'Project Eureka ROI'!$F$95:$AL$95, 0) -> 29.85 | BR15: =_xlfn.XLOOKUP(BR$5, 'Project Eureka ROI'!$F$21:$AL$21, 'Project Eureka ROI'!$F$96:$AL$96, 0) -> 0 | BS15: =_xlfn.XLOOKUP(BS$5, 'Project Eureka ROI'!$F$21:$AL$21, 'Project Eureka ROI'!$F$96:$AL$96, 0) -> 15.85 | BT15: =_xlfn.XLOOKUP(BT$5, 'Project Eureka ROI'!$F$21:$AL$21, 'Project Eureka ROI'!$F$96:$AL$96, 0) -> 15.85 | BU15: =_xlfn.XLOOKUP(BU$5, 'Project Eureka ROI'!$F$21:$AL$21, 'Project Eureka ROI'!$F$96:$AL$96, 0) -> 15.85 | BV15: =_xlfn.XLOOKUP(BV$5, 'Project Eureka ROI'!$F$21:$AL$21, 'Project Eureka ROI'!$F$96:$AL$96, 0) -> 15.85 | BW15: =_xlfn.XLOOKUP(BW$5, 'Project Eureka ROI'!$F$21:$AL$21, 'Project Eureka ROI'!$F$96:$AL$96, 0) -> 15.85 | BX15: =_xlfn.XLOOKUP(BX$5, 'Project Eureka ROI'!$F$21:$AL$21, 'Project Eureka ROI'!$F$96:$AL$96, 0) -> 15.85 | BY15: =_xlfn.XLOOKUP(BY$5, 'Project Eureka ROI'!$F$21:$AL$21, 'Project Eureka ROI'!$F$96:$AL$96, 0) -> 15.85 | ... CA15: =_xlfn.XLOOKUP(CA$5, 'Project Eureka ROI'!$F$21:$AL$21, 'Project Eureka ROI'!$F$96:$AL$96, 0) -> 15.85 | CC15: =_xlfn.XLOOKUP(CC$5, 'Project Eureka ROI'!$F$21:$AL$21, 'Project Eureka ROI'!$F$97:$AL$97, 0) -> 0 | CD15: =_xlfn.XLOOKUP(CD$5, 'Project Eureka ROI'!$F$21:$AL$21, 'Project Eureka ROI'!$F$97:$AL$97, 0) -> 5.14 | CE15: =_xlfn.XLOOKUP(CE$5, 'Project Eureka ROI'!$F$21:$AL$21, 'Project Eureka ROI'!$F$97:$AL$97, 0) -> 5.14 | CF15: =_xlfn.XLOOKUP(CF$5, 'Project Eureka ROI'!$F$21:$AL$21, 'Project Eureka ROI'!$F$97:$AL$97, 0) -> 5.14 | CG15: =_xlfn.XLOOKUP(CG$5, 'Project Eureka ROI'!$F$21:$AL$21, 'Project Eureka ROI'!$F$97:$AL$97, 0) -> 5.14 | CH15: =_xlfn.XLOOKUP(CH$5, 'Project Eureka ROI'!$F$21:$AL$21, 'Project Eureka ROI'!$F$97:$AL$97, 0) -> 5.14 | CI15: =_xlfn.XLOOKUP(CI$5, 'Project Eureka ROI'!$F$21:$AL$21, 'Project Eureka ROI'!$F$97:$AL$97, 0) -> 5.14 | CJ15: =_xlfn.XLOOKUP(CJ$5, 'Project Eureka ROI'!$F$21:$AL$21, 'Project Eureka ROI'!$F$97:$AL$97, 0) -> 5.14 | ... CL15: =_xlfn.XLOOKUP(CL$5, 'Project Eureka ROI'!$F$21:$AL$21, 'Project Eureka ROI'!$F$97:$AL$97, 0) -> 5.14 | CN15: =_xlfn.XLOOKUP(CN$5, 'Project Eureka ROI'!$F$21:$AL$21, 'Project Eureka ROI'!$F$98:$AL$98, 0) -> 0 | CO15: =_xlfn.XLOOKUP(CO$5, 'Project Eureka ROI'!$F$21:$AL$21, 'Project Eureka ROI'!$F$98:$AL$98, 0) -> 0.27 | CP15: =_xlfn.XLOOKUP(CP$5, 'Project Eureka ROI'!$F$21:$AL$21, 'Project Eureka ROI'!$F$98:$AL$98, 0) -> 0.27 | CQ15: =_xlfn.XLOOKUP(CQ$5, 'Project Eureka ROI'!$F$21:$AL$21, 'Project Eureka ROI'!$F$98:$AL$98, 0) -> 0.27 | CR15: =_xlfn.XLOOKUP(CR$5, 'Project Eureka ROI'!$F$21:$AL$21, 'Project Eureka ROI'!$F$98:$AL$98, 0) -> 0.27 | CS15: =_xlfn.XLOOKUP(CS$5, 'Project Eureka ROI'!$F$21:$AL$21, 'Project Eureka ROI'!$F$98:$AL$98, 0) -> 0.27 | CT15: =_xlfn.XLOOKUP(CT$5, 'Project Eureka ROI'!$F$21:$AL$21, 'Project Eureka ROI'!$F$98:$AL$98, 0) -> 0.27 | CU15: =_xlfn.XLOOKUP(CU$5, 'Project Eureka ROI'!$F$21:$AL$21, 'Project Eureka ROI'!$F$98:$AL$98, 0) -> 0.27 | ... CW15: =_xlfn.XLOOKUP(CW$5, 'Project Eureka ROI'!$F$21:$AL$21, 'Project Eureka ROI'!$F$98:$AL$98, 0) -> 0.27
B17: ="Playground @ "&TEXT(Pct_JV,"0%")&" PD Ownsership" -> Playground @ 50% PD Ownsership | D17: =_xlfn.XLOOKUP(D$5, 'Project Playground ROI'!$F$29:$AL$29, 'Project Playground ROI'!$F$48:$AL$48, 0)*Pct_JV*2 -> 0 | E17: =_xlfn.XLOOKUP(E$5, 'Project Playground ROI'!$F$29:$AL$29, 'Project Playground ROI'!$F$48:$AL$48, 0)*Pct_JV*2 -> 0 | F17: =_xlfn.XLOOKUP(F$5, 'Project Playground ROI'!$F$29:$AL$29, 'Project Playground ROI'!$F$48:$AL$48, 0)*Pct_JV*2 -> 0 | G17: =_xlfn.XLOOKUP(G$5, 'Project Playground ROI'!$F$29:$AL$29, 'Project Playground ROI'!$F$48:$AL$48, 0)*Pct_JV*2 -> 0 | H17: =_xlfn.XLOOKUP(H$5, 'Project Playground ROI'!$F$29:$AL$29, 'Project Playground ROI'!$F$48:$AL$48, 0)*Pct_JV*2 -> 671.8096 | I17: =_xlfn.XLOOKUP(I$5, 'Project Playground ROI'!$F$29:$AL$29, 'Project Playground ROI'!$F$48:$AL$48, 0)*Pct_JV*2 -> 1919.456 | J17: =_xlfn.XLOOKUP(J$5, 'Project Playground ROI'!$F$29:$AL$29, 'Project Playground ROI'!$F$48:$AL$48, 0)*Pct_JV*2 -> 1919.456 | K17: =_xlfn.XLOOKUP(K$5, 'Project Playground ROI'!$F$29:$AL$29, 'Project Playground ROI'!$F$48:$AL$48, 0)*Pct_JV*2 -> 1919.456 | ... M17: =_xlfn.XLOOKUP(M$5, 'Project Playground ROI'!$F$29:$AL$29, 'Project Playground ROI'!$F$48:$AL$48, 0)*Pct_JV*2 -> 1919.456 | O17: =_xlfn.XLOOKUP(O$5, 'Project Playground ROI'!$F$29:$AL$29, 'Project Playground ROI'!$F$49:$AL$49, 0)*Pct_JV*2 -> 0 | P17: =_xlfn.XLOOKUP(P$5, 'Project Playground ROI'!$F$29:$AL$29, 'Project Playground ROI'!$F$49:$AL$49, 0)*Pct_JV*2 -> 0 | Q17: =_xlfn.XLOOKUP(Q$5, 'Project Playground ROI'!$F$29:$AL$29, 'Project Playground ROI'!$F$49:$AL$49, 0)*Pct_JV*2 -> 0 | R17: =_xlfn.XLOOKUP(R$5, 'Project Playground ROI'!$F$29:$AL$29, 'Project Playground ROI'!$F$49:$AL$49, 0)*Pct_JV*2 -> 0 | S17: =_xlfn.XLOOKUP(S$5, 'Project Playground ROI'!$F$29:$AL$29, 'Project Playground ROI'!$F$49:$AL$49, 0)*Pct_JV*2 -> 2015.4288 | T17: =_xlfn.XLOOKUP(T$5, 'Project Playground ROI'!$F$29:$AL$29, 'Project Playground ROI'!$F$49:$AL$49, 0)*Pct_JV*2 -> 5758.368 | U17: =_xlfn.XLOOKUP(U$5, 'Project Playground ROI'!$F$29:$AL$29, 'Project Playground ROI'!$F$49:$AL$49, 0)*Pct_JV*2 -> 5758.368 | V17: =_xlfn.XLOOKUP(V$5, 'Project Playground ROI'!$F$29:$AL$29, 'Project Playground ROI'!$F$49:$AL$49, 0)*Pct_JV*2 -> 5758.368 | ... X17: =_xlfn.XLOOKUP(X$5, 'Project Playground ROI'!$F$29:$AL$29, 'Project Playground ROI'!$F$49:$AL$49, 0)*Pct_JV*2 -> 5758.368 | Z17: =_xlfn.XLOOKUP(Z$5, 'Project Playground ROI'!$F$29:$AL$29, 'Project Playground ROI'!$F$50:$AL$50, 0)*Pct_JV*2 -> 0 | AA17: =_xlfn.XLOOKUP(AA$5, 'Project Playground ROI'!$F$29:$AL$29, 'Project Playground ROI'!$F$50:$AL$50, 0)*Pct_JV*2 -> 0 | AB17: =_xlfn.XLOOKUP(AB$5, 'Project Playground ROI'!$F$29:$AL$29, 'Project Playground ROI'!$F$50:$AL$50, 0)*Pct_JV*2 -> 0 | AC17: =_xlfn.XLOOKUP(AC$5, 'Project Playground ROI'!$F$29:$AL$29, 'Project Playground ROI'!$F$50:$AL$50, 0)*Pct_JV*2 -> 0 | AD17: =_xlfn.XLOOKUP(AD$5, 'Project Playground ROI'!$F$29:$AL$29, 'Project Playground ROI'!$F$50:$AL$50, 0)*Pct_JV*2 -> 4568.3053 | AE17: =_xlfn.XLOOKUP(AE$5, 'Project Playground ROI'!$F$29:$AL$29, 'Project Playground ROI'!$F$50:$AL$50, 0)*Pct_JV*2 -> 13052.301 | AF17: =_xlfn.XLOOKUP(AF$5, 'Project Playground ROI'!$F$29:$AL$29, 'Project Playground ROI'!$F$50:$AL$50, 0)*Pct_JV*2 -> 13052.301 | AG17: =_xlfn.XLOOKUP(AG$5, 'Project Playground ROI'!$F$29:$AL$29, 'Project Playground ROI'!$F$50:$AL$50, 0)*Pct_JV*2 -> 13052.301 | ... AI17: =_xlfn.XLOOKUP(AI$5, 'Project Playground ROI'!$F$29:$AL$29, 'Project Playground ROI'!$F$50:$AL$50, 0)*Pct_JV*2 -> 13052.301 | AK17: =_xlfn.XLOOKUP(AK$5, 'Project Playground ROI'!$F$29:$AL$29, 'Project Playground ROI'!$F$51:$AL$51, 0)*Pct_JV*2 -> 0 | AL17: =_xlfn.XLOOKUP(AL$5, 'Project Playground ROI'!$F$29:$AL$29, 'Project Playground ROI'!$F$51:$AL$51, 0)*Pct_JV*2 -> 0 | AM17: =_xlfn.XLOOKUP(AM$5, 'Project Playground ROI'!$F$29:$AL$29, 'Project Playground ROI'!$F$51:$AL$51, 0)*Pct_JV*2 -> 0 | AN17: =_xlfn.XLOOKUP(AN$5, 'Project Playground ROI'!$F$29:$AL$29, 'Project Playground ROI'!$F$51:$AL$51, 0)*Pct_JV*2 -> 0 | AO17: =_xlfn.XLOOKUP(AO$5, 'Project Playground ROI'!$F$29:$AL$29, 'Project Playground ROI'!$F$51:$AL$51, 0)*Pct_JV*2 -> 0 | AP17: =_xlfn.XLOOKUP(AP$5, 'Project Playground ROI'!$F$29:$AL$29, 'Project Playground ROI'!$F$51:$AL$51, 0)*Pct_JV*2 -> 10 | AQ17: =_xlfn.XLOOKUP(AQ$5, 'Project Playground ROI'!$F$29:$AL$29, 'Project Playground ROI'!$F$51:$AL$51, 0)*Pct_JV*2 -> 15 | AR17: =_xlfn.XLOOKUP(AR$5, 'Project Playground ROI'!$F$29:$AL$29, 'Project Playground ROI'!$F$51:$AL$51, 0)*Pct_JV*2 -> 22.5 | ... AT17: =_xlfn.XLOOKUP(AT$5, 'Project Playground ROI'!$F$29:$AL$29, 'Project Playground ROI'!$F$51:$AL$51, 0)*Pct_JV*2 -> 37.125 | AV17: =_xlfn.XLOOKUP(AV$5, 'Project Playground ROI'!$F$29:$AL$29, 'Project Playground ROI'!$F$52:$AL$52, 0)*Pct_JV*2 -> 0 | AW17: =_xlfn.XLOOKUP(AW$5, 'Project Playground ROI'!$F$29:$AL$29, 'Project Playground ROI'!$F$52:$AL$52, 0)*Pct_JV*2 -> 0 | AX17: =_xlfn.XLOOKUP(AX$5, 'Project Playground ROI'!$F$29:$AL$29, 'Project Playground ROI'!$F$52:$AL$52, 0)*Pct_JV*2 -> 0 | AY17: =_xlfn.XLOOKUP(AY$5, 'Project Playground ROI'!$F$29:$AL$29, 'Project Playground ROI'!$F$52:$AL$52, 0)*Pct_JV*2 -> 0 | AZ17: =_xlfn.XLOOKUP(AZ$5, 'Project Playground ROI'!$F$29:$AL$29, 'Project Playground ROI'!$F$52:$AL$52, 0)*Pct_JV*2 -> 0 | BA17: =_xlfn.XLOOKUP(BA$5, 'Project Playground ROI'!$F$29:$AL$29, 'Project Playground ROI'!$F$52:$AL$52, 0)*Pct_JV*2 -> 0 | BB17: =_xlfn.XLOOKUP(BB$5, 'Project Playground ROI'!$F$29:$AL$29, 'Project Playground ROI'!$F$52:$AL$52, 0)*Pct_JV*2 -> 400 | BC17: =_xlfn.XLOOKUP(BC$5, 'Project Playground ROI'!$F$29:$AL$29, 'Project Playground ROI'!$F$52:$AL$52, 0)*Pct_JV*2 -> 750 | ... BE17: =_xlfn.XLOOKUP(BE$5, 'Project Playground ROI'!$F$29:$AL$29, 'Project Playground ROI'!$F$52:$AL$52, 0)*Pct_JV*2 -> 1050
B18: Revenue Per Unit | D18: =D$10 -> 0 | E18: =E$10 -> 0 | F18: =F$10 -> 0 | G18: =G$10 -> 17.05 | H18: =H$10 -> 15.4 | I18: =I$10 -> 15.4 | J18: =J$10 -> 14.3 | K18: =K$10 -> 14.3 | ... M18: =M$10 -> 14.3 | O18: =O$10 -> 0 | P18: =P$10 -> 0 | Q18: =Q$10 -> 0 | R18: =R$10 -> 15.5 | S18: =S$10 -> 14 | T18: =T$10 -> 14 | U18: =U$10 -> 13 | V18: =V$10 -> 13 | ... X18: =X$10 -> 13 | Z18: =Z$10 -> 0 | AA18: =AA$10 -> 0 | AB18: =AB$10 -> 0 | AC18: =AC$10 -> 1 | AD18: =AD$10 -> 1.2 | AE18: =AE$10 -> 1.2 | AF18: =AF$10 -> 1.2 | AG18: =AG$10 -> 1.2 | ... AI18: =AI$10 -> 1.2 | AK18: =AK$10 -> 0 | AL18: =AL$10 -> 0 | AM18: =AM$10 -> 0 | AN18: =AN$10 -> 500 | AO18: =AO$10 -> 500 | AP18: =AP$10 -> 500 | AQ18: =AQ$10 -> 400 | AR18: =AR$10 -> 375 | ... AT18: =AT$10 -> 200 | AV18: =AV$10 -> 0 | AW18: =AW$10 -> 0 | AX18: =AX$10 -> 0 | AY18: =AY$10 -> 50 | AZ18: =AZ$10 -> 50 | BA18: =BA$10 -> 50 | BB18: =BB$10 -> 50 | BC18: =BC$10 -> 50 | ... BE18: =BE$10 -> 50
B19: Avg. Cost (Excl. SG&A) | D19: =_xlfn.XLOOKUP(D$5, 'Project Playground ROI'!$F$29:$AL$29, 'Project Playground ROI'!$F$74:$AL$74, 0) -> 0 | E19: =_xlfn.XLOOKUP(E$5, 'Project Playground ROI'!$F$29:$AL$29, 'Project Playground ROI'!$F$74:$AL$74, 0) -> 0 | F19: =_xlfn.XLOOKUP(F$5, 'Project Playground ROI'!$F$29:$AL$29, 'Project Playground ROI'!$F$74:$AL$74, 0) -> 0 | G19: =_xlfn.XLOOKUP(G$5, 'Project Playground ROI'!$F$29:$AL$29, 'Project Playground ROI'!$F$74:$AL$74, 0) -> 0 | H19: =_xlfn.XLOOKUP(H$5, 'Project Playground ROI'!$F$29:$AL$29, 'Project Playground ROI'!$F$74:$AL$74, 0) -> 14.980403 | I19: =_xlfn.XLOOKUP(I$5, 'Project Playground ROI'!$F$29:$AL$29, 'Project Playground ROI'!$F$74:$AL$74, 0) -> 12.728639 | J19: =_xlfn.XLOOKUP(J$5, 'Project Playground ROI'!$F$29:$AL$29, 'Project Playground ROI'!$F$74:$AL$74, 0) -> 12.619506 | K19: =_xlfn.XLOOKUP(K$5, 'Project Playground ROI'!$F$29:$AL$29, 'Project Playground ROI'!$F$74:$AL$74, 0) -> 12.511827 | ... M19: =_xlfn.XLOOKUP(M$5, 'Project Playground ROI'!$F$29:$AL$29, 'Project Playground ROI'!$F$74:$AL$74, 0) -> 12.363112 | O19: =_xlfn.XLOOKUP(O$5, 'Project Playground ROI'!$F$29:$AL$29, 'Project Playground ROI'!$F$75:$AL$75, 0) -> 0 | P19: =_xlfn.XLOOKUP(P$5, 'Project Playground ROI'!$F$29:$AL$29, 'Project Playground ROI'!$F$75:$AL$75, 0) -> 0 | Q19: =_xlfn.XLOOKUP(Q$5, 'Project Playground ROI'!$F$29:$AL$29, 'Project Playground ROI'!$F$75:$AL$75, 0) -> 0 | R19: =_xlfn.XLOOKUP(R$5, 'Project Playground ROI'!$F$29:$AL$29, 'Project Playground ROI'!$F$75:$AL$75, 0) -> 0 | S19: =_xlfn.XLOOKUP(S$5, 'Project Playground ROI'!$F$29:$AL$29, 'Project Playground ROI'!$F$75:$AL$75, 0) -> 14.79565 | T19: =_xlfn.XLOOKUP(T$5, 'Project Playground ROI'!$F$29:$AL$29, 'Project Playground ROI'!$F$75:$AL$75, 0) -> 12.546249 | U19: =_xlfn.XLOOKUP(U$5, 'Project Playground ROI'!$F$29:$AL$29, 'Project Playground ROI'!$F$75:$AL$75, 0) -> 12.439505 | V19: =_xlfn.XLOOKUP(V$5, 'Project Playground ROI'!$F$29:$AL$29, 'Project Playground ROI'!$F$75:$AL$75, 0) -> 12.334243 | ... X19: =_xlfn.XLOOKUP(X$5, 'Project Playground ROI'!$F$29:$AL$29, 'Project Playground ROI'!$F$75:$AL$75, 0) -> 12.190445 | Z19: =_xlfn.XLOOKUP(Z$5, 'Project Playground ROI'!$F$29:$AL$29, 'Project Playground ROI'!$F$76:$AL$76, 0) -> 0 | AA19: =_xlfn.XLOOKUP(AA$5, 'Project Playground ROI'!$F$29:$AL$29, 'Project Playground ROI'!$F$76:$AL$76, 0) -> 0 | AB19: =_xlfn.XLOOKUP(AB$5, 'Project Playground ROI'!$F$29:$AL$29, 'Project Playground ROI'!$F$76:$AL$76, 0) -> 0 | AC19: =_xlfn.XLOOKUP(AC$5, 'Project Playground ROI'!$F$29:$AL$29, 'Project Playground ROI'!$F$76:$AL$76, 0) -> 0 | AD19: =_xlfn.XLOOKUP(AD$5, 'Project Playground ROI'!$F$29:$AL$29, 'Project Playground ROI'!$F$76:$AL$76, 0) -> 0.78 | AE19: =_xlfn.XLOOKUP(AE$5, 'Project Playground ROI'!$F$29:$AL$29, 'Project Playground ROI'!$F$76:$AL$76, 0) -> 0.66 | AF19: =_xlfn.XLOOKUP(AF$5, 'Project Playground ROI'!$F$29:$AL$29, 'Project Playground ROI'!$F$76:$AL$76, 0) -> 0.66 | AG19: =_xlfn.XLOOKUP(AG$5, 'Project Playground ROI'!$F$29:$AL$29, 'Project Playground ROI'!$F$76:$AL$76, 0) -> 0.66 | ... AI19: =_xlfn.XLOOKUP(AI$5, 'Project Playground ROI'!$F$29:$AL$29, 'Project Playground ROI'!$F$76:$AL$76, 0) -> 0.66 | AK19: =_xlfn.XLOOKUP(AK$5, 'Project Playground ROI'!$F$29:$AL$29, 'Project Playground ROI'!$F$77:$AL$77, 0) -> 0 | AL19: =_xlfn.XLOOKUP(AL$5, 'Project Playground ROI'!$F$29:$AL$29, 'Project Playground ROI'!$F$77:$AL$77, 0) -> 0 | AM19: =_xlfn.XLOOKUP(AM$5, 'Project Playground ROI'!$F$29:$AL$29, 'Project Playground ROI'!$F$77:$AL$77, 0) -> 0 | AN19: =_xlfn.XLOOKUP(AN$5, 'Project Playground ROI'!$F$29:$AL$29, 'Project Playground ROI'!$F$77:$AL$77, 0) -> 0 | AO19: =_xlfn.XLOOKUP(AO$5, 'Project Playground ROI'!$F$29:$AL$29, 'Project Playground ROI'!$F$77:$AL$77, 0) -> 0 | AP19: =_xlfn.XLOOKUP(AP$5, 'Project Playground ROI'!$F$29:$AL$29, 'Project Playground ROI'!$F$77:$AL$77, 0) -> 277.6479 | AQ19: =_xlfn.XLOOKUP(AQ$5, 'Project Playground ROI'!$F$29:$AL$29, 'Project Playground ROI'!$F$77:$AL$77, 0) -> 262.73814 | AR19: =_xlfn.XLOOKUP(AR$5, 'Project Playground ROI'!$F$29:$AL$29, 'Project Playground ROI'!$F$77:$AL$77, 0) -> 251.20777 | ... AT19: =_xlfn.XLOOKUP(AT$5, 'Project Playground ROI'!$F$29:$AL$29, 'Project Playground ROI'!$F$77:$AL$77, 0) -> 236.98231 | AV19: =_xlfn.XLOOKUP(AV$5, 'Project Playground ROI'!$F$29:$AL$29, 'Project Playground ROI'!$F$78:$AL$78, 0) -> 0 | AW19: =_xlfn.XLOOKUP(AW$5, 'Project Playground ROI'!$F$29:$AL$29, 'Project Playground ROI'!$F$78:$AL$78, 0) -> 0 | AX19: =_xlfn.XLOOKUP(AX$5, 'Project Playground ROI'!$F$29:$AL$29, 'Project Playground ROI'!$F$78:$AL$78, 0) -> 0 | AY19: =_xlfn.XLOOKUP(AY$5, 'Project Playground ROI'!$F$29:$AL$29, 'Project Playground ROI'!$F$78:$AL$78, 0) -> 0 | AZ19: =_xlfn.XLOOKUP(AZ$5, 'Project Playground ROI'!$F$29:$AL$29, 'Project Playground ROI'!$F$78:$AL$78, 0) -> 0 | BA19: =_xlfn.XLOOKUP(BA$5, 'Project Playground ROI'!$F$29:$AL$29, 'Project Playground ROI'!$F$78:$AL$78, 0) -> 0 | BB19: =_xlfn.XLOOKUP(BB$5, 'Project Playground ROI'!$F$29:$AL$29, 'Project Playground ROI'!$F$78:$AL$78, 0) -> 50.618809 | BC19: =_xlfn.XLOOKUP(BC$5, 'Project Playground ROI'!$F$29:$AL$29, 'Project Playground ROI'!$F$78:$AL$78, 0) -> 46.507776 | ... BE19: =_xlfn.XLOOKUP(BE$5, 'Project Playground ROI'!$F$29:$AL$29, 'Project Playground ROI'!$F$78:$AL$78, 0) -> 44.298515
B22: Evonik | E22: 112 | F22: 118 | CB22: 10 | CM22: 10
B23: Revenue Per Unit | E23: 21.42 | F23: 18.5 | Z23: =Z$10 -> 0 | AA23: 0 | AB23: 0 | AC23: =AC$10 -> 1 | AD23: =AD$10 -> 1.2 | AE23: =AE$10 -> 1.2 | AF23: =AF$10 -> 1.2 | AG23: =AG$10 -> 1.2 | AH23: =AH$10 -> 1.2 | AI23: =AI$10 -> 1.2
B24: Avg. Cost | E24: 99 | F24: 98.5
B26: CMO Phase 1 | E26: =182+20 -> 202 | F26: 300 | G26: 300 | H26: 300 | AN26: 0.7 | AO26: 4
B27: Revenue Per Unit | C27: =IF(C$26 = "", "", C23) | D27: =IF(D$26 = "", "", D23) | E27: =IF(E$26 = "", "", E23) -> 21.42 | F27: =IF(F$26 = "", "", F23) -> 18.5 | G27: =G$10 -> 17.05 | H27: =H$10 -> 15.4 | Z27: =Z$10 -> 0 | AA27: =AA$10 -> 0 | AB27: =AB$10 -> 0 | AC27: =AC$10 -> 1 | AD27: =AD$10 -> 1.2 | AE27: =AE$10 -> 1.2 | AF27: =AF$10 -> 1.2 | AG27: =AG$10 -> 1.2 | ... AI27: =AI$10 -> 1.2 | AN27: 500 | AO27: 500
B28: Avg. Cost | E28: 82 | F28: 37.4 | G28: 33.78 | H28: =28.54*1.04 -> 29.6816 | AA28: 0 | AB28: 0 | AC28: 0.3 | AD28: 0.3 | AE28: 0.3 | AF28: 0.3 | AG28: 0.3 | AH28: 0.3 | AI28: 0.3 | AN28: 500 | AO28: 400
B30: CMO Phase 2 | E30: 230 | F30: 890 | G30: 1020 | H30: 1020
B31: Revenue Per Unit | C31: =IF(C$30 = "", "", C23) | D31: =IF(D$30 = "", "", D23) | E31: =IF(E$30 = "", "", E23) -> 21.42 | F31: =IF(F$30 = "", "", F23) -> 18.5 | G31: =IF(G$30 = "", "", G27) -> 17.05 | H31: =IF(H$30 = "", "", H27) -> 15.4 | Z31: =Z$10 -> 0 | AA31: =AA$10 -> 0 | AB31: =AB$10 -> 0 | AC31: =AC$10 -> 1 | AD31: =AD$10 -> 1.2 | AE31: =AE$10 -> 1.2 | AF31: =AF$10 -> 1.2 | AG31: =AG$10 -> 1.2 | ... AI31: =AI$10 -> 1.2
B32: Avg. Cost | E32: 73 | F32: =F28 -> 37.4 | G32: =G28 -> 33.78 | H32: =H28 -> 29.6816 | Z32: =Z11 -> 0 | AA32: =AA11 -> 0 | AB32: =AB11 -> 0 | AC32: =AC11 -> 0.26 | AD32: =AD11 -> 0.264 | AE32: =AE11 -> 0.264 | AF32: =AF11 -> 0.264 | AG32: =AG11 -> 0.264 | ... AI32: =AI11 -> 0.264
B38: Grand Total Production | D38: =D9+D22+D26+D30+D13+D17 -> 0 | E38: =E9+E22+E26+E30+E13+E17 -> 544 | F38: =F9+F22+F26+F30+F13+F17 -> 1308 | G38: =G9+G22+G26+G30+G13+G17 -> 1949.8215 | H38: =H9+H22+H26+H30+H13+H17 -> 3791.2996 | I38: =I9+I22+I26+I30+I13+I17 -> 4468.946 | J38: =J9+J22+J26+J30+J13+J17 -> 4968.946 | K38: =K9+K22+K26+K30+K13+K17 -> 4968.946 | ... M38: =M9+M22+M26+M30+M13+M17 -> 4968.946 | O38: =O9+O22+O26+O30+O13+O17 -> 0 | P38: =P9+P22+P26+P30+P13+P17 -> 0 | Q38: =Q9+Q22+Q26+Q30+Q13+Q17 -> 0 | R38: =R9+R22+R26+R30+R13+R17 -> 1889.4645 | S38: =S9+S22+S26+S30+S13+S17 -> 10101.137 | T38: =T9+T22+T26+T30+T13+T17 -> 21084.662 | U38: =U9+U22+U26+U30+U13+U17 -> 22584.662 | V38: =V9+V22+V26+V30+V13+V17 -> 22584.662 | ... X38: =X9+X22+X26+X30+X13+X17 -> 22584.662 | Z38: =Z9+Z22+Z26+Z30+Z13+Z17 -> 0 | AA38: =AA9+AA22+AA26+AA30+AA13+AA17 -> 0 | AB38: =AB9+AB22+AB26+AB30+AB13+AB17 -> 0 | AC38: =AC9+AC22+AC26+AC30+AC13+AC17 -> 4282.7862 | AD38: =AD9+AD22+AD26+AD30+AD13+AD17 -> 21373.143 | AE38: =AE9+AE22+AE26+AE30+AE13+AE17 -> 43441.134 | AF38: =AF9+AF22+AF26+AF30+AF13+AF17 -> 46841.134 | AG38: =AG9+AG22+AG26+AG30+AG13+AG17 -> 46841.134 | ... AI38: =AI9+AI22+AI26+AI30+AI13+AI17 -> 46841.134 | AK38: =AK9+AK22+AK26+AK30+AK13+AK17 -> 0 | AL38: =AL9+AL22+AL26+AL30+AL13+AL17 -> 0 | AM38: =AM9+AM22+AM26+AM30+AM13+AM17 -> 0 | AN38: =AN9+AN22+AN26+AN30+AN13+AN17 -> 0.7 | AO38: =AO9+AO22+AO26+AO30+AO13+AO17 -> 4 | AP38: =AP9+AP22+AP26+AP30+AP13+AP17 -> 20 | AQ38: =AQ9+AQ22+AQ26+AQ30+AQ13+AQ17 -> 30 | AR38: =AR9+AR22+AR26+AR30+AR13+AR17 -> 45 | ... AT38: =AT9+AT22+AT26+AT30+AT13+AT17 -> 70.875 | AV38: =AV9+AV22+AV26+AV30+AV13+AV17 -> 0 | AW38: =AW9+AW22+AW26+AW30+AW13+AW17 -> 0 | AX38: =AX9+AX22+AX26+AX30+AX13+AX17 -> 0 | AY38: =AY9+AY22+AY26+AY30+AY13+AY17 -> 0 | AZ38: =AZ9+AZ22+AZ26+AZ30+AZ13+AZ17 -> 0 | BA38: =BA9+BA22+BA26+BA30+BA13+BA17 -> 400 | BB38: =BB9+BB22+BB26+BB30+BB13+BB17 -> 1150 | BC38: =BC9+BC22+BC26+BC30+BC13+BC17 -> 1750 | ... BE38: =BE9+BE22+BE26+BE30+BE13+BE17 -> 2152.5 | BG38: =BG9+BG22+BG26+BG30+BG13+BG17 -> 0 | BH38: =BH9+BH22+BH26+BH30+BH13+BH17 -> 196 | BI38: =BI9+BI22+BI26+BI30+BI13+BI17 -> 199.92 | BJ38: =BJ9+BJ22+BJ26+BJ30+BJ13+BJ17 -> 203.9184 | BK38: =BK9+BK22+BK26+BK30+BK13+BK17 -> 207.99677 | BL38: =BL9+BL22+BL26+BL30+BL13+BL17 -> 212.1567 | BM38: =BM9+BM22+BM26+BM30+BM13+BM17 -> 216.39984 | BN38: =BN9+BN22+BN26+BN30+BN13+BN17 -> 222.89183 | ... BP38: =BP9+BP22+BP26+BP30+BP13+BP17 -> 236.46595 | BR38: =BR9+BR22+BR26+BR30+BR13+BR17 -> 0 | BS38: =BS9+BS22+BS26+BS30+BS13+BS17 -> 135 | BT38: =BT9+BT22+BT26+BT30+BT13+BT17 -> 137.7 | BU38: =BU9+BU22+BU26+BU30+BU13+BU17 -> 140.454 | BV38: =BV9+BV22+BV26+BV30+BV13+BV17 -> 143.26308 | BW38: =BW9+BW22+BW26+BW30+BW13+BW17 -> 146.12834 | BX38: =BX9+BX22+BX26+BX30+BX13+BX17 -> 149.05091 | BY38: =BY9+BY22+BY26+BY30+BY13+BY17 -> 153.52244 | ... CA38: =CA9+CA22+CA26+CA30+CA13+CA17 -> 162.87195 | CC38: =CC9+CC22+CC26+CC30+CC13+CC17 -> 0 | CD38: =CD9+CD22+CD26+CD30+CD13+CD17 -> 3500 | CE38: =CE9+CE22+CE26+CE30+CE13+CE17 -> 4375 | CF38: =CF9+CF22+CF26+CF30+CF13+CF17 -> 4812.5 | CG38: =CG9+CG22+CG26+CG30+CG13+CG17 -> 5293.75 | CH38: =CH9+CH22+CH26+CH30+CH13+CH17 -> 5823.125 | CI38: =CI9+CI22+CI26+CI30+CI13+CI17 -> 6114.2813 | CJ38: =CJ9+CJ22+CJ26+CJ30+CJ13+CJ17 -> 6419.9953 | ... CL38: =CL9+CL22+CL26+CL30+CL13+CL17 -> 6300 | CN38: =CN9+CN22+CN26+CN30+CN13+CN17 -> 0 | CO38: =CO9+CO22+CO26+CO30+CO13+CO17 -> 12480 | CP38: =CP9+CP22+CP26+CP30+CP13+CP17 -> 15600 | CQ38: =CQ9+CQ22+CQ26+CQ30+CQ13+CQ17 -> 17160 | CR38: =CR9+CR22+CR26+CR30+CR13+CR17 -> 18876 | CS38: =CS9+CS22+CS26+CS30+CS13+CS17 -> 20763.6 | CT38: =CT9+CT22+CT26+CT30+CT13+CT17 -> 21801.78 | CU38: =CU9+CU22+CU26+CU30+CU13+CU17 -> 22891.869 | ... CW38: =CW9+CW22+CW26+CW30+CW13+CW17 -> 23000
B39: Total LGB Production (both grades) | E39: =E38+P38 -> 544 | F39: =F38+Q38 -> 1308 | G39: =G38+R38 -> 3839.286 | H39: =H38+S38 -> 13892.437 | I39: =I38+T38 -> 25553.608 | J39: =J38+U38 -> 27553.608 | K39: =K38+V38 -> 27553.608 | L39: =L38+W38 -> 27553.608 | M39: =M38+X38 -> 27553.608
B40: Demand Forecast
B42: Ingredients Demand | D42: =D38-D43-D44+C44 -> 0 | E42: =E38-E43-E44+D44 -> 437.57534 | F42: =F38-F43-F44+E44 -> 1122.411 | G42: =G38-G43-G44+F44 -> 1896.0827 | H42: =H38-H43-H44+G44 -> 3728.3688 | I42: =I38-I43-I44+H44 -> 4616.974 | J42: =J38-J43-J44+I44 -> 4948.3981 | K42: =K38-K43-K44+J44 -> 4968.946 | ... M42: =M38-M43-M44+L44 -> 4968.946 | O42: =O38-O43-O44 -> 0 | P42: =P38-P43-P44+O44 -> 0 | Q42: =Q38-Q43-Q44+P44 -> 0 | R42: =R38-R43-R44+Q44 -> 1654.166 | S42: =S38-S43-S44+R44 -> 9619.7942 | T42: =T38-T43-T44+S44 -> 20854.811 | U42: =U38-U43-U44+T44 -> 22523.018 | V42: =V38-V43-V44+U44 -> 22584.662 | W42: =W38-W43-W44+V44 -> 22584.662 | X42: =X38-X43-X44+W44 -> 22584.662 | Z42: =Z38-Z43-Z44 -> 0 | AA42: =AA38-AA43-AA44+Z44 -> 0 | AB42: =AB38-AB43-AB44+AA44 -> 0 | AC42: =AC38-AC43-AC44+AB44 -> 4165.4496 | AD42: =AD38-AD43-AD44+AC44 -> 20904.914 | AE42: =AE38-AE43-AE44+AD44 -> 42836.531 | AF42: =AF38-AF43-AF44+AE44 -> 46747.983 | AG42: =AG38-AG43-AG44+AF44 -> 46841.134 | AH42: =AH38-AH43-AH44+AG44 -> 46841.134 | AI42: =AI38-AI43-AI44+AH44 -> 46841.134 | AK42: =AK38-AK43-AK44 -> 0 | AL42: =AL38-AL43-AL44 -> 0 | AM42: =AM38-AM43-AM44 -> 0 | AN42: =AN38-AN43-AN44+AM44 -> 0.58493151 | AO42: =AO38-AO43-AO44+AN44 -> 3.5671233 | AP42: =AP38-AP43-AP44+AO44 -> 19.726027 | AQ42: =AQ38-AQ43-AQ44+AP44 -> 29.589041 | AR42: =AR38-AR43-AR44+AQ44 -> 44.383562 | AS42: =AS38-AS43-AS44+AR44 -> 66.575342 | AT42: =AT38-AT43-AT44+AS44 -> 70.736301 | AV42: =AV38-AV43-AV44 -> 0 | AW42: =AW38-AW43-AW44 -> 0 | AX42: =AX38-AX43-AX44+AW44 -> 0 | AY42: =AY38-AY43-AY44+AX44 -> 0 | AZ42: =AZ38-AZ43-AZ44+AY44 -> 0 | BA42: =BA38-BA43-BA44+AZ44 -> 383.56164 | BB42: =BB38-BB43-BB44+BA44 -> 1119.1781 | BC42: =BC38-BC43-BC44+BB44 -> 1725.3425 | BD42: =BD38-BD43-BD44+BC44 -> 2037.6712 | BE42: =BE38-BE43-BE44+BD44 -> 2148.2877 | BG42: =BG38-BG43-BG44 -> 0 | BH42: =BH38-BH43-BH44 -> 196 | BI42: =BI38-BI43-BI44 -> 199.92 | BJ42: =BJ38-BJ43-BJ44 -> 203.9184 | BK42: =BK38-BK43-BK44 -> 207.99677 | BL42: =BL38-BL43-BL44 -> 212.1567 | BM42: =BM38-BM43-BM44 -> 216.39984 | BN42: =BN38-BN43-BN44 -> 222.89183 | ... BP42: =BP38-BP43-BP44 -> 236.46595 | BR42: =BR38-BR43-BR44 -> 0 | BS42: =BS38-BS43-BS44 -> 135 | BT42: =BT38-BT43-BT44 -> 137.7 | BU42: =BU38-BU43-BU44 -> 140.454 | BV42: =BV38-BV43-BV44 -> 143.26308 | BW42: =BW38-BW43-BW44 -> 146.12834 | BX42: =BX38-BX43-BX44 -> 149.05091 | BY42: =BY38-BY43-BY44 -> 153.52244 | ... CA42: =CA38-CA43-CA44 -> 162.87195 | CC42: =CC38-CC43-CC44 -> 0 | CD42: =CD38-CD43-CD44 -> 3500 | CE42: =CE38-CE43-CE44 -> 4375 | CF42: =CF38-CF43-CF44 -> 4812.5 | CG42: =CG38-CG43-CG44 -> 5293.75 | CH42: =CH38-CH43-CH44 -> 5823.125 | CI42: =CI38-CI43-CI44 -> 6114.2813 | CJ42: =CJ38-CJ43-CJ44 -> 6419.9953 | ... CL42: =CL38-CL43-CL44 -> 6300 | CN42: =CN38-CN43-CN44 -> 0 | CO42: =CO38-CO43-CO44 -> 12480 | CP42: =CP38-CP43-CP44 -> 15600 | CQ42: =CQ38-CQ43-CQ44 -> 17160 | CR42: =CR38-CR43-CR44 -> 18876 | CS42: =CS38-CS43-CS44 -> 20763.6 | CT42: =CT38-CT43-CT44 -> 21801.78 | CU42: =CU38-CU43-CU44 -> 22891.869 | ... CW42: =CW38-CW43-CW44 -> 23000
B43: TUC Demand | E43: 17 | F43: 60 | R43: 80 | S43: 0 | T43: 0 | U43: 0 | V43: 0 | W43: 0 | X43: 0
B44: Stock Carryover | D44: =((D9/365)*D$56) + (((D22 + D26 + D30)/365)*D$59) + ((D13/365)*D$60) + ((D17/365)*D$57) -> 0 | E44: =((E9/365)*E$56) + (((E22 + E26 + E30)/365)*E$59) + ((E13/365)*E$60) + ((E17/365)*E$57) -> 89.424658 | F44: =((F9/365)*F$56) + (((F22 + F26 + F30)/365)*F$59) + ((F13/365)*F$60) + ((F17/365)*F$57) -> 215.0137 | G44: =((G9/365)*G$56) + (((G22 + G26 + G30)/365)*G$59) + ((G13/365)*G$60) + ((G17/365)*G$57) -> 268.75245 | H44: =((H9/365)*H$56) + (((H22 + H26 + H30)/365)*H$59) + ((H13/365)*H$60) + ((H17/365)*H$57) -> 331.68327 | I44: =((I9/365)*I$56) + (((I22 + I26 + I30)/365)*I$59) + ((I13/365)*I$60) + ((I17/365)*I$57) -> 183.65532 | J44: =((J9/365)*J$56) + (((J22 + J26 + J30)/365)*J$59) + ((J13/365)*J$60) + ((J17/365)*J$57) -> 204.20326 | K44: =((K9/365)*K$56) + (((K22 + K26 + K30)/365)*K$59) + ((K13/365)*K$60) + ((K17/365)*K$57) -> 204.20326 | ... M44: =((M9/365)*M$56) + (((M22 + M26 + M30)/365)*M$59) + ((M13/365)*M$60) + ((M17/365)*M$57) -> 204.20326 | O44: =((O9/365)*O$56) + (((O22 + O26 + O30)/365)*O$59) + ((O13/365)*O$60) + ((O17/365)*O$57) -> 0 | P44: =((P9/365)*P$56) + (((P22 + P26 + P30)/365)*P$59) + ((P13/365)*P$60) + ((P17/365)*P$57) -> 0 | Q44: =((Q9/365)*Q$56) + (((Q22 + Q26 + Q30)/365)*Q$59) + ((Q13/365)*Q$60) + ((Q17/365)*Q$57) -> 0 | R44: =((R9/365)*R$56) + (((R22 + R26 + R30)/365)*R$59) + ((R13/365)*R$60) + ((R17/365)*R$57) -> 155.29845 | S44: =((S9/365)*S$56) + (((S22 + S26 + S30)/365)*S$59) + ((S13/365)*S$60) + ((S17/365)*S$57) -> 636.64148 | T44: =((T9/365)*T$56) + (((T22 + T26 + T30)/365)*T$59) + ((T13/365)*T$60) + ((T17/365)*T$57) -> 866.49296 | U44: =((U9/365)*U$56) + (((U22 + U26 + U30)/365)*U$59) + ((U13/365)*U$60) + ((U17/365)*U$57) -> 928.13679 | V44: =((V9/365)*V$56) + (((V22 + V26 + V30)/365)*V$59) + ((V13/365)*V$60) + ((V17/365)*V$57) -> 928.13679 | ... X44: =((X9/365)*X$56) + (((X22 + X26 + X30)/365)*X$59) + ((X13/365)*X$60) + ((X17/365)*X$57) -> 928.13679 | Z44: =((Z9/365)*Z$56) + (((Z22 + Z26 + Z30)/365)*Z$59) + ((Z13/365)*Z$60) + ((Z17/365)*Z$57) -> 0 | AA44: =((AA9/365)*AA$56) + (((AA22 + AA26 + AA30)/365)*AA$59) + ((AA13/365)*AA$60) + ((AA17/365)*AA$57) -> 0 | AB44: =((AB9/365)*AB$56) + (((AB22 + AB26 + AB30)/365)*AB$59) + ((AB13/365)*AB$60) + ((AB17/365)*AB$57) -> 0 | AC44: =((AC9/365)*AC$56) + (((AC22 + AC26 + AC30)/365)*AC$59) + ((AC13/365)*AC$60) + ((AC17/365)*AC$57) -> 117.33661 | AD44: =((AD9/365)*AD$56) + (((AD22 + AD26 + AD30)/365)*AD$59) + ((AD13/365)*AD$60) + ((AD17/365)*AD$57) -> 585.56555 | AE44: =((AE9/365)*AE$56) + (((AE22 + AE26 + AE30)/365)*AE$59) + ((AE13/365)*AE$60) + ((AE17/365)*AE$57) -> 1190.168 | AF44: =((AF9/365)*AF$56) + (((AF22 + AF26 + AF30)/365)*AF$59) + ((AF13/365)*AF$60) + ((AF17/365)*AF$57) -> 1283.3187 | AG44: =((AG9/365)*AG$56) + (((AG22 + AG26 + AG30)/365)*AG$59) + ((AG13/365)*AG$60) + ((AG17/365)*AG$57) -> 1283.3187 | ... AI44: =((AI9/365)*AI$56) + (((AI22 + AI26 + AI30)/365)*AI$59) + ((AI13/365)*AI$60) + ((AI17/365)*AI$57) -> 1283.3187 | AK44: =((AK9/365)*AK$56) + (((AK22 + AK26 + AK30)/365)*AK$59) + ((AK13/365)*AK$60) + ((AK17/365)*AK$57) -> 0 | AL44: =((AL9/365)*AL$56) + (((AL22 + AL26 + AL30)/365)*AL$59) + ((AL13/365)*AL$60) + ((AL17/365)*AL$57) -> 0 | AM44: =((AM9/365)*AM$56) + (((AM22 + AM26 + AM30)/365)*AM$59) + ((AM13/365)*AM$60) + ((AM17/365)*AM$57) -> 0 | AN44: =((AN9/365)*AN$56) + (((AN22 + AN26 + AN30)/365)*AN$59) + ((AN13/365)*AN$60) + ((AN17/365)*AN$57) -> 0.11506849 | AO44: =((AO9/365)*AO$56) + (((AO22 + AO26 + AO30)/365)*AO$59) + ((AO13/365)*AO$60) + ((AO17/365)*AO$57) -> 0.54794521 | AP44: =((AP9/365)*AP$56) + (((AP22 + AP26 + AP30)/365)*AP$59) + ((AP13/365)*AP$60) + ((AP17/365)*AP$57) -> 0.82191781 | AQ44: =((AQ9/365)*AQ$56) + (((AQ22 + AQ26 + AQ30)/365)*AQ$59) + ((AQ13/365)*AQ$60) + ((AQ17/365)*AQ$57) -> 1.2328767 | AR44: =((AR9/365)*AR$56) + (((AR22 + AR26 + AR30)/365)*AR$59) + ((AR13/365)*AR$60) + ((AR17/365)*AR$57) -> 1.8493151 | ... AT44: =((AT9/365)*AT$56) + (((AT22 + AT26 + AT30)/365)*AT$59) + ((AT13/365)*AT$60) + ((AT17/365)*AT$57) -> 2.9126712 | AV44: =((AV9/365)*AV$56) + (((AV22 + AV26 + AV30)/365)*AV$59) + ((AV13/365)*AV$60) + ((AV17/365)*AV$57) -> 0 | AW44: =((AW9/365)*AW$56) + (((AW22 + AW26 + AW30)/365)*AW$59) + ((AW13/365)*AW$60) + ((AW17/365)*AW$57) -> 0 | AX44: =((AX9/365)*AX$56) + (((AX22 + AX26 + AX30)/365)*AX$59) + ((AX13/365)*AX$60) + ((AX17/365)*AX$57) -> 0 | AY44: =((AY9/365)*AY$56) + (((AY22 + AY26 + AY30)/365)*AY$59) + ((AY13/365)*AY$60) + ((AY17/365)*AY$57) -> 0 | AZ44: =((AZ9/365)*AZ$56) + (((AZ22 + AZ26 + AZ30)/365)*AZ$59) + ((AZ13/365)*AZ$60) + ((AZ17/365)*AZ$57) -> 0 | BA44: =((BA9/365)*BA$56) + (((BA22 + BA26 + BA30)/365)*BA$59) + ((BA13/365)*BA$60) + ((BA17/365)*BA$57) -> 16.438356 | BB44: =((BB9/365)*BB$56) + (((BB22 + BB26 + BB30)/365)*BB$59) + ((BB13/365)*BB$60) + ((BB17/365)*BB$57) -> 47.260274 | BC44: =((BC9/365)*BC$56) + (((BC22 + BC26 + BC30)/365)*BC$59) + ((BC13/365)*BC$60) + ((BC17/365)*BC$57) -> 71.917808 | ... BE44: =((BE9/365)*BE$56) + (((BE22 + BE26 + BE30)/365)*BE$59) + ((BE13/365)*BE$60) + ((BE17/365)*BE$57) -> 88.458904 | BG44: =(BG38/365) * BG$60 -> 0 | BH44: =(BH38/365) * BH$60 -> 0 | BI44: =(BI38/365) * BI$60 -> 0 | BJ44: =(BJ38/365) * BJ$60 -> 0 | BK44: =(BK38/365) * BK$60 -> 0 | BL44: =(BL38/365) * BL$60 -> 0 | BM44: =(BM38/365) * BM$60 -> 0 | BN44: =(BN38/365) * BN$60 -> 0 | ... BP44: =(BP38/365) * BP$60 -> 0 | BR44: =(BR38/365) * BR$60 -> 0 | BS44: =(BS38/365) * BS$60 -> 0 | BT44: =(BT38/365) * BT$60 -> 0 | BU44: =(BU38/365) * BU$60 -> 0 | BV44: =(BV38/365) * BV$60 -> 0 | BW44: =(BW38/365) * BW$60 -> 0 | BX44: =(BX38/365) * BX$60 -> 0 | BY44: =(BY38/365) * BY$60 -> 0 | ... CA44: =(CA38/365) * CA$60 -> 0 | CC44: =(CC38/365) * CC$60 -> 0 | CD44: =(CD38/365) * CD$60 -> 0 | CE44: =(CE38/365) * CE$60 -> 0 | CF44: =(CF38/365) * CF$60 -> 0 | CG44: =(CG38/365) * CG$60 -> 0 | CH44: =(CH38/365) * CH$60 -> 0 | CI44: =(CI38/365) * CI$60 -> 0 | CJ44: =(CJ38/365) * CJ$60 -> 0 | ... CL44: =(CL38/365) * CL$60 -> 0 | CN44: =(CN38/365) * CN$60 -> 0 | CO44: =(CO38/365) * CO$60 -> 0 | CP44: =(CP38/365) * CP$60 -> 0 | CQ44: =(CQ38/365) * CQ$60 -> 0 | CR44: =(CR38/365) * CR$60 -> 0 | CS44: =(CS38/365) * CS$60 -> 0 | CT44: =(CT38/365) * CT$60 -> 0 | CU44: =(CU38/365) * CU$60 -> 0 | ... CW44: =(CW38/365) * CW$60 -> 0
